Workbook
Name completo: #REF!
Name desonerada: #REF!
Name EQUIPCOMPLETA: #REF!
Name incompleto: #REF!
Name LOTE01E02: #REF!
Name LOTE3456: #REF!
Name Origem: #REF!
Name Origem: #REF!
Name RESUMO: #REF!
Name RESUMOCOM: #REF!
Name RESUMOCOMPLETO: #REF!
Name TIPO: #REF!
Name TIPO: #REF!

Sheet DMTs RAS CONSIDERADOS
A2: TABELA DMT'S CONSIDERADOS PARA AS REGIÕES ADMINISTRATIVAS
A3: EM CONFORMIDADE COM AS INFORMAÇÕES TÉCNICAS - LOTES 01 A 11 DO PROCESSO 112-000264772024-61
B4: Região Administrativa | C4: Distância em quilômetro (Km)
C5: Viveiro I | D5: Viveiro II | E5: URE (Estrutural)
A6: LOTE 1 (SEI nº 155619066) | B6: Plano Piloto | C6: 11.6 | D6: 13.5 | E6: 19.1 | F6: DMT Viveiro I (155619066)
B7: Cruzeiro | C7: 13 | D7: 7.4 | E7: 11.7 | F7: DMT Viveiro II (155619066)
B8: Sudoeste/Octogonal | C8: 14.3 | D8: 8.6 | E8: 15.2 | F8: DMT URE (155619066)
B9: MÉDIA | C9: =TRUNC((AVERAGE(C6:C8)),1) -> 12.9 | D9: =TRUNC((AVERAGE(D6:D8)),1) -> 9.8 | E9: =TRUNC((AVERAGE(E6:E8)),1) -> 15.3
A10: LOTE 2 (SEI nº 155619689) | B10: Plano Piloto | C10: 18.9 | D10: 7.8 | E10: 22.5 | F10: DMT Viveiro I (155619689)
B11: S.I.A | C11: 17 | D11: 4.6 | E11: 15.7 | F11: DMT Viveiro II (155619689)
B12: MÉDIA | C12: =TRUNC((AVERAGE(C10:C11)),1) -> 17.9 | D12: =TRUNC((AVERAGE(D10:D11)),1) -> 6.2 | E12: =TRUNC((AVERAGE(E10:E11)),1) -> 19.1 | F12: DMT URE (155619689)
A13: LOTE 3 (SEI nº 155619844) | B13: São Sebastião | C13: 29 | D13: 31.5 | E13: 41.5
B14: Lago Sul | C14: 17.6 | D14: 23.1 | E14: 28.7 | F14: DMT Viveiro I (155619844)
B15: Jardim Botânico | C15: 26.5 | D15: 24.7 | E15: 33.9 | F15: DMT Viveiro II (155619844)
B16: MÉDIA | C16: =TRUNC((AVERAGE(C13:C15)),1) -> 24.3 | D16: =TRUNC((AVERAGE(D13:D15)),1) -> 26.4 | E16: =TRUNC((AVERAGE(E13:E15)),1) -> 34.7 | F16: DMT URE (155619844)
A17: LOTE 4 (SEI nº 155620119) | B17: Paranoá | C17: 32.3 | D17: 21.5 | E17: 34.5
B18: Lago Norte | C18: 26.1 | D18: 10 | E18: 24.7 | F18: DMT Viveiro I (155620119)
B19: Varjão | C19: 25.7 | D19: 9.7 | E19: 24.3 | F19: DMT Viveiro II (155620119)
B20: Itapoã | C20: 36.1 | D20: 22.7 | E20: 35.7 | F20: DMT URE (155620119)
B21: MÉDIA | C21: =TRUNC((AVERAGE(C17:C20)),1) -> 30 | D21: =TRUNC((AVERAGE(D17:D20)),1) -> 15.9 | E21: =TRUNC((AVERAGE(E17:E20)),1) -> 29.8
A22: LOTE 5 (SEI nº 155621820) | B22: Sobradinho | C22: 35.3 | D22: 19.2 | E22: 32.2
B23: Planaltina | C23: 54.6 | D23: 38.5 | E23: 51.5 | F23: DMT Viveiro I (155621820)
B24: Sobradinho II | C24: 35.3 | D24: 19.3 | E24: 32.3 | F24: DMT Viveiro II (155621820)
B25: Fercal | C25: 38.9 | D25: 22.8 | E25: 35.8 | F25: DMT URE (155621820)
B26: MÉDIA | C26: =TRUNC((AVERAGE(C22:C25)),1) -> 41 | D26: =TRUNC((AVERAGE(D22:D25)),1) -> 24.9 | E26: =TRUNC((AVERAGE(E22:E25)),1) -> 37.9
A27: LOTE 6 (SEI nº 155621984) | B27: Guará | C27: 8.8 | D27: 11.3 | E27: 14.2 | F27: DMT Viveiro I (155621984)
B28: SCIA | C28: 20.3 | D28: 14.5 | E28: 2.7 | F28: DMT Viveiro II (155621984)
B29: S.I.A | C29: 11.8 | D29: 11.2 | E29: 7 | F29: DMT URE (155621984)
B30: Vicente Pires | C30: 19.6 | D30: 18.2 | E30: 8.8
B31: MÉDIA | C31: =TRUNC((AVERAGE(C27:C30)),1) -> 15.1 | D31: =TRUNC((AVERAGE(D27:D30)),1) -> 13.8 | E31: =TRUNC((AVERAGE(E27:E30)),1) -> 8.1
A32: LOTE 7 (SEI nº 155622163) | B32: Núcleo Bandeirante | C32: 2.7 | D32: 17.8 | E32: 16.1 | F32: DMT Viveiro I (155622163)
B33: Riacho Fundo I | C33: 7.7 | D33: 21 | E33: 18.4 | F33: DMT Viveiro II (155622163)
B34: Candangolândia | C34: 5.4 | D34: 15.3 | E34: 18.1 | F34: DMT URE (155622163)
B35: Park Way | C35: 9.5 | D35: 23.2 | E35: 26.1
B36: MÉDIA | C36: =TRUNC((AVERAGE(C32:C35)),1) -> 6.3 | D36: =TRUNC((AVERAGE(D32:D35)),1) -> 19.3 | E36: =TRUNC((AVERAGE(E32:E35)),1) -> 19.6
A37: LOTE 8 (SEI nº 155622354) | B37: Taguatinga | C37: 22.3 | D37: 22.5 | E37: 13.5
B38: Brazlândia | C38: 53 | D38: 47.2 | E38: 37.8 | F38: DMT Viveiro I (155622354)
B39: Ceilândia | C39: 29.6 | D39: 30.1 | E39: 20.7 | F39: DMT Viveiro II (155622354)
B40: Sol Nascente/Pôr do Sol | C40: 26.7 | D40: 31.3 | E40: 22.3 | F40: DMT URE (155622354)
B41: MÉDIA | C41: =TRUNC((AVERAGE(C37:C40)),1) -> 32.9 | D41: =TRUNC((AVERAGE(D37:D40)),1) -> 32.7 | E41: =TRUNC((AVERAGE(E37:E40)),1) -> 23.5
A42: LOTE 9 (SEI nº 155622554) | B42: Gama (Ponte Alta) | C42: 20.6 | D42: 34.3 | E42: 31.3
B43: Samambaia | C43: 20.3 | D43: 33.5 | E43: 24.7 | F43: DMT Viveiro I (155622554)
B44: Recanto das Emas | C44: 20.4 | D44: 33.6 | E44: 28.3 | F44: DMT Viveiro II (155622554)
B45: Recanto das Emas (Engenho das Lajes) | C45: 43.2 | D45: 56.4 | E45: 51.1 | F45: DMT URE (155622554)
B46: Riacho Fundo Ii | C46: 18.3 | D46: 31.5 | E46: 26.2
B47: MÉDIA | C47: =TRUNC((AVERAGE(C42:C46)),1) -> 24.5 | D47: =TRUNC((AVERAGE(D42:D46)),1) -> 37.8 | E47: =TRUNC((AVERAGE(E42:E46)),1) -> 32.3
A48: LOTE 10 (SEI nº 155622739) | B48: Gama | C48: 24.4 | D48: 38 | E48: 40.9 | F48: DMT Viveiro I (155622739)
B49: Santa Maria | C49: 21.8 | D49: 35.5 | E49: 38.4 | F49: DMT Viveiro II (155622739)
B50: Recanto das Emas (Viaduto BR 060)(Ref.: 10.12.2) | C50: 22.5 | D50: 35.8 | E50: 30.4 | F50: DMT URE (155622739)
B51: Recanto das Emas (Rotatória DF 180)(Ref.: 10.12.5) | C51: 25.9 | D51: 39.2 | E51: 33.8
B52: MÉDIA | C52: =TRUNC((AVERAGE(C48:C51)),1) -> 23.6 | D52: =TRUNC((AVERAGE(D48:D51)),1) -> 37.1 | E52: =TRUNC((AVERAGE(E48:E51)),1) -> 35.8
A53: LOTE 11 (SEI nº 155622901) | B53: Guará | C53: 8.8 | D53: 15.9 | E53: 11.5
B54: Águas Claras | C54: 11.9 | D54: 20 | E54: 11 | F54: DMT Viveiro I (155622901)
B55: Park Way | C55: 8.7 | D55: 20.3 | E55: 9.9 | F55: DMT Viveiro II (155622901)
B56: Arniqueira | C56: 9 | D56: 23.8 | E56: 13.3 | F56: DMT URE (155622901)
B57: MÉDIA | C57: =TRUNC((AVERAGE(C53:C56)),1) -> 9.6 | D57: =TRUNC((AVERAGE(D53:D56)),1) -> 20 | E57: =TRUNC((AVERAGE(E53:E56)),1) -> 11.4

Sheet MEMO COM e SEM - ALEX
B4: Estimativa Nº: | C4: =CONCATENATE('CAPA COM ALEX'!C9,"e",#REF!) -> #REF! | M4: Tabelas de Referências Data-base | N4: ='CAPA COM ALEX'!C15 -> SINAPI-09/2024
B5: Interessado: | C5: ='CAPA COM ALEX'!C12 -> 00112-000264772024-61 | N5: ='CAPA COM ALEX'!C16 -> SICRO-07/2024
B6: Objeto: | C6: contratação de empresa especializada para implantação e posterior manutenção de 35.000,00 m² (trinta e cinco mil metros quadrados) de novos canteiros e manutenção e substituição, quando necessário, de 97.310,18 m² de canteiros públicos urbanos já existentes no âmbito do Distrito Federal, incluindo os serviços de análise de solo, capina, adubação, aplicação de composto, calagem, escarificação, destorroamento, incorporação, nivelamento, plantio, transporte de mudas e composto, capina, controle fitossanitário, replantio, correção de borda de canteiro, replantio e irrigação. | N6: ='CAPA COM ALEX'!C17 -> SCO-09/2024
N7: ='CAPA COM ALEX'!C18 -> SEINFRA-028/028.1
N8: ='CAPA COM ALEX'!C19 -> ADASA: Taxa SLU 2024
B9: Local: | C9: ='CAPA COM ALEX'!C10 -> Distrito Federal
B10: Estimado por: | C10: ='CAPA COM ALEX'!C14 -> Téc. Edif. Alexsander de Oliveira Barbosa
B11: Data atualização: | C11: ='CAPA COM ALEX'!C13 -> 45607
B13: OBSERVAÇÕES
B14: 1 - | C14: Os valores unitários e os subtotais foram truncados com 4 casas decimais, já totais gerais forma truncados com 2 casas decimais.
A16: IMPLANTAÇÃO
A17: ='IMPLANT NOVOS CANT COM'!A19 -> 1.01 | B17: ='IMPLANT NOVOS CANT COM'!B19 -> Limpeza superficial
B18: CGCIT | G18: Com Desoneração | J18: DNIT | K18: Sem Desoneração | N18: DNIT
B19: SISTEMA DE CUSTOS REFERENCIAIS DE OBRAS - SICRO | G19: FIC | H19: 0.0224 | K19: FIC | L19: =H19 -> 0.0224
B20: Custo Unitário de Referência | E20: =$N$5 -> SICRO-07/2024 | H20: Produção da equipe | I20: 622.95 | J20: m² | L20: Produção da equipe | M20: =I20 -> 622.95 | N20: m²
B21: 5502985M | C21: Limpeza mecanizada da camada vegetal (substituição do Trator sobre esteiras com lâmina - 127 kW pela Retroescavadeira de pneus - capacidade da caçamba da pá-carregadeira de 0,76 m³ e da retroescavadeira de 0,29 m³ - 58 kW) | I21: Valores em reais (R$) | M21: Valores em reais (R$)
B22: A - EQUIPAMENTOS | D22: Quantidade | E22: Utilização | G22: Custo Horário | J22: Custo | K22: Custo Horário | N22: Custo
E23: Operativa | F23: Improdutiva | G23: Produtivo | H23: Improdutivo | J23: Horário Total | K23: Produtivo | L23: Improdutivo | N23: Horário Total
B24: E9526 | C24: =VLOOKUP(B24,'Custos unitarios Alex'!$A$4:$K$70,4,0) -> Retroescavadeira de pneus - capacidade da caçamba da pá-carregadeira de 0,76 m³ e da retroescavadeira de 0,29 m³ - 58 kW | D24: 1 | E24: 1 | F24: 0 | G24: =VLOOKUP(B24,'Custos unitarios Alex'!$A$4:$K$70,6,0) -> 140.4608 | H24: =VLOOKUP(B24,'Custos unitarios Alex'!$A$4:$K$70,7,0) -> 68.1514 | J24: =(D24*E24*G24)+(D24*F24*H24) -> 140.4608 | K24: =VLOOKUP(B24,'Custos unitarios Alex'!$A$4:$K$70,9,0) -> 143.7848 | L24: =VLOOKUP(B24,'Custos unitarios Alex'!$A$4:$K$70,10,0) -> 71.4754 | N24: =(D24*E24*K24)+(D24*F24*L24) -> 143.7848
H25: Custo horário total de equipamentos | J25: =J24 -> 140.4608 | L25: Custo horário total de equipamentos | N25: =N24 -> 143.7848
B26: B - MÃO DE OBRA | D26: Quantidade | E26: Unidade | F26: Custo Horário | H26: Custo Horário Total | L26: Custo Horário Total
B27: P9824 | C27: =VLOOKUP(B27,'Custos unitarios Alex'!$A$4:$K$70,4,0) -> Servente | D27: 1 | E27: h | G27: =VLOOKUP(B27,'Custos unitarios Alex'!$A$4:$K$70,8,0) -> 18.768 | J27: =D27*G27 -> 18.768 | K27: =VLOOKUP(B27,'Custos unitarios Alex'!$A$4:$K$70,11,0) -> 20.6422 | N27: =D27*K27 -> 20.6422
E28: Custo horário total de mão de obra | J28: =SUM(J27:J27) -> 18.768 | M28: - | N28: =SUM(N27:N27) -> 20.6422
E29: Custo horário total de execução | J29: =J28+J25 -> 159.2288 | N29: =N28+N25 -> 164.427
E30: Custo unitário de execução | J30: =TRUNC(J29/I20,4) -> 0.2556 | N30: =N29/I20 -> 0.26394895
H31: Custo do FIC | J31: =J30*H19 -> 0.00572544 | L31: Custo do FIC | N31: =N30*H19 -> 0.0059124565
H32: Custo do FIT | J32: - | L32: Custo do FIT | N32: -
B33: C - MATERIAL | D33: Quantidade | E33: Unidade | F33: Preço Unitário | H33: Custo Unitário | L33: Custo Unitário
E35: Custo unitário total de material | J35: =TRUNC(SUM(J34:J34),4) -> 0 | N35: =TRUNC(SUM(N34:N34),4) -> 0
B36: D - ATIVIDADES AUXILIARES | D36: Quantidade | E36: Unidade | F36: Custo Unitário | H36: Custo Unitário | L36: Custo Unitário
E37: Custo total de atividades auxiliares
H38: Subtotal | L38: Subtotal
B39: E - TEMPO FIXO | D39: Código | E39: Quantidade | F39: Unidade | G39: Custo Unitário | I39: Custo Unitário | K39: Custo Unitário | M39: Custo Unitário | O39: COM DESONERAÇÃO
E41: Custo unitário total de tempo fixo | J41: =J30+J31 -> 0.26132544 | N41: =N30+N31 -> 0.26986141
B42: F - MOMENTO DE TRANSPORTE | D42: Quantidade | E42: Unidade | F42: DMT | J42: Custo Unitário | N42: Custo Unitário
F43: LN | G43: RP | H43: P | K43: RP | L43: P
E44: Custo unitário total de transporte | J44: - | N44: -
F45: Custo unitário direto total | J45: =ROUND((J41+J35),2) -> 0.26 | N45: =ROUND((N41+N35),2) -> 0.27
O51: SEM DESONERAÇÃO
B67: Carga, manobra e descarga
B68: CGCIT | G68: Com Desoneração | J68: DNIT | K68: Sem Desoneração | N68: DNIT
B69: SISTEMA DE CUSTOS REFERENCIAIS DE OBRAS - SICRO
B70: Custo Unitário de Referência | E70: =$N$5 -> SICRO-07/2024 | H70: Produção da equipe | I70: 231.27 | J70: t | L70: Produção da equipe | M70: =I70 -> 231.27 | N70: =J70 -> t
B71: 5915456M | C71: Carga, manobra e descarga de agregados ou solos em caminhão basculante de 6 m³ - carga com carregadeira de 1,72 m³ e descarga livre (substituição da carregadeira de 1,72 m³ pela Retroescavadeira de pneus - capacidade da caçamba da pá-carregadeira de 0,76 m³ e da retroescavadeira de 0,29 m³ - 58 kW) | I71: Valores em reais (R$) | M71: Valores em reais (R$)
B72: A - EQUIPAMENTOS | D72: Quantidade | E72: Utilização | G72: Custo Horário | J72: Custo | K72: Custo Horário | N72: Custo
E73: Operativa | F73: Improdutiva | G73: Produtivo | H73: Improdutivo | J73: Horário Total | K73: Produtivo | L73: Improdutivo | N73: Horário Total
B74: E9506 | C74: =VLOOKUP(B74,'Custos unitarios Alex'!$A$4:$K$70,4,0) -> Caminhão basculante com capacidade de 6 m³ - 136 kW | D74: 4 | E74: 0.83 | F74: 0.17 | G74: =VLOOKUP(B74,'Custos unitarios Alex'!$A$4:$K$70,6,0) -> 170.4206 | H74: =VLOOKUP(B74,'Custos unitarios Alex'!$A$4:$K$70,7,0) -> 62.3473 | J74: =(D74*E74*G74)+(D74*F74*H74) -> 608.19256 | K74: =VLOOKUP(B74,'Custos unitarios Alex'!$A$4:$K$70,9,0) -> 173.3003 | L74: =VLOOKUP(B74,'Custos unitarios Alex'!$A$4:$K$70,10,0) -> 65.227 | N74: =(D74*E74*K74)+(D74*F74*L74) -> 619.71136
B75: E9526 | C75: =VLOOKUP(B75,'Custos unitarios Alex'!$A$4:$K$70,4,0) -> Retroescavadeira de pneus - capacidade da caçamba da pá-carregadeira de 0,76 m³ e da retroescavadeira de 0,29 m³ - 58 kW | D75: 1 | E75: 1 | F75: 0 | G75: =VLOOKUP(B75,'Custos unitarios Alex'!$A$4:$K$70,6,0) -> 140.4608 | H75: =VLOOKUP(B75,'Custos unitarios Alex'!$A$4:$K$70,7,0) -> 68.1514 | J75: =(D75*E75*G75)+(D75*F75*H75) -> 140.4608 | K75: =VLOOKUP(B75,'Custos unitarios Alex'!$A$4:$K$70,9,0) -> 143.7848 | L75: =VLOOKUP(B75,'Custos unitarios Alex'!$A$4:$K$70,10,0) -> 71.4754 | N75: =(D75*E75*K75)+(D75*F75*L75) -> 143.7848
H76: Custo horário total de equipamentos | J76: =SUM(J74:J75) -> 748.65336 | L76: Custo horário total de equipamentos | N76: =SUM(N74:N75) -> 763.49616
B77: B - MÃO DE OBRA | D77: Quantidade | E77: Unidade | F77: Custo Horário | H77: Custo Horário Total | L77: Custo Horário Total
E79: Custo horário total de mão de obra | J79: =SUM(J78:J78) -> 0 | M79: - | N79: =SUM(N78:N78) -> 0
E80: Custo horário total de execução | J80: =J76 -> 748.65336 | N80: =N76 -> 763.49616
E81: Custo unitário de execução | J81: =TRUNC(J80/I70,4) -> 3.2371 | N81: =N80/I70 -> 3.3013195
H82: Custo do FIC | J82: =J81*H69 -> 0 | L82: Custo do FIC | N82: =N81*L69 -> 0
H83: Custo do FIT | J83: - | L83: Custo do FIT | N83: -
B84: C - MATERIAL | D84: Quantidade | E84: Unidade | F84: Preço Unitário | H84: Custo Unitário | L84: Custo Unitário
E86: Custo unitário total de material | J86: =TRUNC(SUM(J85:J85),4) -> 0 | N86: =TRUNC(SUM(N85:N85),4) -> 0
B87: D - ATIVIDADES AUXILIARES | D87: Quantidade | E87: Unidade | F87: Custo Unitário | H87: Custo Unitário | L87: Custo Unitário
E88: Custo total de atividades auxiliares
H89: Subtotal | L89: Subtotal
B90: E - TEMPO FIXO | D90: Código | E90: Quantidade | F90: Unidade | G90: Custo Unitário | I90: Custo Unitário | K90: Custo Unitário | M90: Custo Unitário
E92: Custo unitário total de tempo fixo | J92: =J81+J82 -> 3.2371 | N92: =N81+N82 -> 3.3013195
B93: F - MOMENTO DE TRANSPORTE | D93: Quantidade | E93: Unidade | F93: DMT | J93: Custo Unitário | N93: Custo Unitário
F94: LN | G94: RP | H94: P | K94: RP | L94: P
E95: Custo unitário total de transporte | J95: - | N95: -
F96: Custo unitário direto total | J96: =ROUND((J92+J86),2) -> 3.24 | N96: =ROUND((N92+N86),2) -> 3.3
A101: ='IMPLANT NOVOS CANT COM'!A26 -> 1.02 | B101: ='IMPLANT NOVOS CANT COM'!B26 -> Transporte material decorrente da limpeza superficial
B102: CGCIT | G102: Com Desoneração | J102: DNIT | K102: Sem Desoneração | N102: DNIT
B103: SISTEMA DE CUSTOS REFERENCIAIS DE OBRAS - SICRO
B104: Custo Unitário de Referência | E104: =$N$5 -> SICRO-07/2024 | H104: Produção da equipe | I104: 224.1 | J104: tkm | L104: Produção da equipe | M104: =I104 -> 224.1 | N104: =J104 -> tkm
B105: 5914344 | C105: Transporte com caminhão basculante de 6 m³ - rodovia pavimentada | I105: Valores em reais (R$) | M105: Valores em reais (R$)
B106: A - EQUIPAMENTOS | D106: Quantidade | E106: Utilização | G106: Custo Horário | J106: Custo | K106: Custo Horário | N106: Custo
E107: Operativa | F107: Improdutiva | G107: Produtivo | H107: Improdutivo | J107: Horário Total | K107: Produtivo | L107: Improdutivo | N107: Horário Total
B108: E9506 | C108: =VLOOKUP(B108,'Custos unitarios Alex'!$A$4:$K$70,4,0) -> Caminhão basculante com capacidade de 6 m³ - 136 kW | D108: 1 | E108: 1 | F108: 0 | G108: =VLOOKUP(B108,'Custos unitarios Alex'!$A$4:$K$70,6,0) -> 170.4206 | H108: =VLOOKUP(B108,'Custos unitarios Alex'!$A$4:$K$70,7,0) -> 62.3473 | J108: =(D108*E108*G108)+(D108*F108*H108) -> 170.4206 | K108: =VLOOKUP(B108,'Custos unitarios Alex'!$A$4:$K$70,9,0) -> 173.3003 | L108: =VLOOKUP(B108,'Custos unitarios Alex'!$A$4:$K$70,10,0) -> 65.227 | N108: =(D108*E108*K108)+(D108*F108*L108) -> 173.3003
H109: Custo horário total de equipamentos | J109: =SUM(J108:J108) -> 170.4206 | L109: Custo horário total de equipamentos | N109: =SUM(N108:N108) -> 173.3003
B110: B - MÃO DE OBRA | D110: Quantidade | E110: Unidade | F110: Custo Horário | H110: Custo Horário Total | L110: Custo Horário Total
E112: Custo horário total de mão de obra | J112: =SUM(J111:J111) -> 0 | M112: - | N112: =SUM(N111:N111) -> 0
E113: Custo horário total de execução | J113: =J109 -> 170.4206 | N113: =N109 -> 173.3003
E114: Custo unitário de execução | J114: =TRUNC(J113/I104,4) -> 0.7604 | N114: =N113/I104 -> 0.77331682
H115: Custo do FIC | J115: =J114*H103 -> 0 | L115: Custo do FIC | N115: =N114*L103 -> 0
H116: Custo do FIT | J116: - | L116: Custo do FIT | N116: -
B117: C - MATERIAL | D117: Quantidade | E117: Unidade | F117: Preço Unitário | H117: Custo Unitário | L117: Custo Unitário
E119: Custo unitário total de material | J119: =TRUNC(SUM(J118:J118),4) -> 0 | N119: =TRUNC(SUM(N118:N118),4) -> 0
B120: D - ATIVIDADES AUXILIARES | D120: Quantidade | E120: Unidade | F120: Custo Unitário | H120: Custo Unitário | L120: Custo Unitário
E121: Custo total de atividades auxiliares
H122: Subtotal | L122: Subtotal
B123: E - TEMPO FIXO | D123: Código | E123: Quantidade | F123: Unidade | G123: Custo Unitário | I123: Custo Unitário | K123: Custo Unitário | M123: Custo Unitário
E125: Custo unitário total de tempo fixo | J125: =J114+J115 -> 0.7604 | N125: =N114+N115 -> 0.77331682 | O125: COM DESONERAÇÃO
B126: F - MOMENTO DE TRANSPORTE | D126: Quantidade | E126: Unidade | F126: DMT | J126: Custo Unitário | N126: Custo Unitário
F127: LN | G127: RP | H127: P | K127: RP | L127: P
E128: Custo unitário total de transporte | J128: - | N128: -
F129: Custo unitário direto total | J129: =ROUND((J125+J119),2) -> 0.76 | N129: =ROUND((N125+N119),2) -> 0.77
A132: ='IMPLANT NOVOS CANT COM'!A29 -> 1.03 | B132: ='IMPLANT NOVOS CANT COM'!B29 -> Taxa de Limpeza Urbana (SLU / ADASA)
A157: ='IMPLANT NOVOS CANT COM'!A32 -> 1.04 | B157: ='IMPLANT NOVOS CANT COM'!B32 -> Análise de solo
A210: ='IMPLANT NOVOS CANT COM'!A36 -> 1.05 | B210: ='IMPLANT NOVOS CANT COM'!B36 -> Transporte do composto
B211: CGCIT | G211: Com Desoneração | J211: DNIT | K211: Sem Desoneração | N211: DNIT
B212: SISTEMA DE CUSTOS REFERENCIAIS DE OBRAS - SICRO
B213: Custo Unitário de Referência | E213: =$N$5 -> SICRO-07/2024 | H213: Produção da equipe | I213: 224.1 | J213: tkm | L213: Produção da equipe | M213: =I213 -> 224.1 | N213: =J213 -> tkm
B214: 5914344 | C214: Transporte com caminhão basculante de 6 m³ - rodovia pavimentada | I214: Valores em reais (R$) | M214: Valores em reais (R$)
B215: A - EQUIPAMENTOS | D215: Quantidade | E215: Utilização | G215: Custo Horário | J215: Custo | K215: Custo Horário | N215: Custo
...

Sheet Custos unitarios Alex
A1: Licitação BDI SEM Desoneração Arrematante do LOTE
A2: CÓDIGO | B2: ORIGEM | C2: TIPO | D2: DESCRIÇÃO | E2: UNID. | F2: R$ Unitário Produtivo c/ Deson. | G2: R$ Unitário Improdutivo c/ Deson. | H2: R$ Unitário c/Deson. | I2: R$ Unitário Produtivo s/ Deson. | J2: R$ Unitário Improdutivo s/ Deson. | K2: R$ Unitário s/ Deson.
A3: SERVIÇO | L3: Serviço | M3: SINAPI
A4: 0 | B4: SINAPI | C4: Serviço | D4: {=IFERROR(_xlfn.IFS(AND(B4="SINAPI",C4="Serviço"),INDEX([1]planilhanull!$H$7:$K$7539,MATCH(A4,[1]planilhanull!$G$7:$G$7539,0),1),AND(B4="SICRO",C4="Serviço"),INDEX([2]Sheet1!$B$4:$D$6374,MATCH(A4,[2]Sheet1!$A$4:$A$6374,0),1)),"Item não encontrado, verifique fórmula")} -> Item não encontrado, verifique fórmula | H4: {=IFERROR(_xlfn.IFS(AND(B4="SINAPI",C4="Serviço"),INDEX([1]planilhanull!$H$7:$L$7539,MATCH(A4,[1]planilhanull!$G$7:$G$7539,0),4)),"não existe na SICRO")} -> não existe na SICRO | K4: {=IFERROR(_xlfn.IFS(AND(B4="SINAPI",C4="Serviço"),INDEX([3]sheet1!$H$7:$L$7539,MATCH(A4,[3]sheet1!$G$7:$G$7539,0),4),AND(B4="SICRO",C4="Serviço"),INDEX([2]Sheet1!$B$4:$D$6374,MATCH(A4,[2]Sheet1!$A$4:$A$6374,0),3)),"não existe na SICRO")} -> não existe na SICRO | L4: Equipamento | M4: SICRO | XED4: Insumo Comp. | XEE4: SINAPI
A5: C2235 | B5: SEINFRA | C5: Serviço | D5: REVOLVIMENTO MECANICO DE TERRA PROFUNDIDADE 20-30cm | E5: m2 | H5: 0.52 | K5: 0.56 | L5: Mão de obra | M5: SEINFRA | XED5: Insumo | XEE5: SICRO
A6: SE 39.05.0050 (/) | B6: SCO | C6: Serviço | D6: Analise laboratorial de solo de arvores.(desonerado) | E6: und | H6: 250 | L6: Insumo | M6: SCO | XED6: Composição | XEE6: MERCADO
A7: SE 40.05.0050 (/) | B7: SCO | C7: Serviço | D7: Analise laboratorial de solo de arvores. | E7: und | K7: 250 | L7: Composição | M7: ORSE | XED7: Composição Modif. | XEE7: NOVACAP
A8: 100947 | B8: SINAPI | C8: Serviço | D8: {=IFERROR(_xlfn.IFS(AND(B8="SINAPI",C8="Serviço"),INDEX([1]planilhanull!$H$7:$K$7539,MATCH(A8,[1]planilhanull!$G$7:$G$7539,0),1),AND(B8="SICRO",C8="Serviço"),INDEX([2]Sheet1!$B$4:$D$6374,MATCH(A8,[2]Sheet1!$A$4:$A$6374,0),1)),"Item não encontrado, verifique fórmula")} -> TRANSPORTE COM CAMINHÃO CARROCERIA 9T, EM VIA URBANA PAVIMENTADA, DMT ATÉ 30KM (UNIDADE: TXKM). AF_07/2020 | E8: tkm | H8: 2.18 | K8: 2.22
A9: PJ 19.05.0390 (/)M | B9: SCO | C9: Serviço | D9: Combate de formigas, com aplicacao de formicida, em encosta.(desonerado) | E9: m2 | H9: ='MEMO COM e SEM - ALEX'!C701 -> 0.26 | M9: ADASA | XED9: Equipamento | XEE9: ORSE
A10: PJ 20.05.0390 (/)M | B10: SCO | C10: Serviço | D10: Combate de formigas, com aplicacao de formicida, em encosta. | E10: m2 | K10: ='MEMO COM e SEM - ALEX'!C717 -> 0.28 | M10: PMSP
A11: C1080 | B11: SEINFRA | C11: Serviço | D11: DESPRAGUEJAMENTO DE ÁREAS GRAMADAS | E11: m2 | H11: 0.09 | K11: 0.1 | M11: SUDECAP
A12: 5914655 | B12: SICRO | C12: Serviço | D12: =VLOOKUP(A12,[4]Sheet1!$A$4:$D$6494,2,0) -> Carga, manobra e descarga de materiais diversos em caminhão carroceria de 15 t - carga e descarga manuais | E12: =VLOOKUP(A12,[4]Sheet1!$A$4:$D$6494,3,0) -> t | H12: ='MEMO COM e SEM - ALEX'!J306 -> 30.4 | K12: ='MEMO COM e SEM - ALEX'!N306 -> 31.59 | M12: ADASA
M13: PMSP
XEE14: SUDECAP
A15: EQUIPAMENTO
A16: E9526 | B16: SICRO | C16: Equipamento | D16: {=IFERROR(_xlfn.IFS(AND(B16="SINAPI",C16="Equipamento"),INDEX([1]planilhanull!$H$7:$K$7539,MATCH(A16,[1]planilhanull!$G:$G,0),1),AND(B16="SICRO",C16="Equipamento"),INDEX([5]Sheet1!$B$4:$K$533,MATCH(A16,[5]Sheet1!$A$4:$A$533,0),1)),"Item não encontrado, verifique fórmula")} -> Retroescavadeira de pneus - capacidade da caçamba da pá-carregadeira de 0,76 m³ e da retroescavadeira de 0,29 m³ - 58 kW | F16: {=_xlfn.IFS(AND(B16="SICRO",C16="Equipamento"),INDEX([5]Sheet1!$B$4:$K$533,MATCH(A16,[5]Sheet1!$A$4:$A$533,0),9))} -> 140.4608 | G16: {=_xlfn.IFS(AND(B16="SICRO",C16="Equipamento"),INDEX([5]Sheet1!$B$4:$K$533,MATCH(A16,[5]Sheet1!$A$4:$A$533,0),10))} -> 68.1514 | H16: {=IFERROR(_xlfn.IFS(AND(B16="SINAPI",C16="Equipamento"),INDEX([1]planilhanull!$H$7:$L$7539,MATCH(A16,[1]planilhanull!$G$7:$G$7539,0),4)),"-")} -> - | I16: {=_xlfn.IFS(AND(B16="SICRO",C16="Equipamento"),INDEX([6]Sheet1!$B$4:$K$533,MATCH(A16,[6]Sheet1!$A$4:$A$533,0),9))} -> 143.7848 | J16: {=_xlfn.IFS(AND(B16="SICRO",C16="Equipamento"),INDEX([6]Sheet1!$B$4:$K$533,MATCH(A16,[6]Sheet1!$A$4:$A$533,0),10))} -> 71.4754 | K16: {=IFERROR(_xlfn.IFS(AND(B16="SINAPI",C16="Equipamento"),INDEX([3]sheet1!$H$7:$L$7539,MATCH(A16,[3]sheet1!$G$7:$G$7539,0),4)),"-")} -> -
A17: E9506 | B17: SICRO | C17: Equipamento | D17: {=IFERROR(_xlfn.IFS(AND(B17="SINAPI",C17="Equipamento"),INDEX([1]planilhanull!$H$7:$K$7539,MATCH(A17,[1]planilhanull!$G:$G,0),1),AND(B17="SICRO",C17="Equipamento"),INDEX([5]Sheet1!$B$4:$K$533,MATCH(A17,[5]Sheet1!$A$4:$A$533,0),1)),"Item não encontrado, verifique fórmula")} -> Caminhão basculante com capacidade de 6 m³ - 136 kW | F17: {=_xlfn.IFS(AND(B17="SICRO",C17="Equipamento"),INDEX([5]Sheet1!$B$4:$K$533,MATCH(A17,[5]Sheet1!$A$4:$A$533,0),9))} -> 170.4206 | G17: {=_xlfn.IFS(AND(B17="SICRO",C17="Equipamento"),INDEX([5]Sheet1!$B$4:$K$533,MATCH(A17,[5]Sheet1!$A$4:$A$533,0),10))} -> 62.3473 | H17: {=IFERROR(_xlfn.IFS(AND(B17="SINAPI",C17="Equipamento"),INDEX([1]planilhanull!$H$7:$L$7539,MATCH(A17,[1]planilhanull!$G$7:$G$7539,0),4)),"-")} -> - | I17: {=_xlfn.IFS(AND(B17="SICRO",C17="Equipamento"),INDEX([6]Sheet1!$B$4:$K$533,MATCH(A17,[6]Sheet1!$A$4:$A$533,0),9))} -> 173.3003 | J17: {=_xlfn.IFS(AND(B17="SICRO",C17="Equipamento"),INDEX([6]Sheet1!$B$4:$K$533,MATCH(A17,[6]Sheet1!$A$4:$A$533,0),10))} -> 65.227 | K17: {=IFERROR(_xlfn.IFS(AND(B17="SINAPI",C17="Equipamento"),INDEX([3]sheet1!$H$7:$L$7539,MATCH(A17,[3]sheet1!$G$7:$G$7539,0),4)),"-")} -> -
A18: E9571 | B18: SICRO | C18: Equipamento | D18: {=IFERROR(_xlfn.IFS(AND(B18="SINAPI",C18="Equipamento"),INDEX([1]planilhanull!$H$7:$K$7539,MATCH(A18,[1]planilhanull!$G:$G,0),1),AND(B18="SICRO",C18="Equipamento"),INDEX([5]Sheet1!$B$4:$K$533,MATCH(A18,[5]Sheet1!$A$4:$A$533,0),1)),"Item não encontrado, verifique fórmula")} -> Caminhão tanque com capacidade de 10.000 l - 188 kW | F18: {=_xlfn.IFS(AND(B18="SICRO",C18="Equipamento"),INDEX([5]Sheet1!$B$4:$K$533,MATCH(A18,[5]Sheet1!$A$4:$A$533,0),9))} -> 313.1762 | G18: {=_xlfn.IFS(AND(B18="SICRO",C18="Equipamento"),INDEX([5]Sheet1!$B$4:$K$533,MATCH(A18,[5]Sheet1!$A$4:$A$533,0),10))} -> 75.5697 | H18: {=IFERROR(_xlfn.IFS(AND(B18="SINAPI",C18="Equipamento"),INDEX([1]planilhanull!$H$7:$L$7539,MATCH(A18,[1]planilhanull!$G$7:$G$7539,0),4)),"-")} -> - | I18: {=_xlfn.IFS(AND(B18="SICRO",C18="Equipamento"),INDEX([6]Sheet1!$B$4:$K$533,MATCH(A18,[6]Sheet1!$A$4:$A$533,0),9))} -> 316.0559 | J18: {=_xlfn.IFS(AND(B18="SICRO",C18="Equipamento"),INDEX([6]Sheet1!$B$4:$K$533,MATCH(A18,[6]Sheet1!$A$4:$A$533,0),10))} -> 78.4494 | K18: {=IFERROR(_xlfn.IFS(AND(B18="SINAPI",C18="Equipamento"),INDEX([3]sheet1!$H$7:$L$7539,MATCH(A18,[3]sheet1!$G$7:$G$7539,0),4)),"-")} -> -
A19: E9089 | B19: SICRO | C19: Equipamento | D19: {=IFERROR(_xlfn.IFS(AND(B19="SINAPI",C19="Equipamento"),INDEX([1]planilhanull!$H$7:$K$7539,MATCH(A19,[1]planilhanull!$G:$G,0),1),AND(B19="SICRO",C19="Equipamento"),INDEX([5]Sheet1!$B$4:$K$533,MATCH(A19,[5]Sheet1!$A$4:$A$533,0),1)),"Item não encontrado, verifique fórmula")} -> Roçadeira costal - 1,40 kW | F19: {=_xlfn.IFS(AND(B19="SICRO",C19="Equipamento"),INDEX([5]Sheet1!$B$4:$K$533,MATCH(A19,[5]Sheet1!$A$4:$A$533,0),9))} -> 8.9156 | G19: {=_xlfn.IFS(AND(B19="SICRO",C19="Equipamento"),INDEX([5]Sheet1!$B$4:$K$533,MATCH(A19,[5]Sheet1!$A$4:$A$533,0),10))} -> 0.486 | H19: {=IFERROR(_xlfn.IFS(AND(B19="SINAPI",C19="Equipamento"),INDEX([1]planilhanull!$H$7:$L$7539,MATCH(A19,[1]planilhanull!$G$7:$G$7539,0),4)),"-")} -> - | I19: {=_xlfn.IFS(AND(B19="SICRO",C19="Equipamento"),INDEX([6]Sheet1!$B$4:$K$533,MATCH(A19,[6]Sheet1!$A$4:$A$533,0),9))} -> 8.9156 | J19: {=_xlfn.IFS(AND(B19="SICRO",C19="Equipamento"),INDEX([6]Sheet1!$B$4:$K$533,MATCH(A19,[6]Sheet1!$A$4:$A$533,0),10))} -> 0.486 | K19: {=IFERROR(_xlfn.IFS(AND(B19="SINAPI",C19="Equipamento"),INDEX([3]sheet1!$H$7:$L$7539,MATCH(A19,[3]sheet1!$G$7:$G$7539,0),4)),"-")} -> -
A20: E9764 | B20: SICRO | C20: Equipamento | D20: {=IFERROR(_xlfn.IFS(AND(B20="SINAPI",C20="Equipamento"),INDEX([1]planilhanull!$H$7:$K$7539,MATCH(A20,[1]planilhanull!$G:$G,0),1),AND(B20="SICRO",C20="Equipamento"),INDEX([5]Sheet1!$B$4:$K$533,MATCH(A20,[5]Sheet1!$A$4:$A$533,0),1)),"Item não encontrado, verifique fórmula")} -> Grupo gerador - 7,2 kVA | F20: {=_xlfn.IFS(AND(B20="SICRO",C20="Equipamento"),INDEX([5]Sheet1!$B$4:$K$533,MATCH(A20,[5]Sheet1!$A$4:$A$533,0),9))} -> 10.5757 | G20: {=_xlfn.IFS(AND(B20="SICRO",C20="Equipamento"),INDEX([5]Sheet1!$B$4:$K$533,MATCH(A20,[5]Sheet1!$A$4:$A$533,0),10))} -> 0.4796 | H20: {=IFERROR(_xlfn.IFS(AND(B20="SINAPI",C20="Equipamento"),INDEX([1]planilhanull!$H$7:$L$7539,MATCH(A20,[1]planilhanull!$G$7:$G$7539,0),4)),"-")} -> - | I20: {=_xlfn.IFS(AND(B20="SICRO",C20="Equipamento"),INDEX([6]Sheet1!$B$4:$K$533,MATCH(A20,[6]Sheet1!$A$4:$A$533,0),9))} -> 10.5757 | J20: {=_xlfn.IFS(AND(B20="SICRO",C20="Equipamento"),INDEX([6]Sheet1!$B$4:$K$533,MATCH(A20,[6]Sheet1!$A$4:$A$533,0),10))} -> 0.4796 | K20: {=IFERROR(_xlfn.IFS(AND(B20="SINAPI",C20="Equipamento"),INDEX([3]sheet1!$H$7:$L$7539,MATCH(A20,[3]sheet1!$G$7:$G$7539,0),4)),"-")} -> -
A21: E9717 | B21: SICRO | C21: Equipamento | D21: {=IFERROR(_xlfn.IFS(AND(B21="SINAPI",C21="Equipamento"),INDEX([1]planilhanull!$H$7:$K$7539,MATCH(A21,[1]planilhanull!$G:$G,0),1),AND(B21="SICRO",C21="Equipamento"),INDEX([5]Sheet1!$B$4:$K$533,MATCH(A21,[5]Sheet1!$A$4:$A$533,0),1)),"Item não encontrado, verifique fórmula")} -> Máquina policorte - 2,20 kW | F21: {=_xlfn.IFS(AND(B21="SICRO",C21="Equipamento"),INDEX([5]Sheet1!$B$4:$K$533,MATCH(A21,[5]Sheet1!$A$4:$A$533,0),9))} -> 0.1491 | G21: {=_xlfn.IFS(AND(B21="SICRO",C21="Equipamento"),INDEX([5]Sheet1!$B$4:$K$533,MATCH(A21,[5]Sheet1!$A$4:$A$533,0),10))} -> 0.1021 | H21: {=IFERROR(_xlfn.IFS(AND(B21="SINAPI",C21="Equipamento"),INDEX([1]planilhanull!$H$7:$L$7539,MATCH(A21,[1]planilhanull!$G$7:$G$7539,0),4)),"-")} -> - | I21: {=_xlfn.IFS(AND(B21="SICRO",C21="Equipamento"),INDEX([6]Sheet1!$B$4:$K$533,MATCH(A21,[6]Sheet1!$A$4:$A$533,0),9))} -> 0.1491 | J21: {=_xlfn.IFS(AND(B21="SICRO",C21="Equipamento"),INDEX([6]Sheet1!$B$4:$K$533,MATCH(A21,[6]Sheet1!$A$4:$A$533,0),10))} -> 0.1021 | K21: {=IFERROR(_xlfn.IFS(AND(B21="SINAPI",C21="Equipamento"),INDEX([3]sheet1!$H$7:$L$7539,MATCH(A21,[3]sheet1!$G$7:$G$7539,0),4)),"-")} -> -
A22: E9753 | B22: SICRO | C22: Equipamento | D22: {=IFERROR(_xlfn.IFS(AND(B22="SINAPI",C22="Equipamento"),INDEX([1]planilhanull!$H$7:$K$7539,MATCH(A22,[1]planilhanull!$G:$G,0),1),AND(B22="SICRO",C22="Equipamento"),INDEX([5]Sheet1!$B$4:$K$533,MATCH(A22,[5]Sheet1!$A$4:$A$533,0),1)),"Item não encontrado, verifique fórmula")} -> Grupo gerador - 23 kVA | F22: {=_xlfn.IFS(AND(B22="SICRO",C22="Equipamento"),INDEX([5]Sheet1!$B$4:$K$533,MATCH(A22,[5]Sheet1!$A$4:$A$533,0),9))} -> 26.6225 | G22: {=_xlfn.IFS(AND(B22="SICRO",C22="Equipamento"),INDEX([5]Sheet1!$B$4:$K$533,MATCH(A22,[5]Sheet1!$A$4:$A$533,0),10))} -> 5.4653 | H22: {=IFERROR(_xlfn.IFS(AND(B22="SINAPI",C22="Equipamento"),INDEX([1]planilhanull!$H$7:$L$7539,MATCH(A22,[1]planilhanull!$G$7:$G$7539,0),4)),"-")} -> - | I22: {=_xlfn.IFS(AND(B22="SICRO",C22="Equipamento"),INDEX([6]Sheet1!$B$4:$K$533,MATCH(A22,[6]Sheet1!$A$4:$A$533,0),9))} -> 26.6225 | J22: {=_xlfn.IFS(AND(B22="SICRO",C22="Equipamento"),INDEX([6]Sheet1!$B$4:$K$533,MATCH(A22,[6]Sheet1!$A$4:$A$533,0),10))} -> 5.4653 | K22: {=IFERROR(_xlfn.IFS(AND(B22="SINAPI",C22="Equipamento"),INDEX([3]sheet1!$H$7:$L$7539,MATCH(A22,[3]sheet1!$G$7:$G$7539,0),4)),"-")} -> -
A23: E9547 | B23: SICRO | C23: Equipamento | D23: {=IFERROR(_xlfn.IFS(AND(B23="SINAPI",C23="Equipamento"),INDEX([1]planilhanull!$H$7:$K$7539,MATCH(A23,[1]planilhanull!$G:$G,0),1),AND(B23="SICRO",C23="Equipamento"),INDEX([5]Sheet1!$B$4:$K$533,MATCH(A23,[5]Sheet1!$A$4:$A$533,0),1)),"Item não encontrado, verifique fórmula")} -> Máquina de solda elétrica transformadora 250 A - 9,20 kW | F23: {=_xlfn.IFS(AND(B23="SICRO",C23="Equipamento"),INDEX([5]Sheet1!$B$4:$K$533,MATCH(A23,[5]Sheet1!$A$4:$A$533,0),9))} -> 0.2443 | G23: {=_xlfn.IFS(AND(B23="SICRO",C23="Equipamento"),INDEX([5]Sheet1!$B$4:$K$533,MATCH(A23,[5]Sheet1!$A$4:$A$533,0),10))} -> 0.1348 | H23: {=IFERROR(_xlfn.IFS(AND(B23="SINAPI",C23="Equipamento"),INDEX([1]planilhanull!$H$7:$L$7539,MATCH(A23,[1]planilhanull!$G$7:$G$7539,0),4)),"-")} -> - | I23: {=_xlfn.IFS(AND(B23="SICRO",C23="Equipamento"),INDEX([6]Sheet1!$B$4:$K$533,MATCH(A23,[6]Sheet1!$A$4:$A$533,0),9))} -> 0.2443 | J23: {=_xlfn.IFS(AND(B23="SICRO",C23="Equipamento"),INDEX([6]Sheet1!$B$4:$K$533,MATCH(A23,[6]Sheet1!$A$4:$A$533,0),10))} -> 0.1348 | K23: {=IFERROR(_xlfn.IFS(AND(B23="SINAPI",C23="Equipamento"),INDEX([3]sheet1!$H$7:$L$7539,MATCH(A23,[3]sheet1!$G$7:$G$7539,0),4)),"-")} -> -
A24: E9680 | B24: SICRO | C24: Equipamento | D24: {=IFERROR(_xlfn.IFS(AND(B24="SINAPI",C24="Equipamento"),INDEX([1]planilhanull!$H$7:$K$7539,MATCH(A24,[1]planilhanull!$G:$G,0),1),AND(B24="SICRO",C24="Equipamento"),INDEX([5]Sheet1!$B$4:$K$533,MATCH(A24,[5]Sheet1!$A$4:$A$533,0),1)),"Item não encontrado, verifique fórmula")} -> Caminhão tanque com capacidade de 13.000 l - 188 kW | F24: {=_xlfn.IFS(AND(B24="SICRO",C24="Equipamento"),INDEX([5]Sheet1!$B$4:$K$533,MATCH(A24,[5]Sheet1!$A$4:$A$533,0),9))} -> 315.6801 | G24: {=_xlfn.IFS(AND(B24="SICRO",C24="Equipamento"),INDEX([5]Sheet1!$B$4:$K$533,MATCH(A24,[5]Sheet1!$A$4:$A$533,0),10))} -> 76.9668 | H24: {=IFERROR(_xlfn.IFS(AND(B24="SINAPI",C24="Equipamento"),INDEX([1]planilhanull!$H$7:$L$7539,MATCH(A24,[1]planilhanull!$G$7:$G$7539,0),4)),"-")} -> - | I24: {=_xlfn.IFS(AND(B24="SICRO",C24="Equipamento"),INDEX([6]Sheet1!$B$4:$K$533,MATCH(A24,[6]Sheet1!$A$4:$A$533,0),9))} -> 318.5598 | J24: {=_xlfn.IFS(AND(B24="SICRO",C24="Equipamento"),INDEX([6]Sheet1!$B$4:$K$533,MATCH(A24,[6]Sheet1!$A$4:$A$533,0),10))} -> 79.8465 | K24: {=IFERROR(_xlfn.IFS(AND(B24="SINAPI",C24="Equipamento"),INDEX([3]sheet1!$H$7:$L$7539,MATCH(A24,[3]sheet1!$G$7:$G$7539,0),4)),"-")} -> -
A25: E9093 | B25: SICRO | C25: Equipamento | D25: {=IFERROR(_xlfn.IFS(AND(B25="SINAPI",C25="Equipamento"),INDEX([1]planilhanull!$H$7:$K$7539,MATCH(A25,[1]planilhanull!$G:$G,0),1),AND(B25="SICRO",C25="Equipamento"),INDEX([5]Sheet1!$B$4:$K$533,MATCH(A25,[5]Sheet1!$A$4:$A$533,0),1)),"Item não encontrado, verifique fórmula")} -> Veículo leve - 53 kW (sem motorista) | F25: {=_xlfn.IFS(AND(B25="SICRO",C25="Equipamento"),INDEX([5]Sheet1!$B$4:$K$533,MATCH(A25,[5]Sheet1!$A$4:$A$533,0),9))} -> 35.2863 | G25: {=_xlfn.IFS(AND(B25="SICRO",C25="Equipamento"),INDEX([5]Sheet1!$B$4:$K$533,MATCH(A25,[5]Sheet1!$A$4:$A$533,0),10))} -> 6.0121 | H25: {=IFERROR(_xlfn.IFS(AND(B25="SINAPI",C25="Equipamento"),INDEX([1]planilhanull!$H$7:$L$7539,MATCH(A25,[1]planilhanull!$G$7:$G$7539,0),4)),"-")} -> - | I25: {=_xlfn.IFS(AND(B25="SICRO",C25="Equipamento"),INDEX([6]Sheet1!$B$4:$K$533,MATCH(A25,[6]Sheet1!$A$4:$A$533,0),9))} -> 35.2863 | J25: {=_xlfn.IFS(AND(B25="SICRO",C25="Equipamento"),INDEX([6]Sheet1!$B$4:$K$533,MATCH(A25,[6]Sheet1!$A$4:$A$533,0),10))} -> 6.0121 | K25: {=IFERROR(_xlfn.IFS(AND(B25="SINAPI",C25="Equipamento"),INDEX([3]sheet1!$H$7:$L$7539,MATCH(A25,[3]sheet1!$G$7:$G$7539,0),4)),"-")} -> -
A26: E9592 | B26: SICRO | C26: Equipamento | D26: {=IFERROR(_xlfn.IFS(AND(B26="SINAPI",C26="Equipamento"),INDEX([1]planilhanull!$H$7:$K$7539,MATCH(A26,[1]planilhanull!$G:$G,0),1),AND(B26="SICRO",C26="Equipamento"),INDEX([5]Sheet1!$B$4:$K$533,MATCH(A26,[5]Sheet1!$A$4:$A$533,0),1)),"Item não encontrado, verifique fórmula")} -> Caminhão carroceria com capacidade de 15 t - 188 kW | F26: {=_xlfn.IFS(AND(B26="SICRO",C26="Equipamento"),INDEX([5]Sheet1!$B$4:$K$533,MATCH(A26,[5]Sheet1!$A$4:$A$533,0),9))} -> 247.3369 | G26: {=_xlfn.IFS(AND(B26="SICRO",C26="Equipamento"),INDEX([5]Sheet1!$B$4:$K$533,MATCH(A26,[5]Sheet1!$A$4:$A$533,0),10))} -> 67.122 | H26: {=IFERROR(_xlfn.IFS(AND(B26="SINAPI",C26="Equipamento"),INDEX([1]planilhanull!$H$7:$L$7539,MATCH(A26,[1]planilhanull!$G$7:$G$7539,0),4)),"-")} -> - | I26: {=_xlfn.IFS(AND(B26="SICRO",C26="Equipamento"),INDEX([6]Sheet1!$B$4:$K$533,MATCH(A26,[6]Sheet1!$A$4:$A$533,0),9))} -> 250.2166 | J26: {=_xlfn.IFS(AND(B26="SICRO",C26="Equipamento"),INDEX([6]Sheet1!$B$4:$K$533,MATCH(A26,[6]Sheet1!$A$4:$A$533,0),10))} -> 70.0017 | K26: {=IFERROR(_xlfn.IFS(AND(B26="SINAPI",C26="Equipamento"),INDEX([3]sheet1!$H$7:$L$7539,MATCH(A26,[3]sheet1!$G$7:$G$7539,0),4)),"-")} -> -
A27: E9125M | B27: SICRO | C27: Equipamento | D27: ='MEMO COM e SEM - ALEX'!#REF! -> #REF! | F27: ='MEMO COM e SEM - ALEX'!#REF! -> #REF! | G27: ='MEMO COM e SEM - ALEX'!#REF! -> #REF! | H27: {=IFERROR(_xlfn.IFS(AND(B27="SINAPI",C27="Equipamento"),INDEX([1]planilhanull!$H$7:$L$7539,MATCH(A27,[1]planilhanull!$G$7:$G$7539,0),4)),"-")} -> - | I27: =F27 -> #REF! | J27: =G27 -> #REF! | K27: {=IFERROR(_xlfn.IFS(AND(B27="SINAPI",C27="Equipamento"),INDEX([3]sheet1!$H$7:$L$7539,MATCH(A27,[3]sheet1!$G$7:$G$7539,0),4)),"-")} -> -
A28: E9125 | B28: SICRO | C28: Equipamento | D28: {=IFERROR(_xlfn.IFS(AND(B28="SINAPI",C28="Equipamento"),INDEX([1]planilhanull!$H$7:$K$7539,MATCH(A28,[1]planilhanull!$G:$G,0),1),AND(B28="SICRO",C28="Equipamento"),INDEX([5]Sheet1!$B$4:$K$533,MATCH(A28,[5]Sheet1!$A$4:$A$533,0),1)),"Item não encontrado, verifique fórmula")} -> Veículo tipo van furgão com capacidade de 1,54 t - 93 kW | F28: {=_xlfn.IFS(AND(B28="SICRO",C28="Equipamento"),INDEX([5]Sheet1!$B$4:$K$533,MATCH(A28,[5]Sheet1!$A$4:$A$533,0),9))} -> 77.7115 | G28: {=_xlfn.IFS(AND(B28="SICRO",C28="Equipamento"),INDEX([5]Sheet1!$B$4:$K$533,MATCH(A28,[5]Sheet1!$A$4:$A$533,0),10))} -> 41.5537 | H28: {=IFERROR(_xlfn.IFS(AND(B28="SINAPI",C28="Equipamento"),INDEX([1]planilhanull!$H$7:$L$7539,MATCH(A28,[1]planilhanull!$G$7:$G$7539,0),4)),"-")} -> - | I28: {=_xlfn.IFS(AND(B28="SICRO",C28="Equipamento"),INDEX([6]Sheet1!$B$4:$K$533,MATCH(A28,[6]Sheet1!$A$4:$A$533,0),9))} -> 80.5993 | J28: {=_xlfn.IFS(AND(B28="SICRO",C28="Equipamento"),INDEX([6]Sheet1!$B$4:$K$533,MATCH(A28,[6]Sheet1!$A$4:$A$533,0),10))} -> 44.4415 | K28: {=IFERROR(_xlfn.IFS(AND(B28="SINAPI",C28="Equipamento"),INDEX([3]sheet1!$H$7:$L$7539,MATCH(A28,[3]sheet1!$G$7:$G$7539,0),4)),"-")} -> -
A29: E9540 | B29: SICRO | C29: Equipamento | D29: {=IFERROR(_xlfn.IFS(AND(B29="SINAPI",C29="Equipamento"),INDEX([1]planilhanull!$H$7:$K$7539,MATCH(A29,[1]planilhanull!$G:$G,0),1),AND(B29="SICRO",C29="Equipamento"),INDEX([5]Sheet1!$B$4:$K$533,MATCH(A29,[5]Sheet1!$A$4:$A$533,0),1)),"Item não encontrado, verifique fórmula")} -> Trator sobre esteiras com lâmina - 127 kW | F29: {=_xlfn.IFS(AND(B29="SICRO",C29="Equipamento"),INDEX([5]Sheet1!$B$4:$K$533,MATCH(A29,[5]Sheet1!$A$4:$A$533,0),9))} -> 313.1325 | G29: {=_xlfn.IFS(AND(B29="SICRO",C29="Equipamento"),INDEX([5]Sheet1!$B$4:$K$533,MATCH(A29,[5]Sheet1!$A$4:$A$533,0),10))} -> 123.3027 | H29: {=IFERROR(_xlfn.IFS(AND(B29="SINAPI",C29="Equipamento"),INDEX([1]planilhanull!$H$7:$L$7539,MATCH(A29,[1]planilhanull!$G$7:$G$7539,0),4)),"-")} -> - | I29: {=_xlfn.IFS(AND(B29="SICRO",C29="Equipamento"),INDEX([6]Sheet1!$B$4:$K$533,MATCH(A29,[6]Sheet1!$A$4:$A$533,0),9))} -> 316.4565 | J29: {=_xlfn.IFS(AND(B29="SICRO",C29="Equipamento"),INDEX([6]Sheet1!$B$4:$K$533,MATCH(A29,[6]Sheet1!$A$4:$A$533,0),10))} -> 126.6267 | K29: {=IFERROR(_xlfn.IFS(AND(B29="SINAPI",C29="Equipamento"),INDEX([3]sheet1!$H$7:$L$7539,MATCH(A29,[3]sheet1!$G$7:$G$7539,0),4)),"-")} -> -
A30: E9584 | B30: SICRO | C30: Equipamento | D30: {=IFERROR(_xlfn.IFS(AND(B30="SINAPI",C30="Equipamento"),INDEX([1]planilhanull!$H$7:$K$7539,MATCH(A30,[1]planilhanull!$G:$G,0),1),AND(B30="SICRO",C30="Equipamento"),INDEX([5]Sheet1!$B$4:$K$533,MATCH(A30,[5]Sheet1!$A$4:$A$533,0),1)),"Item não encontrado, verifique fórmula")} -> Carregadeira de pneus com capacidade de 1,72 m³ - 113 kW | F30: {=_xlfn.IFS(AND(B30="SICRO",C30="Equipamento"),INDEX([5]Sheet1!$B$4:$K$533,MATCH(A30,[5]Sheet1!$A$4:$A$533,0),9))} -> 192.2889 | G30: {=_xlfn.IFS(AND(B30="SICRO",C30="Equipamento"),INDEX([5]Sheet1!$B$4:$K$533,MATCH(A30,[5]Sheet1!$A$4:$A$533,0),10))} -> 92.6169 | H30: {=IFERROR(_xlfn.IFS(AND(B30="SINAPI",C30="Equipamento"),INDEX([1]planilhanull!$H$7:$L$7539,MATCH(A30,[1]planilhanull!$G$7:$G$7539,0),4)),"-")} -> - | I30: {=_xlfn.IFS(AND(B30="SICRO",C30="Equipamento"),INDEX([6]Sheet1!$B$4:$K$533,MATCH(A30,[6]Sheet1!$A$4:$A$533,0),9))} -> 195.6129 | J30: {=_xlfn.IFS(AND(B30="SICRO",C30="Equipamento"),INDEX([6]Sheet1!$B$4:$K$533,MATCH(A30,[6]Sheet1!$A$4:$A$533,0),10))} -> 95.9409 | K30: {=IFERROR(_xlfn.IFS(AND(B30="SINAPI",C30="Equipamento"),INDEX([3]sheet1!$H$7:$L$7539,MATCH(A30,[3]sheet1!$G$7:$G$7539,0),4)),"-")} -> -
A31: E9687 | B31: SICRO | C31: Equipamento | D31: {=IFERROR(_xlfn.IFS(AND(B31="SINAPI",C31="Equipamento"),INDEX([1]planilhanull!$H$7:$K$7539,MATCH(A31,[1]planilhanull!$G:$G,0),1),AND(B31="SICRO",C31="Equipamento"),INDEX([5]Sheet1!$B$4:$K$533,MATCH(A31,[5]Sheet1!$A$4:$A$533,0),1)),"Item não encontrado, verifique fórmula")} -> Caminhão carroceria com capacidade de 5 t - 115 kW | F31: {=_xlfn.IFS(AND(B31="SICRO",C31="Equipamento"),INDEX([5]Sheet1!$B$4:$K$533,MATCH(A31,[5]Sheet1!$A$4:$A$533,0),9))} -> 139.0082 | G31: {=_xlfn.IFS(AND(B31="SICRO",C31="Equipamento"),INDEX([5]Sheet1!$B$4:$K$533,MATCH(A31,[5]Sheet1!$A$4:$A$533,0),10))} -> 52.055 | H31: {=IFERROR(_xlfn.IFS(AND(B31="SINAPI",C31="Equipamento"),INDEX([1]planilhanull!$H$7:$L$7539,MATCH(A31,[1]planilhanull!$G$7:$G$7539,0),4)),"-")} -> - | I31: {=_xlfn.IFS(AND(B31="SICRO",C31="Equipamento"),INDEX([6]Sheet1!$B$4:$K$533,MATCH(A31,[6]Sheet1!$A$4:$A$533,0),9))} -> 141.8879 | J31: {=_xlfn.IFS(AND(B31="SICRO",C31="Equipamento"),INDEX([6]Sheet1!$B$4:$K$533,MATCH(A31,[6]Sheet1!$A$4:$A$533,0),10))} -> 54.9347 | K31: {=IFERROR(_xlfn.IFS(AND(B31="SINAPI",C31="Equipamento"),INDEX([3]sheet1!$H$7:$L$7539,MATCH(A31,[3]sheet1!$G$7:$G$7539,0),4)),"-")} -> -
A33: MAO DE OBRA
A34: P9824 | B34: SICRO | C34: Mão de obra | D34: {=IFERROR(_xlfn.IFS(AND(B34="SINAPI",C34="Mão de Obra"),INDEX([1]planilhanull!$H$7:$L$7539,MATCH(A34,[1]planilhanull!$G$7:$G$7539,0),1),AND(B34="SICRO",C34="Mão de Obra"),INDEX('[7]Distrito Federal'!$B$6:$G$118,MATCH(A34,'[7]Distrito Federal'!$A$6:$A$118,0),1)),"Item não encontrado, verifique fórmula")} -> Servente | E34: h | H34: {=IFERROR(_xlfn.IFS(AND(B34="SINAPI",C34="Mão de obra"),INDEX([1]planilhanull!$H$7:$L$7539,MATCH(A34,[1]planilhanull!$G$7:$G$7539,0),4),AND(B34="SICRO",C34="Mão de obra"),INDEX('[7]Distrito Federal'!$B$6:$G$118,MATCH(A34,'[7]Distrito Federal'!$A$6:$A$118,0),5)), "Item não encontrado, verificar fórmula")} -> 18.768 | K34: {=IFERROR(_xlfn.IFS(AND(B34="SINAPI",C34="Mão de obra"),INDEX([3]sheet1!$H$7:$L$7539,MATCH(A34,[3]sheet1!$G$7:$G$7539,0),4),AND(B34="SICRO",C34="Mão de obra"),INDEX('[8]Distrito Federal'!$B$6:$G$118,MATCH(A34,'[8]Distrito Federal'!$A$6:$A$118,0),5)),"Item não encontrado, verificar fórmula")} -> 20.6422
A35: P9840 | B35: SICRO | C35: Mão de obra | D35: {=IFERROR(_xlfn.IFS(AND(B35="SINAPI",C35="Mão de Obra"),INDEX([1]planilhanull!$H$7:$L$7539,MATCH(A35,[1]planilhanull!$G$7:$G$7539,0),1),AND(B35="SICRO",C35="Mão de Obra"),INDEX('[7]Distrito Federal'!$B$6:$G$118,MATCH(A35,'[7]Distrito Federal'!$A$6:$A$118,0),1)),"Item não encontrado, verifique fórmula")} -> Encarregado geral | E35: mês | H35: {=IFERROR(_xlfn.IFS(AND(B35="SINAPI",C35="Mão de obra"),INDEX([1]planilhanull!$H$7:$L$7539,MATCH(A35,[1]planilhanull!$G$7:$G$7539,0),4),AND(B35="SICRO",C35="Mão de obra"),INDEX('[7]Distrito Federal'!$B$6:$G$118,MATCH(A35,'[7]Distrito Federal'!$A$6:$A$118,0),5)), "Item não encontrado, verificar fórmula")} -> 10657.89 | K35: {=IFERROR(_xlfn.IFS(AND(B35="SINAPI",C35="Mão de obra"),INDEX([3]sheet1!$H$7:$L$7539,MATCH(A35,[3]sheet1!$G$7:$G$7539,0),4),AND(B35="SICRO",C35="Mão de obra"),INDEX('[8]Distrito Federal'!$B$6:$G$118,MATCH(A35,'[8]Distrito Federal'!$A$6:$A$118,0),5)),"Item não encontrado, verificar fórmula")} -> 12143.31
A36: P9812 | B36: SICRO | C36: Mão de obra | D36: {=IFERROR(_xlfn.IFS(AND(B36="SINAPI",C36="Mão de Obra"),INDEX([1]planilhanull!$H$7:$L$7539,MATCH(A36,[1]planilhanull!$G$7:$G$7539,0),1),AND(B36="SICRO",C36="Mão de Obra"),INDEX('[7]Distrito Federal'!$B$6:$G$118,MATCH(A36,'[7]Distrito Federal'!$A$6:$A$118,0),1)),"Item não encontrado, verifique fórmula")} -> Engenheiro | E36: mês | H36: {=IFERROR(_xlfn.IFS(AND(B36="SINAPI",C36="Mão de obra"),INDEX([1]planilhanull!$H$7:$L$7539,MATCH(A36,[1]planilhanull!$G$7:$G$7539,0),4),AND(B36="SICRO",C36="Mão de obra"),INDEX('[7]Distrito Federal'!$B$6:$G$118,MATCH(A36,'[7]Distrito Federal'!$A$6:$A$118,0),5)), "Item não encontrado, verificar fórmula")} -> 20729.573 | K36: {=IFERROR(_xlfn.IFS(AND(B36="SINAPI",C36="Mão de obra"),INDEX([3]sheet1!$H$7:$L$7539,MATCH(A36,[3]sheet1!$G$7:$G$7539,0),4),AND(B36="SICRO",C36="Mão de obra"),INDEX('[8]Distrito Federal'!$B$6:$G$118,MATCH(A36,'[8]Distrito Federal'!$A$6:$A$118,0),5)),"Item não encontrado, verificar fórmula")} -> 23751.987
A37: P9823 | B37: SICRO | C37: Mão de obra | D37: {=IFERROR(_xlfn.IFS(AND(B37="SINAPI",C37="Mão de Obra"),INDEX([1]planilhanull!$H$7:$L$7539,MATCH(A37,[1]planilhanull!$G$7:$G$7539,0),1),AND(B37="SICRO",C37="Mão de Obra"),INDEX('[7]Distrito Federal'!$B$6:$G$118,MATCH(A37,'[7]Distrito Federal'!$A$6:$A$118,0),1)),"Item não encontrado, verifique fórmula")} -> Serralheiro | E37: h | H37: {=IFERROR(_xlfn.IFS(AND(B37="SINAPI",C37="Mão de obra"),INDEX([1]planilhanull!$H$7:$L$7539,MATCH(A37,[1]planilhanull!$G$7:$G$7539,0),4),AND(B37="SICRO",C37="Mão de obra"),INDEX('[7]Distrito Federal'!$B$6:$G$118,MATCH(A37,'[7]Distrito Federal'!$A$6:$A$118,0),5)), "Item não encontrado, verificar fórmula")} -> 27.0863 | K37: {=IFERROR(_xlfn.IFS(AND(B37="SINAPI",C37="Mão de obra"),INDEX([3]sheet1!$H$7:$L$7539,MATCH(A37,[3]sheet1!$G$7:$G$7539,0),4),AND(B37="SICRO",C37="Mão de obra"),INDEX('[8]Distrito Federal'!$B$6:$G$118,MATCH(A37,'[8]Distrito Federal'!$A$6:$A$118,0),5)),"Item não encontrado, verificar fórmula")} -> 30.311
A38: P9801 | B38: SICRO | C38: Mão de obra | D38: {=IFERROR(_xlfn.IFS(AND(B38="SINAPI",C38="Mão de Obra"),INDEX([1]planilhanull!$H$7:$L$7539,MATCH(A38,[1]planilhanull!$G$7:$G$7539,0),1),AND(B38="SICRO",C38="Mão de Obra"),INDEX('[7]Distrito Federal'!$B$6:$G$118,MATCH(A38,'[7]Distrito Federal'!$A$6:$A$118,0),1)),"Item não encontrado, verifique fórmula")} -> Ajudante | E38: h | H38: {=IFERROR(_xlfn.IFS(AND(B38="SINAPI",C38="Mão de obra"),INDEX([1]planilhanull!$H$7:$L$7539,MATCH(A38,[1]planilhanull!$G$7:$G$7539,0),4),AND(B38="SICRO",C38="Mão de obra"),INDEX('[7]Distrito Federal'!$B$6:$G$118,MATCH(A38,'[7]Distrito Federal'!$A$6:$A$118,0),5)), "Item não encontrado, verificar fórmula")} -> 19.5502 | K38: {=IFERROR(_xlfn.IFS(AND(B38="SINAPI",C38="Mão de obra"),INDEX([3]sheet1!$H$7:$L$7539,MATCH(A38,[3]sheet1!$G$7:$G$7539,0),4),AND(B38="SICRO",C38="Mão de obra"),INDEX('[8]Distrito Federal'!$B$6:$G$118,MATCH(A38,'[8]Distrito Federal'!$A$6:$A$118,0),5)),"Item não encontrado, verificar fórmula")} -> 21.5373
A39: P9825 | B39: SICRO | C39: Mão de obra | D39: {=IFERROR(_xlfn.IFS(AND(B39="SINAPI",C39="Mão de Obra"),INDEX([1]planilhanull!$H$7:$L$7539,MATCH(A39,[1]planilhanull!$G$7:$G$7539,0),1),AND(B39="SICRO",C39="Mão de Obra"),INDEX('[7]Distrito Federal'!$B$6:$G$118,MATCH(A39,'[7]Distrito Federal'!$A$6:$A$118,0),1)),"Item não encontrado, verifique fórmula")} -> Soldador | E39: h | H39: {=IFERROR(_xlfn.IFS(AND(B39="SINAPI",C39="Mão de obra"),INDEX([1]planilhanull!$H$7:$L$7539,MATCH(A39,[1]planilhanull!$G$7:$G$7539,0),4),AND(B39="SICRO",C39="Mão de obra"),INDEX('[7]Distrito Federal'!$B$6:$G$118,MATCH(A39,'[7]Distrito Federal'!$A$6:$A$118,0),5)), "Item não encontrado, verificar fórmula")} -> 32.6158 | K39: {=IFERROR(_xlfn.IFS(AND(B39="SINAPI",C39="Mão de obra"),INDEX([3]sheet1!$H$7:$L$7539,MATCH(A39,[3]sheet1!$G$7:$G$7539,0),4),AND(B39="SICRO",C39="Mão de obra"),INDEX('[8]Distrito Federal'!$B$6:$G$118,MATCH(A39,'[8]Distrito Federal'!$A$6:$A$118,0),5)),"Item não encontrado, verificar fórmula")} -> 36.5825
A40: 88316 | B40: SINAPI | C40: Mão de obra | D40: {=IFERROR(_xlfn.IFS(AND(B40="SINAPI",C40="Mão de Obra"),INDEX([1]planilhanull!$H$7:$L$7539,MATCH(A40,[1]planilhanull!$G$7:$G$7539,0),1),AND(B40="SICRO",C40="Mão de Obra"),INDEX('[7]Distrito Federal'!$B$6:$G$118,MATCH(A40,'[7]Distrito Federal'!$A$6:$A$118,0),1)),"Item não encontrado, verifique fórmula")} -> SERVENTE COM ENCARGOS COMPLEMENTARES | E40: h | H40: 21.38 | K40: 23.4
A41: 88441 | B41: SINAPI | C41: Mão de obra | D41: {=IFERROR(_xlfn.IFS(AND(B41="SINAPI",C41="Mão de Obra"),INDEX([1]planilhanull!$H$7:$L$7539,MATCH(A41,[1]planilhanull!$G$7:$G$7539,0),1),AND(B41="SICRO",C41="Mão de Obra"),INDEX('[7]Distrito Federal'!$B$6:$G$118,MATCH(A41,'[7]Distrito Federal'!$A$6:$A$118,0),1)),"Item não encontrado, verifique fórmula")} -> JARDINEIRO COM ENCARGOS COMPLEMENTARES | E41: h | H41: 25.05 | K41: 27.63
A45: MATERIAL
A46: M0220 | B46: SICRO | C46: Insumo | D46: {=_xlfn.IFS(AND(B46="SINAPI",C46="Insumo"),INDEX([9]sheet1!$B$8:$E$4893,MATCH(A46,[9]sheet1!$A$8:$A$4894,0),1),AND(B46="SICRO",C46="Insumo"),INDEX([10]Sheet1!$B$4:$D$1658,MATCH(A46,[10]Sheet1!$A$4:$A$1658,0),1))} -> Adubo à base de nitrogênio, fósforo e potássio (NPK) | E46: kg | H46: {=_xlfn.IFS(AND(B46="SINAPI",C46="Insumo"),INDEX([9]sheet1!$B$8:$E$4893,MATCH(A46,[9]sheet1!$A$8:$A$4894,0),4),AND(B46="SICRO",C46="Insumo"),INDEX([10]Sheet1!$B$4:$D$1658,MATCH(A46,[10]Sheet1!$A$4:$A$1658,0),3))} -> 3.5525 | K46: =H46 -> 3.5525
A47: M0217 | B47: SICRO | C47: Insumo | D47: {=_xlfn.IFS(AND(B47="SINAPI",C47="Insumo"),INDEX([9]sheet1!$B$8:$E$4893,MATCH(A47,[9]sheet1!$A$8:$A$4894,0),1),AND(B47="SICRO",C47="Insumo"),INDEX([10]Sheet1!$B$4:$D$1658,MATCH(A47,[10]Sheet1!$A$4:$A$1658,0),1))} -> Enxofre | E47: kg | H47: {=_xlfn.IFS(AND(B47="SINAPI",C47="Insumo"),INDEX([9]sheet1!$B$8:$E$4893,MATCH(A47,[9]sheet1!$A$8:$A$4894,0),4),AND(B47="SICRO",C47="Insumo"),INDEX([10]Sheet1!$B$4:$D$1658,MATCH(A47,[10]Sheet1!$A$4:$A$1658,0),3))} -> 4.4 | K47: =H47 -> 4.4
A48: M1755 | B48: SICRO | C48: Insumo | D48: {=_xlfn.IFS(AND(B48="SINAPI",C48="Insumo"),INDEX([9]sheet1!$B$8:$E$4893,MATCH(A48,[9]sheet1!$A$8:$A$4894,0),1),AND(B48="SICRO",C48="Insumo"),INDEX([10]Sheet1!$B$4:$D$1658,MATCH(A48,[10]Sheet1!$A$4:$A$1658,0),1))} -> Pó calcário dolomítico | E48: kg | H48: {=_xlfn.IFS(AND(B48="SINAPI",C48="Insumo"),INDEX([9]sheet1!$B$8:$E$4893,MATCH(A48,[9]sheet1!$A$8:$A$4894,0),4),AND(B48="SICRO",C48="Insumo"),INDEX([10]Sheet1!$B$4:$D$1658,MATCH(A48,[10]Sheet1!$A$4:$A$1658,0),3))} -> 0.1739 | K48: =H48 -> 0.1739
A49: 38125 | B49: SINAPI | C49: Insumo | D49: {=_xlfn.IFS(AND(B49="SINAPI",C49="Insumo"),INDEX([9]sheet1!$B$8:$E$4893,MATCH(A49,[9]sheet1!$A$8:$A$4894,0),1),AND(B49="SICRO",C49="Insumo"),INDEX([10]Sheet1!$B$4:$D$1658,MATCH(A49,[10]Sheet1!$A$4:$A$1658,0),1))} -> FERTILIZANTE ORGANICO COMPOSTO, CLASSE A | E49: kg | H49: {=_xlfn.IFS(AND(B49="SINAPI",C49="Insumo"),INDEX([9]sheet1!$B$8:$E$4893,MATCH(A49,[9]sheet1!$A$8:$A$4894,0),4),AND(B49="SICRO",C49="Insumo"),INDEX([10]Sheet1!$B$4:$D$1658,MATCH(A49,[10]Sheet1!$A$4:$A$1658,0),3))} -> 1.28 | K49: =H49 -> 1.28
A50: COTAÇÃO 1 | C50: Insumo | D50: Hidrogel agrícola | E50: kg | H50: 29.99 | K50: =H50 -> 29.99
A51: M0168 | B51: SICRO | C51: Insumo | D51: {=_xlfn.IFS(AND(B51="SINAPI",C51="Insumo"),INDEX([9]sheet1!$B$8:$E$4893,MATCH(A51,[9]sheet1!$A$8:$A$4894,0),1),AND(B51="SICRO",C51="Insumo"),INDEX([10]Sheet1!$B$4:$D$1658,MATCH(A51,[10]Sheet1!$A$4:$A$1658,0),1))} -> Abraçadeira de poliamida - E = 3,6 mm e C = 200 mm | E51: unid. | H51: {=_xlfn.IFS(AND(B51="SINAPI",C51="Insumo"),INDEX([9]sheet1!$B$8:$E$4893,MATCH(A51,[9]sheet1!$A$8:$A$4894,0),4),AND(B51="SICRO",C51="Insumo"),INDEX([10]Sheet1!$B$4:$D$1658,MATCH(A51,[10]Sheet1!$A$4:$A$1658,0),3))} -> 0.2135 | K51: =H51 -> 0.2135
A52: M0169 | B52: SICRO | C52: Insumo | D52: {=_xlfn.IFS(AND(B52="SINAPI",C52="Insumo"),INDEX([9]sheet1!$B$8:$E$4893,MATCH(A52,[9]sheet1!$A$8:$A$4894,0),1),AND(B52="SICRO",C52="Insumo"),INDEX([10]Sheet1!$B$4:$D$1658,MATCH(A52,[10]Sheet1!$A$4:$A$1658,0),1))} -> Roda em aço e pneu com câmara de ar 83/203 mm (3,25"/8") para carrinho de mão | E52: unid. | H52: {=_xlfn.IFS(AND(B52="SINAPI",C52="Insumo"),INDEX([9]sheet1!$B$8:$E$4893,MATCH(A52,[9]sheet1!$A$8:$A$4894,0),4),AND(B52="SICRO",C52="Insumo"),INDEX([10]Sheet1!$B$4:$D$1658,MATCH(A52,[10]Sheet1!$A$4:$A$1658,0),3))} -> 68 | K52: =H52 -> 68
A53: M0167 | B53: SICRO | C53: Insumo | D53: {=_xlfn.IFS(AND(B53="SINAPI",C53="Insumo"),INDEX([9]sheet1!$B$8:$E$4893,MATCH(A53,[9]sheet1!$A$8:$A$4894,0),1),AND(B53="SICRO",C53="Insumo"),INDEX([10]Sheet1!$B$4:$D$1658,MATCH(A53,[10]Sheet1!$A$4:$A$1658,0),1))} -> Tela de poliamida industrial - E = 0,40 mm e malha de 1,6 mm | E53: m2 | H53: {=_xlfn.IFS(AND(B53="SINAPI",C53="Insumo"),INDEX([9]sheet1!$B$8:$E$4893,MATCH(A53,[9]sheet1!$A$8:$A$4894,0),4),AND(B53="SICRO",C53="Insumo"),INDEX([10]Sheet1!$B$4:$D$1658,MATCH(A53,[10]Sheet1!$A$4:$A$1658,0),3))} -> 14.8348 | K53: =H53 -> 14.8348
A54: M0164 | B54: SICRO | C54: Insumo | D54: {=_xlfn.IFS(AND(B54="SINAPI",C54="Insumo"),INDEX([9]sheet1!$B$8:$E$4893,MATCH(A54,[9]sheet1!$A$8:$A$4894,0),1),AND(B54="SICRO",C54="Insumo"),INDEX([10]Sheet1!$B$4:$D$1658,MATCH(A54,[10]Sheet1!$A$4:$A$1658,0),1))} -> Tubo em aço galvanizado - E = 1,50 mm e seção de 20 x 20 mm | E54: m | H54: {=_xlfn.IFS(AND(B54="SINAPI",C54="Insumo"),INDEX([9]sheet1!$B$8:$E$4893,MATCH(A54,[9]sheet1!$A$8:$A$4894,0),4),AND(B54="SICRO",C54="Insumo"),INDEX([10]Sheet1!$B$4:$D$1658,MATCH(A54,[10]Sheet1!$A$4:$A$1658,0),3))} -> 12.4976 | K54: =H54 -> 12.4976
A55: M0166 | B55: SICRO | C55: Insumo | D55: {=_xlfn.IFS(AND(B55="SINAPI",C55="Insumo"),INDEX([9]sheet1!$B$8:$E$4893,MATCH(A55,[9]sheet1!$A$8:$A$4894,0),1),AND(B55="SICRO",C55="Insumo"),INDEX([10]Sheet1!$B$4:$D$1658,MATCH(A55,[10]Sheet1!$A$4:$A$1658,0),1))} -> Tubo em aço galvanizado - E = 2,25 mm e D = 20 mm (3/4") | E55: m | H55: {=_xlfn.IFS(AND(B55="SINAPI",C55="Insumo"),INDEX([9]sheet1!$B$8:$E$4893,MATCH(A55,[9]sheet1!$A$8:$A$4894,0),4),AND(B55="SICRO",C55="Insumo"),INDEX([10]Sheet1!$B$4:$D$1658,MATCH(A55,[10]Sheet1!$A$4:$A$1658,0),3))} -> 30.3416 | K55: =H55 -> 30.3416
A56: M0076 | B56: SICRO | C56: Insumo | D56: {=_xlfn.IFS(AND(B56="SINAPI",C56="Insumo"),INDEX([9]sheet1!$B$8:$E$4893,MATCH(A56,[9]sheet1!$A$8:$A$4894,0),1),AND(B56="SICRO",C56="Insumo"),INDEX([10]Sheet1!$B$4:$D$1658,MATCH(A56,[10]Sheet1!$A$4:$A$1658,0),1))} -> Disco de corte abrasivo para policorte - D = 300 mm | E56: unid. | H56: {=_xlfn.IFS(AND(B56="SINAPI",C56="Insumo"),INDEX([9]sheet1!$B$8:$E$4893,MATCH(A56,[9]sheet1!$A$8:$A$4894,0),4),AND(B56="SICRO",C56="Insumo"),INDEX([10]Sheet1!$B$4:$D$1658,MATCH(A56,[10]Sheet1!$A$4:$A$1658,0),3))} -> 15.2784 | K56: =H56 -> 15.2784
A57: M1397 | B57: SICRO | C57: Insumo | D57: {=_xlfn.IFS(AND(B57="SINAPI",C57="Insumo"),INDEX([9]sheet1!$B$8:$E$4893,MATCH(A57,[9]sheet1!$A$8:$A$4894,0),1),AND(B57="SICRO",C57="Insumo"),INDEX([10]Sheet1!$B$4:$D$1658,MATCH(A57,[10]Sheet1!$A$4:$A$1658,0),1))} -> Eletrodo revestido E60XX | E57: kg | H57: {=_xlfn.IFS(AND(B57="SINAPI",C57="Insumo"),INDEX([9]sheet1!$B$8:$E$4893,MATCH(A57,[9]sheet1!$A$8:$A$4894,0),4),AND(B57="SICRO",C57="Insumo"),INDEX([10]Sheet1!$B$4:$D$1658,MATCH(A57,[10]Sheet1!$A$4:$A$1658,0),3))} -> 34.4301 | K57: =H57 -> 34.4301
A58: 44479 | B58: SINAPI | C58: Insumo | D58: {=_xlfn.IFS(AND(B58="SINAPI",C58="Insumo"),INDEX([9]sheet1!$B$8:$E$4893,MATCH(A58,[9]sheet1!$A$8:$A$4894,0),1),AND(B58="SICRO",C58="Insumo"),INDEX([10]Sheet1!$B$4:$D$1658,MATCH(A58,[10]Sheet1!$A$4:$A$1658,0),1))} -> CALCARIO DOLOMITICO A (POSTO PEDREIRA/FORNECEDOR, SEM FRETE) | E58: kg | H58: {=_xlfn.IFS(AND(B58="SINAPI",C58="Insumo"),INDEX([9]sheet1!$B$8:$E$4893,MATCH(A58,[9]sheet1!$A$8:$A$4894,0),4),AND(B58="SICRO",C58="Insumo"),INDEX([10]Sheet1!$B$4:$D$1658,MATCH(A58,[10]Sheet1!$A$4:$A$1658,0),3))} -> 0.3 | K58: =H58 -> 0.3
A59: M0225 | B59: SICRO | C59: Insumo | D59: {=_xlfn.IFS(AND(B59="SINAPI",C59="Insumo"),INDEX([9]sheet1!$B$8:$E$4893,MATCH(A59,[9]sheet1!$A$8:$A$4894,0),1),AND(B59="SICRO",C59="Insumo"),INDEX([10]Sheet1!$B$4:$D$1658,MATCH(A59,[10]Sheet1!$A$4:$A$1658,0),1))} -> Adubo orgânico composto | E59: kg | H59: {=_xlfn.IFS(AND(B59="SINAPI",C59="Insumo"),INDEX([9]sheet1!$B$8:$E$4893,MATCH(A59,[9]sheet1!$A$8:$A$4894,0),4),AND(B59="SICRO",C59="Insumo"),INDEX([10]Sheet1!$B$4:$D$1658,MATCH(A59,[10]Sheet1!$A$4:$A$1658,0),3))} -> 0.2665 | K59: =H59 -> 0.2665
A60: 360 | B60: SINAPI | C60: Insumo | D60: {=_xlfn.IFS(AND(B60="SINAPI",C60="Insumo"),INDEX([9]sheet1!$B$8:$E$4893,MATCH(A60,[9]sheet1!$A$8:$A$4894,0),1),AND(B60="SICRO",C60="Insumo"),INDEX([10]Sheet1!$B$4:$D$1658,MATCH(A60,[10]Sheet1!$A$4:$A$1658,0),1))} -> MUDA DE RASTEIRA/FORRACAO, AMENDOIM RASTEIRO/ONZE HORAS/AZULZINHA/IMPATIENS OU EQUIVALENTE DA REGIAO | E60: und | H60: {=_xlfn.IFS(AND(B60="SINAPI",C60="Insumo"),INDEX([9]sheet1!$B$8:$E$4893,MATCH(A60,[9]sheet1!$A$8:$A$4894,0),4),AND(B60="SICRO",C60="Insumo"),INDEX([10]Sheet1!$B$4:$D$1658,MATCH(A60,[10]Sheet1!$A$4:$A$1658,0),3))} -> 2.5 | K60: =H60 -> 2.5
A61: COTAÇÃO 2 | C61: Insumo | D61: Gesso agrícola ou similar (doc. SEI nº 166907342) | E61: kg | H61: 2.45 | K61: =H61 -> 2.45
A62: COTAÇÃO 3 | C62: Insumo | D62: Fósforo + nutrientes (yoorin ou similar) (doc. SEI nº 166907557) | E62: kg | H62: 5.34 | K62: =H62 -> 5.34
A63: COTAÇÃO 4 | C63: Insumo | D63: Fertilizante foliar (boro + zinco + nutrienetes) ou similar (doc. SEI nº 155347538) | E63: L | H63: 42.05 | K63: =H63 -> 42.05
A64: COTAÇÃO 5 | C64: Insumo | D64: Iscas granuladas na concentracao de 3% de metaldeido ou similar (doc. SEI nº 155347898) | E64: kg | H64: 26.79 | K64: =H64 -> 26.79
A65: COTAÇÃO 6 | C65: Insumo | D65: Azadiractina concentracao 1,2% (formulação concentrada emulsionável (CE) ou similar) (doc. SEI nº 155348192) | E65: L | H65: 36 | K65: =H65 -> 36
A66: COTAÇÃO 7 | C66: Insumo | D66: Hidroxido de cobre ou similar (doc. SEI nº 155348416) | E66: L | H66: 97.04 | K66: =H66 -> 97.04
A67: COTAÇÃO 8 | C67: Insumo | D67: Trichodermil ou similar (doc. SEI nº 155348675) | E67: L | H67: 125 | K67: =H67 -> 125
A71: COMPOSIÇÕES
A72: 5502985M | B72: SICRO | C72: Composição | D72: Limpeza mecanizada da camada vegetal (substituição do Trator sobre esteiras com lâmina - 127 kW pela Retroescavadeira de pneus - capacidade da caçamba da pá-carregadeira de 0,76 m³ e da retroescavadeira de 0,29 m³ - 58 kW) | E72: m2 | H72: ='MEMO COM e SEM - ALEX'!J45 -> 0.26 | K72: ='MEMO COM e SEM - ALEX'!N45 -> 0.27
A73: 5915456M | B73: SICRO | C73: Composição | D73: Carga, manobra e descarga de agregados ou solos em caminhão basculante de 6 m³ - carga com carregadeira de 1,72 m³ e descarga livre (substituição da carregadeira de 1,72 m³ pela Retroescavadeira de pneus - capacidade da caçamba da pá-carregadeira de 0,76 m³ e da retroescavadeira de 0,29 m³ - 58 kW) | E73: t | H73: ='MEMO COM e SEM - ALEX'!J96 -> 3.24 | K73: ='MEMO COM e SEM - ALEX'!N96 -> 3.3
A74: 5914344 | B74: SICRO | C74: Composição | D74: Transporte com caminhão basculante de 6 m³ - rodovia pavimentada | E74: tkm | H74: ='MEMO COM e SEM - ALEX'!J129 -> 0.76 | K74: ='MEMO COM e SEM - ALEX'!N129 -> 0.77
A75: Taxa SLU | B75: ADASA | D75: Taxa SLU - Adasa - (URE) | E75: t | H75: 22.75 | K75: 22.75
A76: 4413022M1 | B76: SICRO | C76: Composição | D76: Adubação manual de cobertura em areas de semeadura via seca ou de hidrossemeadura (somente adubação com NPK) | E76: m2 | H76: ='MEMO COM e SEM - ALEX'!J276 -> 0.55 | K76: ='MEMO COM e SEM - ALEX'!N276 -> 0.57
A77: 4413022M2 | B77: SICRO | C77: Composição | D77: Adubação manual de cobertura em areas de semeadura via seca ou de hidrossemeadura (somente adubação com NPK) | E77: m2 | H77: ='MEMO COM e SEM - ALEX'!J344 -> 0.27 | K77: ='MEMO COM e SEM - ALEX'!N344 -> 0.29
A78: 4413022M3 | B78: SICRO | C78: Composição | D78: Adubação manual de cobertura em areas de semeadura via seca ou de hidrossemeadura (somente adubação com adubo orgânico) | E78: m2 | H78: ='MEMO COM e SEM - ALEX'!J416 -> 0.27 | K78: ='MEMO COM e SEM - ALEX'!N416 -> 0.29
A79: 4413022M4 | B79: SICRO | C79: Composição | D79: Adubação manual de cobertura em areas de semeadura via seca ou de hidrossemeadura (somente adubação com gesso agrícola) | E79: m2 | H79: ='MEMO COM e SEM - ALEX'!J456 -> 0.68 | K79: ='MEMO COM e SEM - ALEX'!N456 -> 0.7
A80: 4413022M5 | B80: SICRO | C80: Composição | D80: Adubação manual de cobertura em areas de semeadura via seca ou de hidrossemeadura (somente adubação com fósforo + nutrientes - yoorin ou similar) | E80: m2 | H80: ='MEMO COM e SEM - ALEX'!J493 -> 0.73 | K80: ='MEMO COM e SEM - ALEX'!N493 -> 0.75
A81: 4413987 | B81: SICRO | C81: Composição | D81: Irrigação de área plantada para proteção vegetal do corpo estradal (Caminão toco 10.000 l) | E81: m2 | H81: ='MEMO COM e SEM - ALEX'!J1663 -> 0.03 | K81: ='MEMO COM e SEM - ALEX'!N1663 -> 0.03
A82: 4413987M | B82: SICRO | C82: Composição | D82: Irrigação de área plantada para proteção vegetal do corpo estradal (Caminão truck 13.000 l) | E82: m2 | H82: ='MEMO COM e SEM - ALEX'!J1696 -> 0.02 | K82: ='MEMO COM e SEM - ALEX'!N1696 -> 0.02
A83: PJ 19.05.0600M (/) | B83: SCO | C83: Serviço | D83: Nivelamento e compactação de áreas ensaibradas (exclusive: compactação)(desonerado) | E83: m2 | H83: ='MEMO COM e SEM - ALEX'!C547 -> 0.13 | XED83: Cotação | XEE83: SEINFRA
A84: PJ 20.05.0600M (/) | B84: SCO | C84: Serviço | D84: Nivelamento e compactação de áreas ensaibradas (exclusive: compactação) | E84: m2 | K84: ='MEMO COM e SEM - ALEX'!C569 -> 0.15 | XED84: Mão de Obra | XEE84: SCO
A85: 4915776 | B85: SICRO | C85: Composição | D85: Roçada com roçadeira costal | E85: m2 | H85: ='MEMO COM e SEM - ALEX'!J965 -> 0.06 | K85: ='MEMO COM e SEM - ALEX'!N965 -> 0.07
A86: 7119788M | B86: SICRO | C86: Composição | D86: Administração local | E86: mês | H86: ='MEMO COM e SEM - ALEX'!J1734 -> 34806.77 | K86: ='MEMO COM e SEM - ALEX'!N1734 -> 39441.67
A87: 4915744 | B87: SICRO | C87: Composição | D87: Capina manual | E87: m2 | H87: ='MEMO COM e SEM - ALEX'!J802 -> 0.64 | K87: ='MEMO COM e SEM - ALEX'!N802 -> 0.7
A88: 98505M | B88: SINAPI | C88: Composição | D88: Plantio de forração. AF_07/2024 | E88: m2 | H88: ='MEMO COM e SEM - ALEX'!G615 -> 6.68 | K88: ='MEMO COM e SEM - ALEX'!I615 -> 7.32
A89: 98505M1 | B89: SINAPI | C89: Composição | D89: Plantio de forração. AF_07/2024 (replantio) | E89: m2 | H89: ='MEMO COM e SEM - ALEX'!G660 -> 6.68 | K89: ='MEMO COM e SEM - ALEX'!I660 -> 7.32
A90: 5915476 | B90: SICRO | C90: Composição | D90: Carga, manobra e descarga de agregados ou solos em caminhão basculante de 6 m³ - carga manual e descarga livre | E90: t | H90: ='MEMO COM e SEM - ALEX'!J1158 -> 25.88 | K90: ='MEMO COM e SEM - ALEX'!N1158 -> 26.97
A91: ='MEMO COM e SEM - ALEX'!B351 -> 4413022M6 | B91: SICRO | C91: Composição | D91: Adubação manual de cobertura em areas de semeadura via seca ou de hidrossemeadura (somente adubação com Pó Calcáreo Dolomítico) | E91: m2 | H91: ='MEMO COM e SEM - ALEX'!J379 -> 0.25 | K91: ='MEMO COM e SEM - ALEX'!N379 -> 0.27

Sheet CAPA COM ALEX
B5: CAPA DA PLANILHA ESTIMATIVA
B7: INTERESSADO: | C7: Departamento de Parques e Jardins - DPJ/DU/NOVACAP
B8: OBJETO: | C8: Contratação de empresa especializada para implantação e posterior manutenção de 35.000,00 m² (trinta e cinco mil metros quadrados) de novos canteiros e manutenção e substituição, quando necessário, de 97.310,18 m² de canteiros públicos urbanos já existentes no âmbito do Distrito Federal, incluindo os serviços de análise de solo, capina, adubação, aplicação de composto, calagem, escarificação, destorroamento, incorporação, nivelamento, plantio, transporte de mudas e composto, capina, controle fitossanitário, replantio, correção de borda de canteiro, replantio e irrigação.
B9: ESTIMATIVA: | C9: DPJ 008/2024
B10: LOCAL: | C10: Distrito Federal
B11: PRAZO (Dias Corridos): | C11: 360 (trezentos e sessenta) dias corridos
B12: PROCESSO SEI-GDF Nº: | C12: 00112-000264772024-61
B13: DATA: | C13: 45607
B14: ORÇAMENTISTA(S): | C14: Téc. Edif. Alexsander de Oliveira Barbosa
B15: TABELAS REFERÊNCIA: | C15: SINAPI-09/2024
C16: SICRO-07/2024
C17: SCO-09/2024
C18: SEINFRA-028/028.1
C19: ADASA: Taxa SLU 2024
B20: ENCARGOS SOCIAIS: | C20: COM DESONERAÇÃO
B21: BDI de SERVIÇOS: | C21: 0.3158
C22: Conforme Instrução Normativa nº 283/2023-NOVACAP/PRES
B23: OBS: | C23: Estimativa de preços elaborada com base no Estudo Técnico Preliminar NOVACAP/PRES/DU/DPJ (SEI nº 155817930)
B25: Lotes | E25: Valor Total com BDI
B26: Lote 01 ............................................................................................................................................................................................................................. | E26: ='RESUMO COM'!B16 -> 5207473.2
B27: Lote 02 .............................................................................................................................................................................. | E27: ='RESUMO COM'!C16 -> 2686215.3
B28: Lote 03 .................................................................................................................................................................................... | E28: ='RESUMO COM'!D16 -> 3008437.2
B29: Lote 04 .............................................................................................................................................................................. | E29: ='RESUMO COM'!E16 -> 2190909.5
B30: Lote 05 .................................................................................................................................................................................... | E30: ='RESUMO COM'!F16 -> 1278907.8
B31: Lote 06 .............................................................................................................................................................................. | E31: ='RESUMO COM'!G16 -> 1438362.4
B32: Lote 07 .............................................................................................................................................................................. | E32: ='RESUMO COM'!H16 -> 1144562.2
B33: Lote 08 .............................................................................................................................................................................. | E33: ='RESUMO COM'!I16 -> 1198242.9
B34: Lote 09 .............................................................................................................................................................................. | E34: ='RESUMO COM'!J16 -> 1167195.8
B35: Lote 10 .............................................................................................................................................................................. | E35: ='RESUMO COM'!K16 -> 873629.5
B36: Lote 11 .............................................................................................................................................................................. | E36: ='RESUMO COM'!L16 -> 1157041.7
B37: Total Anual ............................................................................................................................................................................... | E37: =SUM(E26:E36) -> 21350977
B39: NOTAS:
B40: Esta planilha é apenas orientativa, sendo de inteira responsabilidade do contratado as quantidades e valores necessários a completa execução dos serviços.
B41: Havendo irregularidades neste instrumento, entre em contato com a Ouvidoria de Combate a Corrupção, no telefone 0800-6449060

Sheet RESUMO COM
A2: Nº da estimativa: | B2: ='CAPA COM ALEX'!C9 -> DPJ 008/2024 | L2: Data: | M2: ='CAPA COM ALEX'!C13 -> 45607
A3: Interessado: | B3: ='CAPA COM ALEX'!C7 -> Departamento de Parques e Jardins - DPJ/DU/NOVACAP | L3: B.D.I. | M3: ='CAPA COM ALEX'!C21 -> 0.3158
A4: Processo: | B4: ='CAPA COM ALEX'!C12 -> 00112-000264772024-61 | L4: Encargos: | M4: ='CAPA COM ALEX'!C20 -> COM DESONERAÇÃO
A5: Objeto: | B5: Contratação de empresa especializada para implantação e posterior manutenção de 35.000,00 m² (trinta e cinco mil metros quadrados) de novos canteiros e manutenção e substituição, quando necessário, de 97.310,18 m² de canteiros públicos urbanos já existentes no âmbito do Distrito Federal, incluindo os serviços de análise de solo, capina, adubação, aplicação de composto, calagem, escarificação, destorroamento, incorporação, nivelamento, plantio, transporte de mudas e composto, capina, controle fitossanitário, replantio, correção de borda de canteiro, replantio e irrigação.
A6: Locais: | B6: Distrito Federal
A8: TABELA RESUMO REFERENCIAL TOTAIS ATIVIDADES LOTES 01 A 11
B9: LOTE 01 | C9: LOTE 02 | D9: LOTE 03 | E9: LOTE 04 | F9: LOTE 05 | G9: LOTE 06 | H9: LOTE 07 | I9: LOTE 08 | J9: LOTE 09 | K9: LOTE 10 | L9: LOTE 11 | M9: TOTAL ATIVIDADE
A10: IMPLANTAÇÃO | B10: ='IMPLANT NOVOS CANT COM'!I721 -> 82095.78 | C10: ='IMPLANT NOVOS CANT COM'!I722 -> 33032.85 | D10: ='IMPLANT NOVOS CANT COM'!I723 -> 114803.55 | E10: ='IMPLANT NOVOS CANT COM'!I724 -> 143605.89 | F10: ='IMPLANT NOVOS CANT COM'!I725 -> 192505.89 | G10: ='IMPLANT NOVOS CANT COM'!I726 -> 97139.75 | H10: ='IMPLANT NOVOS CANT COM'!I727 -> 122280.25 | I10: ='IMPLANT NOVOS CANT COM'!I728 -> 149913.39 | J10: ='IMPLANT NOVOS CANT COM'!I729 -> 158231.66 | K10: ='IMPLANT NOVOS CANT COM'!I730 -> 79985.19 | L10: ='IMPLANT NOVOS CANT COM'!I731 -> 101400.52 | M10: =SUM(B10:L10) -> 1274994.7
A11: MANUTENÇÃO | B11: ='MANUTENÇÃO TOTAL COM'!I369 -> 1394344.8 | C11: ='MANUTENÇÃO TOTAL COM'!I370 -> 641383.39 | D11: ='MANUTENÇÃO TOTAL COM'!I371 -> 640698.56 | E11: ='MANUTENÇÃO TOTAL COM'!I372 -> 435670.25 | F11: ='MANUTENÇÃO TOTAL COM'!I373 -> 156311.52 | G11: ='MANUTENÇÃO TOTAL COM'!I374 -> 237375.13 | H11: ='MANUTENÇÃO TOTAL COM'!I375 -> 141769.76 | I11: ='MANUTENÇÃO TOTAL COM'!I376 -> 139303 | J11: ='MANUTENÇÃO TOTAL COM'!I377 -> 124853.21 | K11: ='MANUTENÇÃO TOTAL COM'!I378 -> 62514.69 | L11: ='MANUTENÇÃO TOTAL COM'!I379 -> 151268.75 | M11: =SUM(B11:L11) -> 4125493
A12: SUBSTITUIÇÃO | B12: ='SUBSTITUICAO TOTAL COM'!I589 -> 2333003.8 | C12: ='SUBSTITUICAO TOTAL COM'!I590 -> 1029572 | D12: ='SUBSTITUICAO TOTAL COM'!I591 -> 1271234.2 | E12: ='SUBSTITUICAO TOTAL COM'!I592 -> 778392.38 | F12: ='SUBSTITUICAO TOTAL COM'!I593 -> 305155.94 | G12: ='SUBSTITUICAO TOTAL COM'!I594 -> 414736.56 | H12: ='SUBSTITUICAO TOTAL COM'!I595 -> 262397.71 | I12: ='SUBSTITUICAO TOTAL COM'!I596 -> 292284.31 | J12: ='SUBSTITUICAO TOTAL COM'!I597 -> 274246.33 | K12: ='SUBSTITUICAO TOTAL COM'!I598 -> 136392.25 | L12: ='SUBSTITUICAO TOTAL COM'!I599 -> 281732.66 | M12: =SUM(B12:L12) -> 7379148.2
A13: IRRIGAÇÃO | B13: ='IRRIGAÇÃO-TOTAL COM'!H256 -> 848443.82 | C13: ='IRRIGAÇÃO-TOTAL COM'!H257 -> 432642.03 | D13: ='IRRIGAÇÃO-TOTAL COM'!H258 -> 432115.97 | E13: ='IRRIGAÇÃO-TOTAL COM'!H259 -> 283656.06 | F13: ='IRRIGAÇÃO-TOTAL COM'!H260 -> 75349.5 | G13: ='IRRIGAÇÃO-TOTAL COM'!H261 -> 139526.01 | H13: ='IRRIGAÇÃO-TOTAL COM'!H262 -> 68529.466 | I13: ='IRRIGAÇÃO-TOTAL COM'!H263 -> 67157.201 | J13: ='IRRIGAÇÃO-TOTAL COM'!H264 -> 60279.6 | K13: ='IRRIGAÇÃO-TOTAL COM'!H265 -> 45152.4 | L13: ='IRRIGAÇÃO-TOTAL COM'!H266 -> 73054.806 | M13: =SUM(B13:L13) -> 2525906.9
A14: ADM. LOCAL | B14: ='ADMINISTRAÇÃO TOTAL COM'!I125 -> 549584.97 | C14: ='ADMINISTRAÇÃO TOTAL COM'!I126 -> 549584.97 | D14: ='ADMINISTRAÇÃO TOTAL COM'!I127 -> 549584.97 | E14: ='ADMINISTRAÇÃO TOTAL COM'!I128 -> 549584.97 | F14: ='ADMINISTRAÇÃO TOTAL COM'!I129 -> 549584.97 | G14: ='ADMINISTRAÇÃO TOTAL COM'!I130 -> 549584.97 | H14: ='ADMINISTRAÇÃO TOTAL COM'!I131 -> 549584.97 | I14: ='ADMINISTRAÇÃO TOTAL COM'!I132 -> 549584.97 | J14: ='ADMINISTRAÇÃO TOTAL COM'!I133 -> 549584.97 | K14: ='ADMINISTRAÇÃO TOTAL COM'!I134 -> 549584.97 | L14: ='ADMINISTRAÇÃO TOTAL COM'!I135 -> 549584.97 | M14: =SUM(B14:L14) -> 6045434.7
A16: SOMATÓRIO PARCIAL | B16: =SUM(B10:B14) -> 5207473.2 | C16: =SUM(C10:C14) -> 2686215.3 | D16: =SUM(D10:D14) -> 3008437.2 | E16: =SUM(E10:E14) -> 2190909.5 | F16: =SUM(F10:F14) -> 1278907.8 | G16: =SUM(G10:G14) -> 1438362.4 | H16: =SUM(H10:H14) -> 1144562.2 | I16: =SUM(I10:I14) -> 1198242.9 | ... L16: =SUM(L10:L14) -> 1157041.7
A18: TOTAL | B18: =SUM(B16:L16) -> 21350977

Sheet IMPLANT NOVOS CANT COM
Q4: IMPLANTAÇÃO | T4: TIPO EMBALAGEM | U4: Quant. Mudas | V4: Peso unit. (kg) | W4: Peso unit. (t)
A5: Nº da estimativa: | D5: ='CAPA COM ALEX'!C9 -> DPJ 008/2024 | N5: Data: | O5: ='CAPA COM ALEX'!C13 -> 45607 | Q5: LOTE 1 | T5: CAIXA 8X8 | U5: 48 | V5: 6.88 | W5: =ROUNDUP((V5/$V$10),4) -> 0.0069
A6: Interessado: | D6: ='CAPA COM ALEX'!C7 -> Departamento de Parques e Jardins - DPJ/DU/NOVACAP | N6: B.D.I.: | O6: ='CAPA COM ALEX'!C21 -> 0.3158 | Q6: AMPLA | R6: RESERVA | T6: BANDEJA 162 CELULAS | U6: 162 | V6: 6.6 | W6: =ROUNDUP((V6/$V$10),4) -> 0.0066
A7: Processo: | D7: ='CAPA COM ALEX'!C12 -> 00112-000264772024-61 | N7: Encargos: | O7: ='CAPA COM ALEX'!C20 -> COM DESONERAÇÃO
A8: Objeto: | D8: Contratação de empresa especializada para implantação e posterior manutenção de 35.000,00 m² (trinta e cinco mil metros quadrados) de novos canteiros e manutenção e substituição, quando necessário, de 97.310,18 m² de canteiros públicos urbanos já existentes no âmbito do Distrito Federal, incluindo os serviços de análise de solo, capina, adubação, aplicação de composto, calagem, escarificação, destorroamento, incorporação, nivelamento, plantio, transporte de mudas e composto, capina, controle fitossanitário, replantio, correção de borda de canteiro, replantio e irrigação. | N8: Data Base: | O8: ='CAPA COM ALEX'!C15 -> SINAPI-09/2024 | Q8: =#REF! -> #REF! | R8: =#REF! -> #REF! | T8: EMBALAGEM ATÉ 7 LITROS | U8: 1 | V8: 5.17 | W8: =ROUNDUP((V8/$V$10),4) -> 0.0052
O9: ='CAPA COM ALEX'!C16 -> SICRO-07/2024
O10: ='CAPA COM ALEX'!C17 -> SCO-09/2024 | Q10: CONSERVAÇÃO | T10: TONELADA | V10: 1000
O11: ='CAPA COM ALEX'!C18 -> SEINFRA-028/028.1 | Q11: LOTE 1
O12: ='CAPA COM ALEX'!C19 -> ADASA: Taxa SLU 2024 | Q12: AMPLA | R12: RESERVA
A13: Locais: | D13: ='CAPA COM ALEX'!C10 -> Distrito Federal | Q13: há | R13: 10000
A14: LOTE 01 | K14: ='DMTs RAS CONSIDERADOS'!F6 -> DMT Viveiro I (155619066) | M14: ='DMTs RAS CONSIDERADOS'!C9 -> 12.9 | N14: ='DMTs RAS CONSIDERADOS'!F7 -> DMT Viveiro II (155619066) | O14: ='DMTs RAS CONSIDERADOS'!D9 -> 9.8 | T14: kg/m2 | U14: t/m2 | V14: m2 caminhão toco (5824) | X14: t
A15: Locais: | B15: Plano Piloto (PP)1, Cruzeiro (CRUZ) e Sudoeste/Octogonal (SUDO). Compreende a Asa Sul, toda área Sul, a partir da Via N1. | K15: ='DMTs RAS CONSIDERADOS'!F8 -> DMT URE (155619066) | M15: ='DMTs RAS CONSIDERADOS'!E9 -> 15.3 | N15: Área canteiros | O15: 2500 | T15: 51.54 | U15: =T15/V10 -> 0.05154 | V15: 2,5 x 7 = | W15: =2.5*7 -> 17.5 | X15: =TRUNC((U15*W15),4) -> 0.9019
A16: 1.00 | B16: IMPLANTAÇÃO CANTEIROS ORNAMENTAIS | T16: metragem média canteiro | U16: 183.2
A17: Item | B17: Código | C17: Origem | D17: Descrição | E17: Unid. | F17: Frequência anual | G17: Espessura (m) | H17: DMT | I17: Coeficiente | J17: Quant. | K17: Quant. Total | L17: Custo unit. s/ BDI | M17: Custo unit. c/ BDI | N17: Custo Total s/ BDI | O17: Custo Total c/ BDI
A19: 1.01 | B19: Limpeza superficial
B20: 5502985M | C20: =VLOOKUP(B20,'Custos unitarios Alex'!$A$3:$K$92,2,0) -> SICRO | D20: =VLOOKUP(B20,'Custos unitarios Alex'!$A$3:$K$92,4,0) -> Limpeza mecanizada da camada vegetal (substituição do Trator sobre esteiras com lâmina - 127 kW pela Retroescavadeira de pneus - capacidade da caçamba da pá-carregadeira de 0,76 m³ e da retroescavadeira de 0,29 m³ - 58 kW) | E20: =VLOOKUP(B20,'Custos unitarios Alex'!$A$3:$K$92,5,0) -> m2 | F20: - | G20: 0.1 | H20: - | I20: - | J20: =TRUNC((O15),4) -> 2500 | K20: =TRUNC((G20*J20),4) -> 250 | L20: =TRUNC((VLOOKUP(B20,'Custos unitarios Alex'!$A$3:$K$92,8,0)),4) -> 0.26 | M20: =TRUNC(L20*(1+$O$6),4) -> 0.3421 | N20: =TRUNC((K20*L20),4) -> 65 | O20: =TRUNC((K20*M20),4) -> 85.525
A21: 1 | B21: O valor 0,1 se refere a espessura estiamada de 10cm (dez centímetros) (0,1 m) da camada vegetal a ser retirada conforme quesito 2 do Despacho NOVACAP/PRES/DU/DPJ/DIAVE (SEI nº 142598875)
B23: 5915456M | C23: =VLOOKUP(B23,'Custos unitarios Alex'!$A$3:$K$92,2,0) -> SICRO | D23: =VLOOKUP(B23,'Custos unitarios Alex'!$A$3:$K$92,4,0) -> Carga, manobra e descarga de agregados ou solos em caminhão basculante de 6 m³ - carga com carregadeira de 1,72 m³ e descarga livre (substituição da carregadeira de 1,72 m³ pela Retroescavadeira de pneus - capacidade da caçamba da pá-carregadeira de 0,76 m³ e da retroescavadeira de 0,29 m³ - 58 kW) | E23: =VLOOKUP(B23,'Custos unitarios Alex'!$A$3:$K$92,5,0) -> t | F23: =F20 -> - | G23: - | H23: - | I23: 1.5 | J23: =K20 -> 250 | K23: =TRUNC((I23*J23),4) -> 375 | L23: =TRUNC((VLOOKUP(B23,'Custos unitarios Alex'!$A$3:$K$92,8,0)),4) -> 3.24 | M23: =TRUNC(L23*(1+$O$6),4) -> 4.2631 | N23: =TRUNC((K23*L23),4) -> 1215 | O23: =TRUNC((K23*M23),4) -> 1598.6625
A24: 2 | B24: O valor 1,5 se refere a massa específica de 1,5 t/m3 do material de bota fora, conforme Tabela 09 - Massas específicas referenciais dos materiais mais representativos, fl.21 do Conteúdo 11, Volume 10 do Departamento Nacional de Infraestrutura de Transportes-DNIT, em acordo com o exposto no quesito 5 do Despacho NOVACAP-PRES-DU-DPJ-DIAVE (SEI nº 142598875).
A26: 1.02 | B26: Transporte material decorrente da limpeza superficial
B27: 5914344 | C27: =VLOOKUP(B27,'Custos unitarios Alex'!$A$3:$K$92,2,0) -> SICRO | D27: =VLOOKUP(B27,'Custos unitarios Alex'!$A$3:$K$92,4,0) -> Transporte com caminhão basculante de 6 m³ - rodovia pavimentada | E27: =VLOOKUP(B27,'Custos unitarios Alex'!$A$3:$K$92,5,0) -> tkm | F27: - | G27: - | H27: =M15 -> 15.3 | I27: - | J27: =K23 -> 375 | K27: =TRUNC((H27*J27),4) -> 5737.5 | L27: =TRUNC((VLOOKUP(B27,'Custos unitarios Alex'!$A$3:$K$92,8,0)),4) -> 0.76 | M27: =TRUNC(L27*(1+$O$6),4) -> 1 | N27: =TRUNC((K27*L27),4) -> 4360.5 | O27: =TRUNC((K27*M27),4) -> 5737.5
A29: 1.03 | B29: Taxa de Limpeza Urbana (SLU / ADASA)
B30: Taxa SLU | C30: =VLOOKUP(B30,'Custos unitarios Alex'!$A$3:$K$92,2,0) -> ADASA | D30: =VLOOKUP(B30,'Custos unitarios Alex'!$A$3:$K$92,4,0) -> Taxa SLU - Adasa - (URE) | E30: =VLOOKUP(B30,'Custos unitarios Alex'!$A$3:$K$92,5,0) -> t | F30: - | G30: - | H30: - | I30: - | J30: =K23 -> 375 | K30: =TRUNC((J30),4) -> 375 | L30: =TRUNC((VLOOKUP(B30,'Custos unitarios Alex'!$A$3:$K$92,8,0)),4) -> 22.75 | M30: =TRUNC(L30*(1+$O$6),4) -> 29.9344 | N30: =TRUNC((K30*L30),4) -> 8531.25 | O30: =TRUNC((K30*M30),4) -> 11225.4
A32: 1.04 | B32: Análise de solo
B33: SE 39.05.0050 (/) | C33: =VLOOKUP(B33,'Custos unitarios Alex'!$A$3:$K$92,2,0) -> SCO | D33: =VLOOKUP(B33,'Custos unitarios Alex'!$A$3:$K$92,4,0) -> Analise laboratorial de solo de arvores.(desonerado) | E33: =VLOOKUP(B33,'Custos unitarios Alex'!$A$3:$K$92,5,0) -> und | F33: - | G33: - | H33: - | I33: - | J33: =TRUNC((ROUNDUP((O15/$U$16),0)),4) -> 14 | K33: =TRUNC((J33),4) -> 14 | L33: =TRUNC((VLOOKUP(B33,'Custos unitarios Alex'!$A$3:$K$92,8,0)),4) -> 250 | M33: =TRUNC(L33*(1+$O$6),4) -> 328.95 | N33: =TRUNC((K33*L33),4) -> 3500 | O33: =TRUNC((K33*M33),4) -> 4605.3
A34: 3 | B34: O valor 14 foi estabelecido pela divisão da área total do lote pela área do canteiro médio, conforme item 6.2.2.1 do Estudo Técnico Preliminar NOVACAP-PRES-DU-DPJ (SEI nº 155817930), isto é: 2500 (m2)/183,2 (m2) = 13,64629 (ensaios). Arredondamos para cima entendendo que não seria possível aplicação de valor fracionário à quantidade de ensaios a serem executados.
A36: 1.05 | B36: Transporte do composto
B37: =B27 -> 5914344 | C37: =C27 -> SICRO | D37: =D27 -> Transporte com caminhão basculante de 6 m³ - rodovia pavimentada | E37: =VLOOKUP(B37,'Custos unitarios Alex'!$A$3:$K$92,5,0) -> tkm | F37: - | G37: - | H37: =O14 -> 9.8 | I37: - | J37: =K23 -> 375 | K37: =TRUNC((H37*J37),4) -> 3675 | L37: =L27 -> 0.76 | M37: =M27 -> 1 | N37: =TRUNC((K37*L37),4) -> 2793 | O37: =TRUNC((K37*M37),4) -> 3675
A39: 1.06 | B39: Aplicação NPK 5-25-15
B40: 4413022M1 | C40: =VLOOKUP(B40,'Custos unitarios Alex'!$A$3:$K$92,2,0) -> SICRO | D40: =VLOOKUP(B40,'Custos unitarios Alex'!$A$3:$K$92,4,0) -> Adubação manual de cobertura em areas de semeadura via seca ou de hidrossemeadura (somente adubação com NPK) | E40: =VLOOKUP(B40,'Custos unitarios Alex'!$A$3:$K$92,5,0) -> m2 | F40: - | G40: - | H40: - | I40: - | J40: =O15 -> 2500 | K40: =TRUNC((J40),4) -> 2500 | L40: =TRUNC((VLOOKUP(B40,'Custos unitarios Alex'!$A$3:$K$92,8,0)),4) -> 0.55 | M40: =TRUNC(L40*(1+$O$6),4) -> 0.7236 | N40: =TRUNC((K40*L40),4) -> 1375 | O40: =TRUNC((K40*M40),4) -> 1809
A42: 1.07 | B42: Aplicação NPK 20-00-20 (adubação química de cobertura)
B43: 4413022M2 | C43: =VLOOKUP(B43,'Custos unitarios Alex'!$A$3:$K$92,2,0) -> SICRO | D43: =VLOOKUP(B43,'Custos unitarios Alex'!$A$3:$K$92,4,0) -> Adubação manual de cobertura em areas de semeadura via seca ou de hidrossemeadura (somente adubação com NPK) | E43: =VLOOKUP(B43,'Custos unitarios Alex'!$A$3:$K$92,5,0) -> m2 | F43: - | G43: - | H43: - | I43: - | J43: =O15 -> 2500 | K43: =TRUNC((J43),4) -> 2500 | L43: =TRUNC((VLOOKUP(B43,'Custos unitarios Alex'!$A$3:$K$92,8,0)),4) -> 0.27 | M43: =TRUNC(L43*(1+$O$6),4) -> 0.3552 | N43: =TRUNC((K43*L43),4) -> 675 | O43: =TRUNC((K43*M43),4) -> 888
A45: 1.08 | B45: Aplicação pó calcáreo dolomítico
B46: 4413022M6 | C46: =VLOOKUP(B46,'Custos unitarios Alex'!$A$3:$K$92,2,0) -> SICRO | D46: =VLOOKUP(B46,'Custos unitarios Alex'!$A$3:$K$92,4,0) -> Adubação manual de cobertura em areas de semeadura via seca ou de hidrossemeadura (somente adubação com Pó Calcáreo Dolomítico) | E46: =VLOOKUP(B46,'Custos unitarios Alex'!$A$3:$K$92,5,0) -> m2 | F46: - | G46: - | H46: - | I46: - | J46: =O15 -> 2500 | K46: =TRUNC((J46),4) -> 2500 | L46: =TRUNC((VLOOKUP(B46,'Custos unitarios Alex'!$A$3:$K$92,8,0)),4) -> 0.25 | M46: =TRUNC(L46*(1+$O$6),4) -> 0.3289 | N46: =TRUNC((K46*L46),4) -> 625 | O46: =TRUNC((K46*M46),4) -> 822.25
A48: 1.09 | B48: Aplicação adubo orgânico composto
B49: 4413022M3 | C49: =VLOOKUP(B49,'Custos unitarios Alex'!$A$3:$K$92,2,0) -> SICRO | D49: =VLOOKUP(B49,'Custos unitarios Alex'!$A$3:$K$92,4,0) -> Adubação manual de cobertura em areas de semeadura via seca ou de hidrossemeadura (somente adubação com adubo orgânico) | E49: =VLOOKUP(B49,'Custos unitarios Alex'!$A$3:$K$92,5,0) -> m2 | F49: - | G49: - | H49: - | I49: - | J49: =O15 -> 2500 | K49: =TRUNC((J49),4) -> 2500 | L49: =VLOOKUP(B49,'Custos unitarios Alex'!$A$3:$K$92,8,0) -> 0.27 | M49: =TRUNC(L49*(1+$O$6),4) -> 0.3552 | N49: =TRUNC((K49*L49),4) -> 675 | O49: =TRUNC((K49*M49),4) -> 888
A51: 1.10 | B51: Aplicação gesso agrícola
B52: 4413022M4 | C52: =VLOOKUP(B52,'Custos unitarios Alex'!$A$3:$K$92,2,0) -> SICRO | D52: =VLOOKUP(B52,'Custos unitarios Alex'!$A$3:$K$92,4,0) -> Adubação manual de cobertura em areas de semeadura via seca ou de hidrossemeadura (somente adubação com gesso agrícola) | E52: =VLOOKUP(B52,'Custos unitarios Alex'!$A$3:$K$92,5,0) -> m2 | F52: - | G52: - | H52: - | I52: - | J52: =O15 -> 2500 | K52: =TRUNC((J52),4) -> 2500 | L52: =VLOOKUP(B52,'Custos unitarios Alex'!$A$3:$K$92,8,0) -> 0.68 | M52: =TRUNC(L52*(1+$O$6),4) -> 0.8947 | N52: =TRUNC((K52*L52),4) -> 1700 | O52: =TRUNC((K52*M52),4) -> 2236.75
A54: 1.11 | B54: Aplicação fósforo + nutrientes (yoorin ou similar)
B55: 4413022M5 | C55: =VLOOKUP(B55,'Custos unitarios Alex'!$A$3:$K$92,2,0) -> SICRO | D55: =VLOOKUP(B55,'Custos unitarios Alex'!$A$3:$K$92,4,0) -> Adubação manual de cobertura em areas de semeadura via seca ou de hidrossemeadura (somente adubação com fósforo + nutrientes - yoorin ou similar) | E55: =VLOOKUP(B55,'Custos unitarios Alex'!$A$3:$K$92,5,0) -> m2 | F55: - | G55: - | H55: - | I55: - | J55: =O15 -> 2500 | K55: =TRUNC((J55),4) -> 2500 | L55: =VLOOKUP(B55,'Custos unitarios Alex'!$A$3:$K$92,8,0) -> 0.73 | M55: =TRUNC(L55*(1+$O$6),4) -> 0.9605 | N55: =TRUNC((K55*L55),4) -> 1825 | O55: =TRUNC((K55*M55),4) -> 2401.25
A57: 1.12 | B57: Revolvimento Mecânico do solo
B58: C2235 | C58: =VLOOKUP(B58,'Custos unitarios Alex'!$A$3:$K$92,2,0) -> SEINFRA | D58: =VLOOKUP(B58,'Custos unitarios Alex'!$A$3:$K$92,4,0) -> REVOLVIMENTO MECANICO DE TERRA PROFUNDIDADE 20-30cm | E58: =VLOOKUP(B58,'Custos unitarios Alex'!$A$3:$K$92,5,0) -> m2 | F58: - | G58: - | H58: - | I58: - | J58: =O15 -> 2500 | K58: =TRUNC((J58),4) -> 2500 | L58: =VLOOKUP(B58,'Custos unitarios Alex'!$A$3:$K$92,8,0) -> 0.52 | M58: =TRUNC(L58*(1+$O$6),4) -> 0.6842 | N58: =TRUNC((K58*L58),4) -> 1300 | O58: =TRUNC((K58*M58),4) -> 1710.5
A60: 1.13 | B60: Nivelamento
B61: PJ 19.05.0600M (/) | C61: =VLOOKUP(B61,'Custos unitarios Alex'!$A$3:$K$92,2,0) -> SCO | D61: =VLOOKUP(B61,'Custos unitarios Alex'!$A$3:$K$92,4,0) -> Nivelamento e compactação de áreas ensaibradas (exclusive: compactação)(desonerado) | E61: =VLOOKUP(B61,'Custos unitarios Alex'!$A$3:$K$92,5,0) -> m2 | F61: - | G61: - | H61: - | I61: - | J61: =O15 -> 2500 | K61: =TRUNC((J61),4) -> 2500 | L61: =VLOOKUP(B61,'Custos unitarios Alex'!$A$3:$K$92,8,0) -> 0.13 | M61: =TRUNC(L61*(1+$O$6),4) -> 0.171 | N61: =TRUNC((K61*L61),4) -> 325 | O61: =TRUNC((K61*M61),4) -> 427.5
A63: 1.14 | B63: Transporte mudas (caminhão baú)
B64: 100947 | C64: =VLOOKUP(B64,'Custos unitarios Alex'!$A$3:$K$92,2,0) -> SINAPI | D64: =VLOOKUP(B64,'Custos unitarios Alex'!$A$3:$K$92,4,0) -> TRANSPORTE COM CAMINHÃO CARROCERIA 9T, EM VIA URBANA PAVIMENTADA, DMT ATÉ 30KM (UNIDADE: TXKM). AF_07/2020 | E64: =VLOOKUP(B64,'Custos unitarios Alex'!$A$3:$K$92,5,0) -> tkm | F64: - | G64: - | H64: =M14 -> 12.9 | I64: - | J64: =$X$15 -> 0.9019 | K64: =TRUNC((H64*J64),4) -> 11.6345 | L64: =VLOOKUP(B64,'Custos unitarios Alex'!$A$3:$K$92,8,0) -> 2.18 | M64: =TRUNC(L64*(1+$O$6),4) -> 2.8684 | N64: =TRUNC((K64*L64),4) -> 25.3632 | O64: =TRUNC((K64*M64),4) -> 33.3723
A65: 4 | B65: O valor 0,9019 se referiu a multiplicação do valor de 51,54 kg/m2 (média do peso/m2 (kg) do recipiente caixa plástica com 48 mudas em sacos 8x8 - SEI 139302256), em toneladas, pela área da carroceria do caminhão toco, PBT 16.000kg do serviço SINAPI 100497 (dimensões 2,5 x 7,00 x 0,5m), isto é : 0,05154 (t/m2) x 2,5 (m) x 7 (m) = 0,9019 t
A67: 1.15 | B67: Plantio de flores, ervas e arbustos
B68: 98505M | C68: =VLOOKUP(B68,'Custos unitarios Alex'!$A$3:$K$92,2,0) -> SINAPI | D68: =VLOOKUP(B68,'Custos unitarios Alex'!$A$3:$K$92,4,0) -> Plantio de forração. AF_07/2024 | E68: =VLOOKUP(B68,'Custos unitarios Alex'!$A$3:$K$92,5,0) -> m2 | F68: - | G68: - | H68: - | I68: - | J68: =O15 -> 2500 | K68: =TRUNC((J68),4) -> 2500 | L68: =VLOOKUP(B68,'Custos unitarios Alex'!$A$3:$K$92,8,0) -> 6.68 | M68: =TRUNC(L68*(1+$O$6),4) -> 8.7895 | N68: =TRUNC((K68*L68),4) -> 16700 | O68: =TRUNC((K68*M68),4) -> 21973.75
A70: 1.16 | B70: Replantio de flores, ervas e arbustos
B71: 98505M1 | C71: =VLOOKUP(B71,'Custos unitarios Alex'!$A$3:$K$92,2,0) -> SINAPI | D71: =VLOOKUP(B71,'Custos unitarios Alex'!$A$3:$K$92,4,0) -> Plantio de forração. AF_07/2024 (replantio) | E71: =VLOOKUP(B71,'Custos unitarios Alex'!$A$3:$K$92,5,0) -> m2 | F71: - | G71: - | H71: - | I71: - | J71: =O15 -> 2500 | K71: =TRUNC((J71),4) -> 2500 | L71: =VLOOKUP(B71,'Custos unitarios Alex'!$A$3:$K$92,8,0) -> 6.68 | M71: =TRUNC(L71*(1+$O$6),4) -> 8.7895 | N71: =TRUNC((K71*L71),4) -> 16700 | O71: =TRUNC((K71*M71),4) -> 21973.75
A73: 1.17 | B73: Combate de formigas, com aplicacao de formicida
B74: PJ 19.05.0390 (/)M | C74: =VLOOKUP(B74,'Custos unitarios Alex'!$A$3:$K$92,2,0) -> SCO | D74: =VLOOKUP(B74,'Custos unitarios Alex'!$A$3:$K$92,4,0) -> Combate de formigas, com aplicacao de formicida, em encosta.(desonerado) | E74: =VLOOKUP(B74,'Custos unitarios Alex'!$A$3:$K$92,5,0) -> m2 | F74: - | G74: - | H74: - | I74: =0.5/100 -> 0.005 | J74: =O15 -> 2500 | K74: =TRUNC((I74*J74),4) -> 12.5 | L74: =VLOOKUP(B74,'Custos unitarios Alex'!$A$3:$K$92,8,0) -> 0.26 | M74: =TRUNC(L74*(1+$O$6),4) -> 0.3421 | N74: =TRUNC((K74*L74),4) -> 3.25 | O74: =TRUNC((K74*M74),4) -> 4.2762
A75: 5 | B75: O valor 0,5% foi lançado em atendimento ao item 7.5.1.2. do Estudo Técnico Preliminar NOVACAP/DU/DPJ/DIMAVE/SEMARB (140876387)
M77: Total Geral | N77: =TRUNC((SUM(N20:N74)),2) -> 62393.36 | O77: =TRUNC((SUM(O20:O74)),2) -> 82095.78
A78: LOTE 02 | K78: ='DMTs RAS CONSIDERADOS'!F10 -> DMT Viveiro I (155619689) | M78: ='DMTs RAS CONSIDERADOS'!C12 -> 17.9 | N78: ='DMTs RAS CONSIDERADOS'!F11 -> DMT Viveiro II (155619689) | O78: ='DMTs RAS CONSIDERADOS'!D12 -> 6.2
A79: Locais: | B79: Plano Piloto (PP)2 e Setor de indústria e Abastecimento (SIA)1. Compreende a Asa Norte, Noroeste, incluindo os setores SAAN, SOFN, SMU e Água Mineral, assim como a faixa de domínio da DF 003/EPIA Norte do Viaduto da Rodoferroviária até o Viaduto do Torto, toda área Norte a partir da Via N1. | K79: ='DMTs RAS CONSIDERADOS'!F12 -> DMT URE (155619689) | M79: ='DMTs RAS CONSIDERADOS'!E12 -> 19.1 | N79: Área canteiros | O79: 1000
A80: 1.00 | B80: =B16 -> IMPLANTAÇÃO CANTEIROS ORNAMENTAIS
A81: Item | B81: Código | C81: Origem | D81: Descrição | E81: =E17 -> Unid. | F81: Frequência anual | G81: Espessura (m) | H81: DMT | I81: Coeficiente | J81: Quant. | K81: Quant. Total | L81: Custo unit. s/ BDI | M81: Custo unit. c/ BDI | N81: Custo Total s/ BDI | O81: Custo Total c/ BDI
A83: =A19 -> 1.01 | B83: =B19 -> Limpeza superficial
B84: =B20 -> 5502985M | C84: =C20 -> SICRO | D84: =D20 -> Limpeza mecanizada da camada vegetal (substituição do Trator sobre esteiras com lâmina - 127 kW pela Retroescavadeira de pneus - capacidade da caçamba da pá-carregadeira de 0,76 m³ e da retroescavadeira de 0,29 m³ - 58 kW) | E84: =E20 -> m2 | F84: =F20 -> - | G84: =G20 -> 0.1 | H84: =H20 -> - | I84: =I20 -> - | J84: =TRUNC((O79),4) -> 1000 | K84: =TRUNC((G84*J84),4) -> 100 | L84: =L20 -> 0.26 | M84: =M20 -> 0.3421 | N84: =TRUNC((K84*L84),4) -> 26 | O84: =TRUNC((K84*M84),4) -> 34.21
A85: =A21 -> 1 | B85: =B21 -> O valor 0,1 se refere a espessura estiamada de 10cm (dez centímetros) (0,1 m) da camada vegetal a ser retirada conforme quesito 2 do Despacho NOVACAP/PRES/DU/DPJ/DIAVE (SEI nº 142598875)
B87: =B23 -> 5915456M | C87: =C23 -> SICRO | D87: =D23 -> Carga, manobra e descarga de agregados ou solos em caminhão basculante de 6 m³ - carga com carregadeira de 1,72 m³ e descarga livre (substituição da carregadeira de 1,72 m³ pela Retroescavadeira de pneus - capacidade da caçamba da pá-carregadeira de 0,76 m³ e da retroescavadeira de 0,29 m³ - 58 kW) | E87: =E23 -> t | F87: =F23 -> - | G87: =G23 -> - | H87: =H23 -> - | I87: =I23 -> 1.5 | J87: =K84 -> 100 | K87: =TRUNC((I87*J87),4) -> 150 | L87: =L23 -> 3.24 | M87: =M23 -> 4.2631 | N87: =TRUNC((K87*L87),4) -> 486 | O87: =TRUNC((K87*M87),4) -> 639.465
A88: =A24 -> 2 | B88: =B24 -> O valor 1,5 se refere a massa específica de 1,5 t/m3 do material de bota fora, conforme Tabela 09 - Massas específicas referenciais dos materiais mais representativos, fl.21 do Conteúdo 11, Volume 10 do Departamento Nacional de Infraestrutura de Transportes-DNIT, em acordo com o exposto no quesito 5 do Despacho NOVACAP-PRES-DU-DPJ-DIAVE (SEI nº 142598875).
A90: =A26 -> 1.02 | B90: =B26 -> Transporte material decorrente da limpeza superficial
B91: =B27 -> 5914344 | C91: =C27 -> SICRO | D91: =D27 -> Transporte com caminhão basculante de 6 m³ - rodovia pavimentada | E91: =E27 -> tkm | F91: =F27 -> - | G91: =G27 -> - | H91: =M79 -> 19.1 | I91: =I27 -> - | J91: =K87 -> 150 | K91: =TRUNC((H91*J91),4) -> 2865 | L91: =L27 -> 0.76 | M91: =M27 -> 1 | N91: =TRUNC((K91*L91),4) -> 2177.4 | O91: =TRUNC((K91*M91),4) -> 2865
A93: =A29 -> 1.03 | B93: =B29 -> Taxa de Limpeza Urbana (SLU / ADASA)
B94: =B30 -> Taxa SLU | C94: =C30 -> ADASA | D94: =D30 -> Taxa SLU - Adasa - (URE) | E94: =E30 -> t | F94: =F30 -> - | G94: =G30 -> - | H94: =H30 -> - | I94: =I30 -> - | J94: =K87 -> 150 | K94: =TRUNC((J94),4) -> 150 | L94: =L30 -> 22.75 | M94: =M30 -> 29.9344 | N94: =TRUNC((K94*L94),4) -> 3412.5 | O94: =TRUNC((K94*M94),4) -> 4490.16
A96: =A32 -> 1.04 | B96: =B32 -> Análise de solo
B97: =B33 -> SE 39.05.0050 (/) | C97: =C33 -> SCO | D97: =D33 -> Analise laboratorial de solo de arvores.(desonerado) | E97: =E33 -> und | F97: =F33 -> - | G97: =G33 -> - | H97: =H33 -> - | I97: =I33 -> - | J97: =TRUNC(ROUNDUP((O79/$U$16),0),4) -> 6 | K97: =TRUNC((J97),4) -> 6 | L97: =L33 -> 250 | M97: =M33 -> 328.95 | N97: =TRUNC((K97*L97),4) -> 1500 | O97: =TRUNC((K97*M97),4) -> 1973.7
A98: =A34 -> 3 | B98: O valor 6 da quantidade foi estabelecido pela divisão da área total do lote pela área do canteiro médio, conforme Estudo Técnico Preliminar NOVACAP-PRES-DU-DPJ (SEI nº 155817930), isto é: 1.000/183,2 = 5,4585. Arredondamos para cima entendendo que não seria possível aplicação de valor fracionário à quantidade de ensaios a serem executados.
A100: =A36 -> 1.05 | B100: =B36 -> Transporte do composto
B101: =B37 -> 5914344 | C101: =C37 -> SICRO | D101: =D37 -> Transporte com caminhão basculante de 6 m³ - rodovia pavimentada | E101: =E37 -> tkm | F101: =F37 -> - | G101: =G37 -> - | H101: =O78 -> 6.2 | I101: =I37 -> - | J101: =K87 -> 150 | K101: =TRUNC((H101*J101),4) -> 930 | L101: =L37 -> 0.76 | M101: =M91 -> 1 | N101: =TRUNC((K101*L101),4) -> 706.8 | O101: =TRUNC((K101*M101),4) -> 930
A103: 1.06 | B103: =B39 -> Aplicação NPK 5-25-15
B104: 4413022M1 | C104: =VLOOKUP(B104,'Custos unitarios Alex'!$A$3:$K$92,2,0) -> SICRO | D104: =VLOOKUP(B104,'Custos unitarios Alex'!$A$3:$K$92,4,0) -> Adubação manual de cobertura em areas de semeadura via seca ou de hidrossemeadura (somente adubação com NPK) | E104: =E40 -> m2 | F104: - | G104: - | H104: - | I104: - | J104: =O79 -> 1000 | K104: =TRUNC((J104),4) -> 1000 | L104: =L40 -> 0.55 | M104: =TRUNC(L104*(1+$O$6),4) -> 0.7236 | N104: =TRUNC((K104*L104),4) -> 550 | O104: =TRUNC((K104*M104),4) -> 723.6
A106: =A42 -> 1.07 | B106: =B42 -> Aplicação NPK 20-00-20 (adubação química de cobertura)
B107: =B43 -> 4413022M2 | C107: =C43 -> SICRO | D107: =D43 -> Adubação manual de cobertura em areas de semeadura via seca ou de hidrossemeadura (somente adubação com NPK) | E107: =E43 -> m2 | F107: =F43 -> - | G107: =G43 -> - | H107: =H43 -> - | I107: =I43 -> - | J107: =O79 -> 1000 | K107: =TRUNC((J107),4) -> 1000 | L107: =L43 -> 0.27 | M107: =M43 -> 0.3552 | N107: =TRUNC((K107*L107),4) -> 270 | O107: =TRUNC((K107*M107),4) -> 355.2
A109: =A45 -> 1.08 | B109: =B45 -> Aplicação pó calcáreo dolomítico
B110: =B46 -> 4413022M6 | C110: =C46 -> SICRO | D110: =D46 -> Adubação manual de cobertura em areas de semeadura via seca ou de hidrossemeadura (somente adubação com Pó Calcáreo Dolomítico) | E110: =E46 -> m2 | F110: =F46 -> - | G110: =G46 -> - | H110: =H46 -> - | I110: =I46 -> - | J110: =O79 -> 1000 | K110: =TRUNC((J110),4) -> 1000 | L110: =L46 -> 0.25 | M110: =M46 -> 0.3289 | N110: =TRUNC((K110*L110),4) -> 250 | O110: =TRUNC((K110*M110),4) -> 328.9
A112: =A48 -> 1.09 | B112: =B48 -> Aplicação adubo orgânico composto
B113: =B49 -> 4413022M3 | C113: =C49 -> SICRO | D113: =D49 -> Adubação manual de cobertura em areas de semeadura via seca ou de hidrossemeadura (somente adubação com adubo orgânico) | E113: =E49 -> m2 | F113: =F49 -> - | G113: =G49 -> - | H113: =H49 -> - | I113: =I49 -> - | J113: =O79 -> 1000 | K113: =TRUNC((J113),4) -> 1000 | L113: =L49 -> 0.27 | M113: =M49 -> 0.3552 | N113: =TRUNC((K113*L113),4) -> 270 | O113: =TRUNC((K113*M113),4) -> 355.2
A115: =A51 -> 1.10 | B115: =B51 -> Aplicação gesso agrícola
B116: =B52 -> 4413022M4 | C116: =C52 -> SICRO | D116: =D52 -> Adubação manual de cobertura em areas de semeadura via seca ou de hidrossemeadura (somente adubação com gesso agrícola) | E116: =E52 -> m2 | F116: =F52 -> - | G116: =G52 -> - | H116: =H52 -> - | I116: =I52 -> - | J116: =O79 -> 1000 | K116: =TRUNC((J116),4) -> 1000 | L116: =L52 -> 0.68 | M116: =M52 -> 0.8947 | N116: =TRUNC((K116*L116),4) -> 680 | O116: =TRUNC((K116*M116),4) -> 894.7
A118: =A54 -> 1.11 | B118: =B54 -> Aplicação fósforo + nutrientes (yoorin ou similar)
B119: =B55 -> 4413022M5 | C119: =C55 -> SICRO | D119: =D55 -> Adubação manual de cobertura em areas de semeadura via seca ou de hidrossemeadura (somente adubação com fósforo + nutrientes - yoorin ou similar) | E119: =E55 -> m2 | F119: =F55 -> - | G119: =G55 -> - | H119: =H55 -> - | I119: =I55 -> - | J119: =O79 -> 1000 | K119: =TRUNC((J119),4) -> 1000 | L119: =L55 -> 0.73 | M119: =M55 -> 0.9605 | N119: =TRUNC((K119*L119),4) -> 730 | O119: =TRUNC((K119*M119),4) -> 960.5
A121: =A57 -> 1.12 | B121: =B57 -> Revolvimento Mecânico do solo
B122: =B58 -> C2235 | C122: =C58 -> SEINFRA | D122: =D58 -> REVOLVIMENTO MECANICO DE TERRA PROFUNDIDADE 20-30cm | E122: =E58 -> m2 | F122: =F58 -> - | G122: =G58 -> - | H122: =H58 -> - | I122: =I58 -> - | J122: =O79 -> 1000 | K122: =TRUNC((J122),4) -> 1000 | L122: =L58 -> 0.52 | M122: =M58 -> 0.6842 | N122: =TRUNC((K122*L122),4) -> 520 | O122: =TRUNC((K122*M122),4) -> 684.2
A124: =A60 -> 1.13 | B124: =B60 -> Nivelamento
B125: =B61 -> PJ 19.05.0600M (/) | C125: =C61 -> SCO | D125: =D61 -> Nivelamento e compactação de áreas ensaibradas (exclusive: compactação)(desonerado) | E125: =E61 -> m2 | F125: =F61 -> - | G125: =G61 -> - | H125: =H61 -> - | I125: =I61 -> - | J125: =O79 -> 1000 | K125: =TRUNC((J125),4) -> 1000 | L125: =L61 -> 0.13 | M125: =M61 -> 0.171 | N125: =TRUNC((K125*L125),4) -> 130 | O125: =TRUNC((K125*M125),4) -> 171
A127: =A63 -> 1.14 | B127: =B63 -> Transporte mudas (caminhão baú)
B128: =B64 -> 100947 | C128: =C64 -> SINAPI | D128: =D64 -> TRANSPORTE COM CAMINHÃO CARROCERIA 9T, EM VIA URBANA PAVIMENTADA, DMT ATÉ 30KM (UNIDADE: TXKM). AF_07/2020 | E128: =E64 -> tkm | F128: =F64 -> - | G128: =G64 -> - | H128: =M78 -> 17.9 | I128: =I64 -> - | J128: =J64 -> 0.9019 | K128: =TRUNC((H128*J128),4) -> 16.144 | L128: =L64 -> 2.18 | M128: =M64 -> 2.8684 | N128: =TRUNC((K128*L128),4) -> 35.1939 | O128: =TRUNC((K128*M128),4) -> 46.3074
A129: =A65 -> 4 | B129: =B65 -> O valor 0,9019 se referiu a multiplicação do valor de 51,54 kg/m2 (média do peso/m2 (kg) do recipiente caixa plástica com 48 mudas em sacos 8x8 - SEI 139302256), em toneladas, pela área da carroceria do caminhão toco, PBT 16.000kg do serviço SINAPI 100497 (dimensões 2,5 x 7,00 x 0,5m), isto é : 0,05154 (t/m2) x 2,5 (m) x 7 (m) = 0,9019 t
A131: =A67 -> 1.15 | B131: =B67 -> Plantio de flores, ervas e arbustos
B132: =B68 -> 98505M | C132: =C68 -> SINAPI | D132: =D68 -> Plantio de forração. AF_07/2024 | E132: =E68 -> m2 | F132: =F68 -> - | G132: =G68 -> - | H132: =H68 -> - | I132: =I68 -> - | J132: =O79 -> 1000 | K132: =TRUNC((J132),4) -> 1000 | L132: =L68 -> 6.68 | M132: =M68 -> 8.7895 | N132: =TRUNC((K132*L132),4) -> 6680 | O132: =TRUNC((K132*M132),4) -> 8789.5
A134: =A70 -> 1.16 | B134: =B70 -> Replantio de flores, ervas e arbustos
B135: =B71 -> 98505M1 | C135: =C71 -> SINAPI | D135: =D71 -> Plantio de forração. AF_07/2024 (replantio) | E135: =E71 -> m2 | F135: =F71 -> - | G135: =G71 -> - | H135: =H71 -> - | I135: =I71 -> - | J135: =O79 -> 1000 | K135: =TRUNC((J135),4) -> 1000 | L135: =L132 -> 6.68 | M135: =M132 -> 8.7895 | N135: =TRUNC((K135*L135),4) -> 6680 | O135: =TRUNC((K135*M135),4) -> 8789.5
A137: =A73 -> 1.17 | B137: =B73 -> Combate de formigas, com aplicacao de formicida
B138: =B74 -> PJ 19.05.0390 (/)M | C138: =C74 -> SCO | D138: =D74 -> Combate de formigas, com aplicacao de formicida, em encosta.(desonerado) | E138: =E74 -> m2 | F138: =F74 -> - | G138: =G74 -> - | H138: =H74 -> - | I138: =I74 -> 0.005 | J138: =O79 -> 1000 | K138: =TRUNC((I138*J138),4) -> 5 | L138: =L74 -> 0.26 | M138: =M74 -> 0.3421 | N138: =TRUNC((K138*L138),4) -> 1.3 | O138: =TRUNC((K138*M138),4) -> 1.7105
A139: =A75 -> 5 | B139: =B75 -> O valor 0,5% foi lançado em atendimento ao item 7.5.1.2. do Estudo Técnico Preliminar NOVACAP/DU/DPJ/DIMAVE/SEMARB (140876387)
M141: =M77 -> Total Geral | N141: =TRUNC((SUM(N84:N138)),2) -> 25105.19 | O141: =TRUNC((SUM(O84:O138)),2) -> 33032.85
...

Sheet MANUTENÇÃO TOTAL COM
A5: Nº da estimativa: | D5: ='CAPA COM ALEX'!C9 -> DPJ 008/2024 | N5: Data: | O5: ='CAPA COM ALEX'!C13 -> 45607
A6: Interessado: | D6: ='CAPA COM ALEX'!C7 -> Departamento de Parques e Jardins - DPJ/DU/NOVACAP | N6: B.D.I.: | O6: ='CAPA COM ALEX'!C21 -> 0.3158 | Q6: 0.3158 | R6: 0.251
A7: Processo: | D7: ='CAPA COM ALEX'!C12 -> 00112-000264772024-61 | N7: Encargos: | O7: ='CAPA COM ALEX'!C20 -> COM DESONERAÇÃO
A8: Objeto: | D8: Contratação de empresa especializada para implantação e posterior manutenção de 35.000,00 m² (trinta e cinco mil metros quadrados) de novos canteiros e manutenção e substituição, quando necessário, de 97.310,18 m² de canteiros públicos urbanos já existentes no âmbito do Distrito Federal, incluindo os serviços de análise de solo, capina, adubação, aplicação de composto, calagem, escarificação, destorroamento, incorporação, nivelamento, plantio, transporte de mudas e composto, capina, controle fitossanitário, replantio, correção de borda de canteiro, replantio e irrigação. | N8: Data Base: | O8: ='CAPA COM ALEX'!C15 -> SINAPI-09/2024
O9: ='CAPA COM ALEX'!C16 -> SICRO-07/2024 | Q9: IMPLANTAÇÃO
O10: ='CAPA COM ALEX'!C17 -> SCO-09/2024 | Q10: LOTE 1
O11: ='CAPA COM ALEX'!C18 -> SEINFRA-028/028.1 | Q11: AMPLA | R11: RESERVA
O12: ='CAPA COM ALEX'!C19 -> ADASA: Taxa SLU 2024 | Q12: =#REF! -> #REF! | R12: =#REF! -> #REF!
A13: Locais: | D13: ='CAPA COM ALEX'!C10 -> Distrito Federal | T13: metragem média canteiro | U13: 183.2
A14: LOTE 01 | K14: ='IMPLANT NOVOS CANT COM'!K14 -> DMT Viveiro I (155619066) | M14: ='IMPLANT NOVOS CANT COM'!M14 -> 12.9 | N14: ='IMPLANT NOVOS CANT COM'!N14 -> DMT Viveiro II (155619066) | O14: ='IMPLANT NOVOS CANT COM'!O14 -> 9.8 | Q14: CONSERVAÇÃO
A15: Locais: | B15: Plano Piloto (PP)1, Cruzeiro (CRUZ) e Sudoeste/Octogonal (SUDO). Compreende a Asa Sul, toda área Sul, a partir da Via N1. | K15: ='IMPLANT NOVOS CANT COM'!K15 -> DMT URE (155619066) | M15: ='IMPLANT NOVOS CANT COM'!M15 -> 15.3 | N15: Área canteiros | O15: 44748.18 | Q15: LOTE 1
A16: 1.00 | B16: MANUTENÇÃO CANTEIROS ORNAMENTAIS | Q16: AMPLA | R16: RESERVA | T16: kg/m2 | U16: t/m2 | V16: m2 caminhão toco (5824) | X16: t
A17: Item | B17: Código | C17: Origem | D17: Descrição | E17: Unid. | F17: Frequência anual | G17: Espessura (m) | H17: DMT | I17: Coeficiente | J17: Quant. | K17: Quant. Total | L17: Custo unit. s/ BDI | M17: Custo unit. c/ BDI | N17: Custo Total s/ BDI | O17: Custo Total c/ BDI | Q17: =#REF! -> #REF! | R17: =#REF! -> #REF! | T17: 51.54 | U17: =T17/U19 -> 0.05154 | V17: 2,5 x 7 = | W17: =2.5*7 -> 17.5 | X17: =TRUNC((U17*W17),4) -> 0.9019
A19: 1.01 | B19: Análise de solo | T19: toneladas | U19: 1000
B20: SE 39.05.0050 (/) | C20: =VLOOKUP(B20,'Custos unitarios Alex'!$A$3:$K$92,2,0) -> SCO | D20: =VLOOKUP(B20,'Custos unitarios Alex'!$A$3:$K$92,4,0) -> Analise laboratorial de solo de arvores.(desonerado) | E20: =VLOOKUP(B20,'Custos unitarios Alex'!$A$3:$K$92,5,0) -> und | F20: - | G20: - | H20: - | I20: - | J20: =TRUNC(ROUNDUP((O15/$U$13),0),4) -> 245 | K20: =TRUNC((J20),4) -> 245 | L20: =TRUNC((VLOOKUP(B20,'Custos unitarios Alex'!$A$3:$K$92,8,0)),4) -> 250 | M20: =TRUNC(L20*(1+$O$6),4) -> 328.95 | N20: =TRUNC((K20*L20),4) -> 61250 | O20: =TRUNC((K20*M20),4) -> 80592.75
A21: 1 | B21: O valor 245 foi estabelecido pela divisão da área total do lote pela área do canteiro médio, conforme Estudo Técnico Preliminar NOVACAP-PRES-DU-DPJ (SEI nº 155817930), isto é: 44.748,18 (m2)/183,2 (m2) = 244,2586 (ensaios). Arredondamos para cima entendendo que não seria possível aplicação de valor fracionário à quantidade de ensaios a serem executados.
A23: 1.02 | B23: Capina manual
B24: 4915744 | C24: =VLOOKUP(B24,'Custos unitarios Alex'!$A$3:$K$92,2,0) -> SICRO | D24: =VLOOKUP(B24,'Custos unitarios Alex'!$A$3:$K$92,4,0) -> Capina manual | E24: =VLOOKUP(B24,'Custos unitarios Alex'!$A$3:$K$92,5,0) -> m2 | F24: 3 | G24: - | H24: - | I24: - | J24: =O15 -> 44748.18 | K24: =TRUNC((F24*J24),4) -> 134244.54 | L24: =TRUNC((VLOOKUP(B24,'Custos unitarios Alex'!$A$3:$K$92,8,0)),4) -> 0.64 | M24: =TRUNC(L24*(1+$O$6),4) -> 0.8421 | N24: =TRUNC((K24*L24),4) -> 85916.506 | O24: =TRUNC((K24*M24),4) -> 113047.33
A26: 1.03 | B26: Combate de formigas, com aplicacao de formicida
B27: PJ 19.05.0390 (/)M | C27: =VLOOKUP(B27,'Custos unitarios Alex'!$A$3:$K$92,2,0) -> SCO | D27: =VLOOKUP(B27,'Custos unitarios Alex'!$A$3:$K$92,4,0) -> Combate de formigas, com aplicacao de formicida, em encosta.(desonerado) | E27: =VLOOKUP(B27,'Custos unitarios Alex'!$A$3:$K$92,5,0) -> m2 | F27: 3 | G27: - | H27: - | I27: =0.5/100 -> 0.005 | J27: =O15 -> 44748.18 | K27: =TRUNC((F27*I27*J27),4) -> 671.2227 | L27: =TRUNC((VLOOKUP(B27,'Custos unitarios Alex'!$A$3:$K$92,8,0)),4) -> 0.26 | M27: =TRUNC(L27*(1+$O$6),4) -> 0.3421 | N27: =TRUNC((K27*L27),4) -> 174.5179 | O27: =TRUNC((K27*M27),4) -> 229.6252
A28: 2 | B28: O valor 0,5% foi lançado em atendimento ao item 7.5.1.2. do Estudo Técnico Preliminar NOVACAP/DU/DPJ/DIMAVE/SEMARB (140876387)
A30: 1.04 | B30: Combate de cupins
B31: C1080 | C31: =VLOOKUP(B31,'Custos unitarios Alex'!$A$3:$K$92,2,0) -> SEINFRA | D31: =VLOOKUP(B31,'Custos unitarios Alex'!$A$3:$K$92,4,0) -> DESPRAGUEJAMENTO DE ÁREAS GRAMADAS | E31: =VLOOKUP(B31,'Custos unitarios Alex'!$A$3:$K$92,5,0) -> m2 | F31: 3 | G31: - | H31: - | I31: =0.125/100 -> 0.00125 | J31: =O15 -> 44748.18 | K31: =TRUNC((F31*I31*J31),4) -> 167.8056 | L31: =TRUNC((VLOOKUP(B31,'Custos unitarios Alex'!$A$3:$K$92,8,0)),4) -> 0.09 | M31: =TRUNC(L31*(1+$O$6),4) -> 0.1184 | N31: =TRUNC((K31*L31),4) -> 15.1025 | O31: =TRUNC((K31*M31),4) -> 19.8681
A32: 3 | B32: O valor 0,125% foi lançado em atendimento ao item 7.6.1. do Estudo Técnico Preliminar NOVACAP/DU/DPJ/DIMAVE/SEMARB (140876387)
A34: 1.05 | B34: Transporte mudas (caminhão baú)
B35: 100947 | C35: =VLOOKUP(B35,'Custos unitarios Alex'!$A$3:$K$92,2,0) -> SINAPI | D35: =VLOOKUP(B35,'Custos unitarios Alex'!$A$3:$K$92,4,0) -> TRANSPORTE COM CAMINHÃO CARROCERIA 9T, EM VIA URBANA PAVIMENTADA, DMT ATÉ 30KM (UNIDADE: TXKM). AF_07/2020 | E35: =VLOOKUP(B35,'Custos unitarios Alex'!$A$3:$K$92,5,0) -> tkm | F35: 3 | G35: - | H35: =M14 -> 12.9 | I35: - | J35: =$X$17 -> 0.9019 | K35: =TRUNC((F35*H35*J35),4) -> 34.9035 | L35: =TRUNC((VLOOKUP(B35,'Custos unitarios Alex'!$A$3:$K$92,8,0)),4) -> 2.18 | M35: =TRUNC(L35*(1+$O$6),4) -> 2.8684 | N35: =TRUNC((K35*L35),4) -> 76.0896 | O35: =TRUNC((K35*M35),4) -> 100.1171
A36: 4 | B36: O valor 0,9019 se referiu a multiplicação do valor de 51,54 kg/m2 (média do peso/m2 (kg) do recipiente caixa plástica com 48 mudas em sacos 8x8 - SEI 139302256), em toneladas, pela área da carroceria do caminhão toco, PBT 16.000kg do serviço SINAPI 100497 (dimensões 2,5 x 7,00 x 0,5m), isto é : 0,05154 (t/m2) x 2,5 (m) x 7 (m) = 0,9019 t
A38: 1.06 | B38: Replantio de flores, ervas e arbustos
B39: 98505M1 | C39: =VLOOKUP(B39,'Custos unitarios Alex'!$A$3:$K$92,2,0) -> SINAPI | D39: =VLOOKUP(B39,'Custos unitarios Alex'!$A$3:$K$92,4,0) -> Plantio de forração. AF_07/2024 (replantio) | E39: =VLOOKUP(B39,'Custos unitarios Alex'!$A$3:$K$92,5,0) -> m2 | F39: 3 | G39: =G35 -> - | H39: - | I39: - | J39: =O15 -> 44748.18 | K39: =TRUNC((F39*J39),4) -> 134244.54 | L39: =TRUNC((VLOOKUP(B39,'Custos unitarios Alex'!$A$3:$K$92,8,0)),4) -> 6.68 | M39: =TRUNC(L39*(1+$O$6),4) -> 8.7895 | N39: =TRUNC((K39*L39),4) -> 896753.53 | O39: =TRUNC((K39*M39),4) -> 1179942.4
A41: 1.07 | B41: Roçagem beirado canteiro
B42: 4915776 | C42: =VLOOKUP(B42,'Custos unitarios Alex'!$A$3:$K$92,2,0) -> SICRO | D42: =VLOOKUP(B42,'Custos unitarios Alex'!$A$3:$K$92,4,0) -> Roçada com roçadeira costal | E42: =VLOOKUP(B42,'Custos unitarios Alex'!$A$3:$K$92,5,0) -> m2 | F42: 18 | G42: - | H42: - | I42: 0.3212 | J42: =J27 -> 44748.18 | K42: =TRUNC((F42*I42*J42),4) -> 258716.08 | L42: =TRUNC((VLOOKUP(B42,'Custos unitarios Alex'!$A$3:$K$92,8,0)),4) -> 0.06 | M42: =TRUNC(L42*(1+$O$6),4) -> 0.0789 | N42: =TRUNC((K42*L42),4) -> 15522.965 | O42: =TRUNC((K42*M42),4) -> 20412.698
A43: 5 | B43: O valor 32,12% correspondeu ao percentual comparativo entre as áreas de roçagem e do canteiro padrão (183,20 m2), conforme Despacho NOVACAP/PRES/DU/DPJ/DIAVE (SEI nº 144322645)
M45: Total Geral | N45: =TRUNC((SUM(N20:N42)),2) -> 1059708.7 | O45: =TRUNC((SUM(O19:O42)),2) -> 1394344.8
A46: LOTE 02 | K46: ='IMPLANT NOVOS CANT COM'!K78 -> DMT Viveiro I (155619689) | M46: ='IMPLANT NOVOS CANT COM'!M78 -> 17.9 | N46: ='IMPLANT NOVOS CANT COM'!N78 -> DMT Viveiro II (155619689) | O46: ='IMPLANT NOVOS CANT COM'!O78 -> 6.2
A47: Locais: | B47: Plano Piloto (PP)2 e Setor de indústria e Abastecimento (SIA)1. Compreende a Asa Norte, Noroeste, incluindo os setores SAAN, SOFN, SMU e Água Mineral, assim como a faixa de domínio da DF 003/EPIA Norte do Viaduto da Rodoferroviária até o Viaduto do Torto, toda área Norte a partir da Via N1. | K47: ='IMPLANT NOVOS CANT COM'!K79 -> DMT URE (155619689) | M47: ='IMPLANT NOVOS CANT COM'!M79 -> 19.1 | N47: =N15 -> Área canteiros | O47: 20577.12
A48: =A16 -> 1.00 | B48: =B16 -> MANUTENÇÃO CANTEIROS ORNAMENTAIS
A49: Item | B49: Código | C49: Origem | D49: Descrição | E49: =E17 -> Unid. | F49: Frequência anual | G49: Espessura (m) | H49: DMT | I49: Coeficiente | J49: Quant. | K49: Quant. Total | L49: Custo unit. s/ BDI | M49: Custo unit. c/ BDI | N49: Custo Total s/ BDI | O49: Custo Total c/ BDI
A51: =A19 -> 1.01 | B51: =B19 -> Análise de solo
B52: =B20 -> SE 39.05.0050 (/) | C52: =C20 -> SCO | D52: =D20 -> Analise laboratorial de solo de arvores.(desonerado) | E52: =E20 -> und | F52: =F20 -> - | G52: =G20 -> - | H52: =H20 -> - | I52: =I20 -> - | J52: =TRUNC(ROUNDUP((O47/$U$13),0),4) -> 113 | K52: =TRUNC((J52),4) -> 113 | L52: =L20 -> 250 | M52: =TRUNC(L52*(1+$O$6),4) -> 328.95 | N52: =TRUNC((K52*L52),4) -> 28250 | O52: =TRUNC((K52*M52),4) -> 37171.35
A53: =A21 -> 1 | B53: O valor 113 da quantidade foi estabelecido pela divisão da área total do lote pela área do canteiro médio, conforme Estudo Técnico Preliminar NOVACAP-PRES-DU-DPJ (SEI nº 155817930), isto é: 20.577,12/183,2 = 112,3205. Arredondamos para cima entendendo que não seria possível aplicação de valor fracionário à quantidade de ensaios a serem executados.
A55: =A23 -> 1.02 | B55: =B23 -> Capina manual
B56: =B24 -> 4915744 | C56: =C24 -> SICRO | D56: =D24 -> Capina manual | E56: =E24 -> m2 | F56: =F24 -> 3 | G56: =G24 -> - | H56: =H24 -> - | I56: =I24 -> - | J56: =O47 -> 20577.12 | K56: =TRUNC((F56*J56),4) -> 61731.36 | L56: =L24 -> 0.64 | M56: =TRUNC(L56*(1+$O$6),4) -> 0.8421 | N56: =TRUNC((K56*L56),4) -> 39508.07 | O56: =TRUNC((K56*M56),4) -> 51983.978
A58: =A26 -> 1.03 | B58: =B26 -> Combate de formigas, com aplicacao de formicida
B59: =B27 -> PJ 19.05.0390 (/)M | C59: =C27 -> SCO | D59: =D27 -> Combate de formigas, com aplicacao de formicida, em encosta.(desonerado) | E59: =E27 -> m2 | F59: =F27 -> 3 | G59: =G27 -> - | H59: =H27 -> - | I59: =I27 -> 0.005 | J59: =O47 -> 20577.12 | K59: =TRUNC((F59*I59*J59),4) -> 308.6568 | L59: =L27 -> 0.26 | M59: =TRUNC(L59*(1+$O$6),4) -> 0.3421 | N59: =TRUNC((K59*L59),4) -> 80.2507 | O59: =TRUNC((K59*M59),4) -> 105.5914
A60: =A28 -> 2 | B60: =B28 -> O valor 0,5% foi lançado em atendimento ao item 7.5.1.2. do Estudo Técnico Preliminar NOVACAP/DU/DPJ/DIMAVE/SEMARB (140876387)
A62: =A30 -> 1.04 | B62: =B30 -> Combate de cupins
B63: =B31 -> C1080 | C63: =C31 -> SEINFRA | D63: =D31 -> DESPRAGUEJAMENTO DE ÁREAS GRAMADAS | E63: =E31 -> m2 | F63: =F31 -> 3 | G63: =G31 -> - | H63: =H31 -> - | I63: =I31 -> 0.00125 | J63: =O47 -> 20577.12 | K63: =TRUNC((F63*I63*J63),4) -> 77.1642 | L63: =L31 -> 0.09 | M63: =TRUNC(L63*(1+$O$6),4) -> 0.1184 | N63: =TRUNC((K63*L63),4) -> 6.9447 | O63: =TRUNC((K63*M63),4) -> 9.1362
A64: =A32 -> 3 | B64: =B32 -> O valor 0,125% foi lançado em atendimento ao item 7.6.1. do Estudo Técnico Preliminar NOVACAP/DU/DPJ/DIMAVE/SEMARB (140876387)
A66: =A34 -> 1.05 | B66: =B34 -> Transporte mudas (caminhão baú)
B67: =B35 -> 100947 | C67: =C35 -> SINAPI | D67: =D35 -> TRANSPORTE COM CAMINHÃO CARROCERIA 9T, EM VIA URBANA PAVIMENTADA, DMT ATÉ 30KM (UNIDADE: TXKM). AF_07/2020 | E67: =E35 -> tkm | F67: =F35 -> 3 | G67: =G35 -> - | H67: =M46 -> 17.9 | I67: =I35 -> - | J67: =$X$17 -> 0.9019 | K67: =TRUNC((F67*H67*J67),4) -> 48.432 | L67: =L35 -> 2.18 | M67: =TRUNC(L67*(1+$O$6),4) -> 2.8684 | N67: =TRUNC((K67*L67),4) -> 105.5817 | O67: =TRUNC((K67*M67),4) -> 138.9223
A68: =A36 -> 4 | B68: =B36 -> O valor 0,9019 se referiu a multiplicação do valor de 51,54 kg/m2 (média do peso/m2 (kg) do recipiente caixa plástica com 48 mudas em sacos 8x8 - SEI 139302256), em toneladas, pela área da carroceria do caminhão toco, PBT 16.000kg do serviço SINAPI 100497 (dimensões 2,5 x 7,00 x 0,5m), isto é : 0,05154 (t/m2) x 2,5 (m) x 7 (m) = 0,9019 t
A70: =A38 -> 1.06 | B70: =B38 -> Replantio de flores, ervas e arbustos
B71: =B39 -> 98505M1 | C71: =C39 -> SINAPI | D71: =D39 -> Plantio de forração. AF_07/2024 (replantio) | E71: =E39 -> m2 | F71: =F39 -> 3 | G71: =G39 -> - | H71: =H39 -> - | I71: =I39 -> - | J71: =O47 -> 20577.12 | K71: =TRUNC((F71*J71),4) -> 61731.36 | L71: =L39 -> 6.68 | M71: =TRUNC(L71*(1+$O$6),4) -> 8.7895 | N71: =TRUNC((K71*L71),4) -> 412365.48 | O71: =TRUNC((K71*M71),4) -> 542587.79
A73: =A41 -> 1.07 | B73: =B41 -> Roçagem beirado canteiro
B74: =B42 -> 4915776 | C74: =C42 -> SICRO | D74: =D42 -> Roçada com roçadeira costal | E74: =E42 -> m2 | F74: =F42 -> 18 | G74: =G42 -> - | H74: =H42 -> - | I74: =I42 -> 0.3212 | J74: =J59 -> 20577.12 | K74: =TRUNC((F74*I74*J74),4) -> 118968.68 | L74: =L42 -> 0.06 | M74: =TRUNC(L74*(1+$O$6),4) -> 0.0789 | N74: =TRUNC((K74*L74),4) -> 7138.1206 | O74: =TRUNC((K74*M74),4) -> 9386.6286
A75: =A43 -> 5 | B75: =B43 -> O valor 32,12% correspondeu ao percentual comparativo entre as áreas de roçagem e do canteiro padrão (183,20 m2), conforme Despacho NOVACAP/PRES/DU/DPJ/DIAVE (SEI nº 144322645)
M77: =M45 -> Total Geral | N77: =TRUNC((SUM(N52:N74)),2) -> 487454.45 | O77: =TRUNC((SUM(O51:O74)),2) -> 641383.39
A78: LOTE 03 | K78: ='IMPLANT NOVOS CANT COM'!K142 -> DMT Viveiro I (155619844) | M78: ='IMPLANT NOVOS CANT COM'!M142 -> 24.3 | N78: ='IMPLANT NOVOS CANT COM'!N142 -> DMT Viveiro II (155619844) | O78: ='IMPLANT NOVOS CANT COM'!O142 -> 26.4
A79: Locais: | B79: São Sebastiao (SAO), Lago Sul (LS) e Jardim Botânico (JB). Compreende todo o complexo Penitenciário, incluindo a faixa de domínio da DF 001/ BR-025 da EPDB até o viaduto da linha férrea, próximo ao Córrego da Onça, DF 463, DF 473, DF 465, DF 140. | K79: ='IMPLANT NOVOS CANT COM'!K143 -> DMT URE (155619844) | M79: ='IMPLANT NOVOS CANT COM'!M143 -> 34.7 | N79: Área canteiros | O79: 20552.1
A80: =A48 -> 1.00 | B80: =B48 -> MANUTENÇÃO CANTEIROS ORNAMENTAIS
A81: Item | B81: Código | C81: Origem | D81: Descrição | E81: =E49 -> Unid. | F81: Frequência anual | G81: Espessura (m) | H81: DMT | I81: Coeficiente | J81: Quant. | K81: Quant. Total | L81: Custo unit. s/ BDI | M81: Custo unit. c/ BDI | N81: Custo Total s/ BDI | O81: Custo Total c/ BDI
A83: =A51 -> 1.01 | B83: =B51 -> Análise de solo
B84: =B52 -> SE 39.05.0050 (/) | C84: =C52 -> SCO | D84: =D52 -> Analise laboratorial de solo de arvores.(desonerado) | E84: =E52 -> und | F84: =F52 -> - | G84: =G52 -> - | H84: =H52 -> - | I84: =I52 -> - | J84: =TRUNC(ROUNDUP((O79/$U$13),0),4) -> 113 | K84: =TRUNC((J84),4) -> 113 | L84: =L52 -> 250 | M84: =TRUNC(L84*(1+$O$6),4) -> 328.95 | N84: =TRUNC((K84*L84),4) -> 28250 | O84: =TRUNC((K84*M84),4) -> 37171.35
A85: =A53 -> 1 | B85: O valor 113 da quantidade foi estabelecido pela divisão da área total do lote pela área do canteiro médio, conforme Estudo Técnico Preliminar NOVACAP-PRES-DU-DPJ (SEI nº 155817930), isto é: 20.552,10/183,2 = 112,1839. Arredondamos para cima entendendo que não seria possível aplicação de valor fracionário à quantidade de ensaios a serem executados.
A87: =A55 -> 1.02 | B87: =B55 -> Capina manual
B88: =B56 -> 4915744 | C88: =C56 -> SICRO | D88: =D56 -> Capina manual | E88: =E56 -> m2 | F88: =F56 -> 3 | G88: =G56 -> - | H88: =H56 -> - | I88: =I56 -> - | J88: =O79 -> 20552.1 | K88: =TRUNC((F88*J88),4) -> 61656.3 | L88: =L56 -> 0.64 | M88: =TRUNC(L88*(1+$O$6),4) -> 0.8421 | N88: =TRUNC((K88*L88),4) -> 39460.032 | O88: =TRUNC((K88*M88),4) -> 51920.77
A90: =A58 -> 1.03 | B90: =B58 -> Combate de formigas, com aplicacao de formicida
B91: =B59 -> PJ 19.05.0390 (/)M | C91: =C59 -> SCO | D91: =D59 -> Combate de formigas, com aplicacao de formicida, em encosta.(desonerado) | E91: =E59 -> m2 | F91: =F59 -> 3 | G91: =G59 -> - | H91: =H59 -> - | I91: =I59 -> 0.005 | J91: =O79 -> 20552.1 | K91: =TRUNC((F91*I91*J91),4) -> 308.2815 | L91: =L59 -> 0.26 | M91: =TRUNC(L91*(1+$O$6),4) -> 0.3421 | N91: =TRUNC((K91*L91),4) -> 80.1531 | O91: =TRUNC((K91*M91),4) -> 105.4631
A92: =A60 -> 2 | B92: =B60 -> O valor 0,5% foi lançado em atendimento ao item 7.5.1.2. do Estudo Técnico Preliminar NOVACAP/DU/DPJ/DIMAVE/SEMARB (140876387)
A94: =A62 -> 1.04 | B94: =B62 -> Combate de cupins
B95: =B63 -> C1080 | C95: =C63 -> SEINFRA | D95: =D63 -> DESPRAGUEJAMENTO DE ÁREAS GRAMADAS | E95: =E63 -> m2 | F95: =F63 -> 3 | G95: =G63 -> - | H95: =H63 -> - | I95: =I63 -> 0.00125 | J95: =O79 -> 20552.1 | K95: =TRUNC((F95*I95*J95),4) -> 77.0703 | L95: =L63 -> 0.09 | M95: =TRUNC(L95*(1+$O$6),4) -> 0.1184 | N95: =TRUNC((K95*L95),4) -> 6.9363 | O95: =TRUNC((K95*M95),4) -> 9.1251
A96: =A64 -> 3 | B96: =B64 -> O valor 0,125% foi lançado em atendimento ao item 7.6.1. do Estudo Técnico Preliminar NOVACAP/DU/DPJ/DIMAVE/SEMARB (140876387)
A98: =A66 -> 1.05 | B98: =B66 -> Transporte mudas (caminhão baú)
B99: =B67 -> 100947 | C99: =C67 -> SINAPI | D99: =D67 -> TRANSPORTE COM CAMINHÃO CARROCERIA 9T, EM VIA URBANA PAVIMENTADA, DMT ATÉ 30KM (UNIDADE: TXKM). AF_07/2020 | E99: =E67 -> tkm | F99: =F67 -> 3 | G99: =G67 -> - | H99: =M78 -> 24.3 | I99: =I67 -> - | J99: =$X$17 -> 0.9019 | K99: =TRUNC((F99*H99*J99),4) -> 65.7485 | L99: =L67 -> 2.18 | M99: =TRUNC(L99*(1+$O$6),4) -> 2.8684 | N99: =TRUNC((K99*L99),4) -> 143.3317 | O99: =TRUNC((K99*M99),4) -> 188.5929
A100: =A68 -> 4 | B100: =B68 -> O valor 0,9019 se referiu a multiplicação do valor de 51,54 kg/m2 (média do peso/m2 (kg) do recipiente caixa plástica com 48 mudas em sacos 8x8 - SEI 139302256), em toneladas, pela área da carroceria do caminhão toco, PBT 16.000kg do serviço SINAPI 100497 (dimensões 2,5 x 7,00 x 0,5m), isto é : 0,05154 (t/m2) x 2,5 (m) x 7 (m) = 0,9019 t
A102: =A70 -> 1.06 | B102: =B70 -> Replantio de flores, ervas e arbustos
B103: =B71 -> 98505M1 | C103: =C71 -> SINAPI | D103: =D71 -> Plantio de forração. AF_07/2024 (replantio) | E103: =E71 -> m2 | F103: =F71 -> 3 | G103: =G71 -> - | H103: =H71 -> - | I103: =I71 -> - | J103: =O79 -> 20552.1 | K103: =TRUNC((F103*J103),4) -> 61656.3 | L103: =L71 -> 6.68 | M103: =TRUNC(L103*(1+$O$6),4) -> 8.7895 | N103: =TRUNC((K103*L103),4) -> 411864.08 | O103: =TRUNC((K103*M103),4) -> 541928.05
A105: =A73 -> 1.07 | B105: =B73 -> Roçagem beirado canteiro
B106: =B74 -> 4915776 | C106: =C74 -> SICRO | D106: =D74 -> Roçada com roçadeira costal | E106: =E74 -> m2 | F106: =F74 -> 18 | G106: =G74 -> - | H106: =H74 -> - | I106: =I74 -> 0.3212 | J106: =J91 -> 20552.1 | K106: =TRUNC((F106*I106*J106),4) -> 118824.02 | L106: =L74 -> 0.06 | M106: =TRUNC(L106*(1+$O$6),4) -> 0.0789 | N106: =TRUNC((K106*L106),4) -> 7129.4412 | O106: =TRUNC((K106*M106),4) -> 9375.2152
A107: =A75 -> 5 | B107: =B75 -> O valor 32,12% correspondeu ao percentual comparativo entre as áreas de roçagem e do canteiro padrão (183,20 m2), conforme Despacho NOVACAP/PRES/DU/DPJ/DIAVE (SEI nº 144322645)
M109: =M77 -> Total Geral | N109: =TRUNC((SUM(N84:N106)),2) -> 486933.97 | O109: =TRUNC((SUM(O83:O106)),2) -> 640698.56
A110: LOTE 04 | K110: ='IMPLANT NOVOS CANT COM'!K206 -> DMT Viveiro I (155620119) | M110: ='IMPLANT NOVOS CANT COM'!M206 -> 30 | N110: ='IMPLANT NOVOS CANT COM'!N206 -> DMT Viveiro II (155620119) | O110: ='IMPLANT NOVOS CANT COM'!O206 -> 15.9
A111: Locais: | B111: Paranoá (PAR), Lago Norte (LN), Varjão (VARJ) e ltapoã (ITAP). incluindo a Granja do Torto, assim como a faixa de domínio da DF 009 da EPIA até o Clube do Congresso, DF 003, do Viaduto do Torto até o Viaduto do Colorado (incluindo os mesmos), DF 001, do Viaduto do Colorado até a Barragem do Paranoá, DF 005, até a Barragem do Paranoá, DF 015, DF 479, até a DF 130. | K111: ='IMPLANT NOVOS CANT COM'!K207 -> DMT URE (155620119) | M111: ='IMPLANT NOVOS CANT COM'!M207 -> 29.8 | N111: Área canteiros | O111: 13969.91
A112: =A80 -> 1.00 | B112: =B80 -> MANUTENÇÃO CANTEIROS ORNAMENTAIS
A113: Item | B113: Código | C113: Origem | D113: Descrição | E113: =E81 -> Unid. | F113: Frequência anual | G113: Espessura (m) | H113: DMT | I113: Coeficiente | J113: Quant. | K113: Quant. Total | L113: Custo unit. s/ BDI | M113: Custo unit. c/ BDI | N113: Custo Total s/ BDI | O113: Custo Total c/ BDI
A115: =A83 -> 1.01 | B115: =B83 -> Análise de solo
B116: =B84 -> SE 39.05.0050 (/) | C116: =C84 -> SCO | D116: =D84 -> Analise laboratorial de solo de arvores.(desonerado) | E116: =E84 -> und | F116: =F84 -> - | G116: =G84 -> - | H116: =H84 -> - | I116: =I84 -> - | J116: =TRUNC(ROUNDUP((O111/$U$13),0),4) -> 77 | K116: =TRUNC((J116),4) -> 77 | L116: =L84 -> 250 | M116: =TRUNC(L116*(1+$O$6),4) -> 328.95 | N116: =TRUNC((K116*L116),4) -> 19250 | O116: =TRUNC((K116*M116),4) -> 25329.15
A117: =A85 -> 1 | B117: O valor 77 da quantidade foi estabelecido pela divisão da área total do lote pela área do canteiro médio, conforme Estudo Técnico Preliminar NOVACAP-PRES-DU-DPJ (SEI nº 155817930), isto é: 13.969,91/183,2 = 76,2549. Arredondamos para cima entendendo que não seria possível aplicação de valor fracionário à quantidade de ensaios a serem executados.
A119: =A87 -> 1.02 | B119: =B87 -> Capina manual
B120: =B88 -> 4915744 | C120: =C88 -> SICRO | D120: =D88 -> Capina manual | E120: =E88 -> m2 | F120: =F88 -> 3 | G120: =G88 -> - | H120: =H88 -> - | I120: =I88 -> - | J120: =O111 -> 13969.91 | K120: =TRUNC((F120*J120),4) -> 41909.73 | L120: =L88 -> 0.64 | M120: =TRUNC(L120*(1+$O$6),4) -> 0.8421 | N120: =TRUNC((K120*L120),4) -> 26822.227 | O120: =TRUNC((K120*M120),4) -> 35292.184
A122: =A90 -> 1.03 | B122: =B90 -> Combate de formigas, com aplicacao de formicida
B123: =B91 -> PJ 19.05.0390 (/)M | C123: =C91 -> SCO | D123: =D91 -> Combate de formigas, com aplicacao de formicida, em encosta.(desonerado) | E123: =E91 -> m2 | F123: =F91 -> 3 | G123: =G91 -> - | H123: =H91 -> - | I123: =I91 -> 0.005 | J123: =O111 -> 13969.91 | K123: =TRUNC((F123*I123*J123),4) -> 209.5486 | L123: =L91 -> 0.26 | M123: =TRUNC(L123*(1+$O$6),4) -> 0.3421 | N123: =TRUNC((K123*L123),4) -> 54.4826 | O123: =TRUNC((K123*M123),4) -> 71.6865
A124: =A92 -> 2 | B124: =B92 -> O valor 0,5% foi lançado em atendimento ao item 7.5.1.2. do Estudo Técnico Preliminar NOVACAP/DU/DPJ/DIMAVE/SEMARB (140876387)
A126: =A94 -> 1.04 | B126: =B94 -> Combate de cupins
B127: =B95 -> C1080 | C127: =C95 -> SEINFRA | D127: =D95 -> DESPRAGUEJAMENTO DE ÁREAS GRAMADAS | E127: =E95 -> m2 | F127: =F95 -> 3 | G127: =G95 -> - | H127: =H95 -> - | I127: =I95 -> 0.00125 | J127: =O111 -> 13969.91 | K127: =TRUNC((F127*I127*J127),4) -> 52.3871 | L127: =L95 -> 0.09 | M127: =TRUNC(L127*(1+$O$6),4) -> 0.1184 | N127: =TRUNC((K127*L127),4) -> 4.7148 | O127: =TRUNC((K127*M127),4) -> 6.2026
A128: =A96 -> 3 | B128: =B96 -> O valor 0,125% foi lançado em atendimento ao item 7.6.1. do Estudo Técnico Preliminar NOVACAP/DU/DPJ/DIMAVE/SEMARB (140876387)
A130: =A98 -> 1.05 | B130: =B98 -> Transporte mudas (caminhão baú)
B131: =B99 -> 100947 | C131: =C99 -> SINAPI | D131: =D99 -> TRANSPORTE COM CAMINHÃO CARROCERIA 9T, EM VIA URBANA PAVIMENTADA, DMT ATÉ 30KM (UNIDADE: TXKM). AF_07/2020 | E131: =E99 -> tkm | F131: =F99 -> 3 | G131: =G99 -> - | H131: =M110 -> 30 | I131: =I99 -> - | J131: =$X$17 -> 0.9019 | K131: =TRUNC((F131*H131*J131),4) -> 81.171 | L131: =L99 -> 2.18 | M131: =TRUNC(L131*(1+$O$6),4) -> 2.8684 | N131: =TRUNC((K131*L131),4) -> 176.9527 | O131: =TRUNC((K131*M131),4) -> 232.8308
A132: =A100 -> 4 | B132: =B100 -> O valor 0,9019 se referiu a multiplicação do valor de 51,54 kg/m2 (média do peso/m2 (kg) do recipiente caixa plástica com 48 mudas em sacos 8x8 - SEI 139302256), em toneladas, pela área da carroceria do caminhão toco, PBT 16.000kg do serviço SINAPI 100497 (dimensões 2,5 x 7,00 x 0,5m), isto é : 0,05154 (t/m2) x 2,5 (m) x 7 (m) = 0,9019 t
A134: =A102 -> 1.06 | B134: =B102 -> Replantio de flores, ervas e arbustos
...

Sheet SUBSTITUICAO TOTAL COM
A5: Nº da estimativa: | D5: ='CAPA COM ALEX'!C9 -> DPJ 008/2024 | N5: Data: | O5: ='CAPA COM ALEX'!C13 -> 45607
A6: Interessado: | D6: ='CAPA COM ALEX'!C7 -> Departamento de Parques e Jardins - DPJ/DU/NOVACAP | N6: B.D.I.: | O6: ='CAPA COM ALEX'!C21 -> 0.3158 | Q6: 0.3158 | R6: 0.251
A7: Processo: | D7: ='CAPA COM ALEX'!C12 -> 00112-000264772024-61 | N7: Encargos: | O7: ='CAPA COM ALEX'!C20 -> COM DESONERAÇÃO
A8: Objeto: | D8: Contratação de empresa especializada para implantação e posterior manutenção de 35.000,00 m² (trinta e cinco mil metros quadrados) de novos canteiros e manutenção e substituição, quando necessário, de 97.310,18 m² de canteiros públicos urbanos já existentes no âmbito do Distrito Federal, incluindo os serviços de análise de solo, capina, adubação, aplicação de composto, calagem, escarificação, destorroamento, incorporação, nivelamento, plantio, transporte de mudas e composto, capina, controle fitossanitário, replantio, correção de borda de canteiro, replantio e irrigação. | N8: Data Base: | O8: ='CAPA COM ALEX'!C15 -> SINAPI-09/2024
O9: ='CAPA COM ALEX'!C16 -> SICRO-07/2024 | Q9: IMPLANTAÇÃO
O10: ='CAPA COM ALEX'!C17 -> SCO-09/2024 | Q10: LOTE 1
O11: ='CAPA COM ALEX'!C18 -> SEINFRA-028/028.1 | Q11: AMPLA | R11: RESERVA | T11: kg/m2 | U11: t/m2 | V11: m2 caminhão toco (5824) | X11: t
O12: ='CAPA COM ALEX'!C19 -> ADASA: Taxa SLU 2024 | Q12: =#REF! -> #REF! | R12: =#REF! -> #REF! | T12: 51.54 | U12: =T12/R20 -> 0.05154 | V12: 2,5 x 7 = | W12: =2.5*7 -> 17.5 | X12: =TRUNC((U12*W12),4) -> 0.9019
A13: Locais: | D13: ='CAPA COM ALEX'!C10 -> Distrito Federal
A14: LOTE 01 | K14: ='MANUTENÇÃO TOTAL COM'!K14 -> DMT Viveiro I (155619066) | M14: ='MANUTENÇÃO TOTAL COM'!M14 -> 12.9 | N14: ='MANUTENÇÃO TOTAL COM'!N14 -> DMT Viveiro II (155619066) | O14: ='MANUTENÇÃO TOTAL COM'!O14 -> 9.8 | Q14: CONSERVAÇÃO
A15: Locais: | B15: Plano Piloto (PP)1, Cruzeiro (CRUZ) e Sudoeste/Octogonal (SUDO). Compreende a Asa Sul, toda área Sul, a partir da Via N1. | K15: ='MANUTENÇÃO TOTAL COM'!K15 -> DMT URE (155619066) | M15: ='MANUTENÇÃO TOTAL COM'!M15 -> 15.3 | N15: Área canteiros | O15: ='MANUTENÇÃO TOTAL COM'!O15 -> 44748.18 | Q15: LOTE 1
A16: 1.00 | B16: SUBSTITUIÇÃO CANTEIROS ORNAMENTAIS | Q16: AMPLA | R16: RESERVA
A17: Item | B17: Código | C17: Origem | D17: Descrição | E17: Unid. | F17: Frequência anual | G17: Espessura (m) | H17: DMT | I17: Coeficiente | J17: Quant. | K17: Quant. Total | L17: Custo unit. s/ BDI | M17: Custo unit. c/ BDI | N17: Custo Total s/ BDI | O17: Custo Total c/ BDI | Q17: =#REF! -> #REF! | R17: =#REF! -> #REF!
A19: 1.01 | B19: Remoção de flores, ervas e arbustos | Q19: há | R19: 10000
B20: 4915744 | C20: =VLOOKUP(B20,'Custos unitarios Alex'!$A$3:$K$92,2,0) -> SICRO | D20: =VLOOKUP(B20,'Custos unitarios Alex'!$A$3:$K$92,4,0) -> Capina manual | E20: =VLOOKUP(B20,'Custos unitarios Alex'!$A$3:$K$92,5,0) -> m2 | F20: 3 | G20: - | H20: - | I20: - | J20: =O15 -> 44748.18 | K20: =TRUNC((F20*J20),4) -> 134244.54 | L20: =VLOOKUP(B20,'Custos unitarios Alex'!$A$3:$K$92,8,0) -> 0.64 | M20: =TRUNC(L20*(1+$O$6),4) -> 0.8421 | N20: =TRUNC((K20*L20),4) -> 85916.506 | O20: =TRUNC((K20*M20),4) -> 113047.33 | Q20: t | R20: 1000 | S20: kg
B22: 5915476 | C22: =VLOOKUP(B22,'Custos unitarios Alex'!$A$3:$K$92,2,0) -> SICRO | D22: =VLOOKUP(B22,'Custos unitarios Alex'!$A$3:$K$92,4,0) -> Carga, manobra e descarga de agregados ou solos em caminhão basculante de 6 m³ - carga manual e descarga livre | E22: =VLOOKUP(B22,'Custos unitarios Alex'!$A$3:$K$92,5,0) -> t | F22: - | G22: 0.4 | H22: - | I22: 0.1 | J22: =K20 -> 134244.54 | K22: =TRUNC((G22*I22*J22),4) -> 5369.7816 | L22: =VLOOKUP(B22,'Custos unitarios Alex'!$A$3:$K$92,8,0) -> 25.88 | M22: =TRUNC(L22*(1+$O$6),4) -> 34.0529 | N22: =TRUNC((K22*L22),4) -> 138969.95 | O22: =TRUNC((K22*M22),2) -> 182856.63
A23: 1 | B23: O valor 0,4 se refereriu a espessura média da camada vegetal a ser retirada (40cm) de acordo com quesito 5 do Despacho NOVACAP/PRES/DU/DPJ/DIAVE (SEI nº 142598875)
A24: 2 | B24: O valor 0,1 se referiu a massa específica do material vegetal a ser retirado (100kg/m3) conforme quesito 5 do Despacho NOVACAP/PRES/DU/DPJ/DIAVE (SEI nº 142598875)
A26: 1.02 | B26: Transporte do material removido
B27: 5914344 | C27: =VLOOKUP(B27,'Custos unitarios Alex'!$A$3:$K$92,2,0) -> SICRO | D27: =VLOOKUP(B27,'Custos unitarios Alex'!$A$3:$K$92,4,0) -> Transporte com caminhão basculante de 6 m³ - rodovia pavimentada | E27: =VLOOKUP(B27,'Custos unitarios Alex'!$A$3:$K$92,5,0) -> tkm | F27: 3 | G27: - | H27: =$O$14 -> 9.8 | I27: - | J27: =K22 -> 5369.7816 | K27: =TRUNC((F27*H27*J27),4) -> 157871.58 | L27: =VLOOKUP(B27,'Custos unitarios Alex'!$A$3:$K$92,8,0) -> 0.76 | M27: =TRUNC(L27*(1+$O$6),4) -> 1 | N27: =TRUNC((K27*L27),4) -> 119982.4 | O27: =TRUNC((K27*M27),2) -> 157871.57
A29: 1.03 | B29: Transporte do composto
B30: 5914344 | C30: =VLOOKUP(B30,'Custos unitarios Alex'!$A$3:$K$92,2,0) -> SICRO | D30: =VLOOKUP(B30,'Custos unitarios Alex'!$A$3:$K$92,4,0) -> Transporte com caminhão basculante de 6 m³ - rodovia pavimentada | E30: =VLOOKUP(B30,'Custos unitarios Alex'!$A$3:$K$92,5,0) -> tkm | F30: 3 | G30: 0.05 | H30: =$O$14 -> 9.8 | I30: 1.5 | J30: =O15 -> 44748.18 | K30: =TRUNC((F30*G30*H30*J30*I30),4) -> 98669.737 | L30: =VLOOKUP(B30,'Custos unitarios Alex'!$A$3:$K$92,8,0) -> 0.76 | M30: =TRUNC(L30*(1+$O$6),4) -> 1 | N30: =TRUNC((K30*L30),4) -> 74989 | O30: =TRUNC((K30*M30),2) -> 98669.73
A31: 3 | B31: O valor 0,05 corresponde e espessura estimada da camada do composto (5cm) conforme quesito 8 do Despacho NOVACAP/PRES/DU/DPJ/DIAVE (SEI nº 142598875)
A32: 4 | B32: O valor de 1,5 corresponde a massa específica de 1,5 t/m3 atribuida ao material do composto de acordo com quesito 5 do Despacho NOVACAP/PRES/DU/DPJ/DIAVE (SEI nº 142598875)
A34: 1.04 | B34: Aplicação NPK 5-25-15
B35: 4413022M1 | C35: =VLOOKUP(B35,'Custos unitarios Alex'!$A$3:$K$92,2,0) -> SICRO | D35: =VLOOKUP(B35,'Custos unitarios Alex'!$A$3:$K$92,4,0) -> Adubação manual de cobertura em areas de semeadura via seca ou de hidrossemeadura (somente adubação com NPK) | E35: =VLOOKUP(B35,'Custos unitarios Alex'!$A$3:$K$92,5,0) -> m2 | F35: 3 | G35: - | H35: - | I35: - | J35: =O15 -> 44748.18 | K35: =TRUNC((F35*J35),4) -> 134244.54 | L35: =TRUNC((VLOOKUP(B35,'Custos unitarios Alex'!$A$3:$K$92,8,0)),4) -> 0.55 | M35: =TRUNC(L35*(1+$O$6),4) -> 0.7236 | N35: =TRUNC((K35*L35),4) -> 73834.497 | O35: =TRUNC((K35*M35),4) -> 97139.349
A37: 1.05 | B37: Aplicação NPK 20-00-20 (adubação química de cobertura)
B38: 4413022M2 | C38: =VLOOKUP(B38,'Custos unitarios Alex'!$A$3:$K$92,2,0) -> SICRO | D38: =VLOOKUP(B38,'Custos unitarios Alex'!$A$3:$K$92,4,0) -> Adubação manual de cobertura em areas de semeadura via seca ou de hidrossemeadura (somente adubação com NPK) | E38: =VLOOKUP(B38,'Custos unitarios Alex'!$A$3:$K$92,5,0) -> m2 | F38: 3 | G38: - | H38: - | I38: - | J38: =O15 -> 44748.18 | K38: =TRUNC((F38*J38),4) -> 134244.54 | L38: =TRUNC((VLOOKUP(B38,'Custos unitarios Alex'!$A$3:$K$92,8,0)),4) -> 0.27 | M38: =TRUNC(L38*(1+$O$6),4) -> 0.3552 | N38: =TRUNC((K38*L38),4) -> 36246.026 | O38: =TRUNC((K38*M38),4) -> 47683.661
A40: 1.06 | B40: Aplicação pó calcáreo dolomítico
B41: 4413022M6 | C41: =VLOOKUP(B41,'Custos unitarios Alex'!$A$3:$K$92,2,0) -> SICRO | D41: =VLOOKUP(B41,'Custos unitarios Alex'!$A$3:$K$92,4,0) -> Adubação manual de cobertura em areas de semeadura via seca ou de hidrossemeadura (somente adubação com Pó Calcáreo Dolomítico) | E41: =VLOOKUP(B41,'Custos unitarios Alex'!$A$3:$K$92,5,0) -> m2 | F41: 3 | G41: - | H41: - | I41: - | J41: =O15 -> 44748.18 | K41: =TRUNC((F41*J41),4) -> 134244.54 | L41: =TRUNC((VLOOKUP(B41,'Custos unitarios Alex'!$A$3:$K$92,8,0)),4) -> 0.25 | M41: =TRUNC(L41*(1+$O$6),4) -> 0.3289 | N41: =TRUNC((K41*L41),4) -> 33561.135 | O41: =TRUNC((K41*M41),4) -> 44153.029
A43: 1.07 | B43: Aplicação adubo orgânico composto
B44: 4413022M3 | C44: =VLOOKUP(B44,'Custos unitarios Alex'!$A$3:$K$92,2,0) -> SICRO | D44: =VLOOKUP(B44,'Custos unitarios Alex'!$A$3:$K$92,4,0) -> Adubação manual de cobertura em areas de semeadura via seca ou de hidrossemeadura (somente adubação com adubo orgânico) | E44: =VLOOKUP(B44,'Custos unitarios Alex'!$A$3:$K$92,5,0) -> m2 | F44: 3 | G44: - | H44: - | I44: - | J44: =O15 -> 44748.18 | K44: =TRUNC((F44*J44),4) -> 134244.54 | L44: =VLOOKUP(B44,'Custos unitarios Alex'!$A$3:$K$92,8,0) -> 0.27 | M44: =TRUNC(L44*(1+$O$6),4) -> 0.3552 | N44: =TRUNC((K44*L44),4) -> 36246.026 | O44: =TRUNC((K44*M44),4) -> 47683.661
A46: 1.08 | B46: Aplicação gesso agrícola
B47: 4413022M4 | C47: =VLOOKUP(B47,'Custos unitarios Alex'!$A$3:$K$92,2,0) -> SICRO | D47: =VLOOKUP(B47,'Custos unitarios Alex'!$A$3:$K$92,4,0) -> Adubação manual de cobertura em areas de semeadura via seca ou de hidrossemeadura (somente adubação com gesso agrícola) | E47: =VLOOKUP(B47,'Custos unitarios Alex'!$A$3:$K$92,5,0) -> m2 | F47: 3 | G47: - | H47: - | I47: - | J47: =O15 -> 44748.18 | K47: =TRUNC((F47*J47),4) -> 134244.54 | L47: =VLOOKUP(B47,'Custos unitarios Alex'!$A$3:$K$92,8,0) -> 0.68 | M47: =TRUNC(L47*(1+$O$6),4) -> 0.8947 | N47: =TRUNC((K47*L47),4) -> 91286.287 | O47: =TRUNC((K47*M47),4) -> 120108.59
A49: 1.09 | B49: Aplicação fósforo + nutrientes (yoorin ou similar)
B50: 4413022M5 | C50: =VLOOKUP(B50,'Custos unitarios Alex'!$A$3:$K$92,2,0) -> SICRO | D50: =VLOOKUP(B50,'Custos unitarios Alex'!$A$3:$K$92,4,0) -> Adubação manual de cobertura em areas de semeadura via seca ou de hidrossemeadura (somente adubação com fósforo + nutrientes - yoorin ou similar) | E50: =VLOOKUP(B50,'Custos unitarios Alex'!$A$3:$K$92,5,0) -> m2 | F50: 3 | G50: - | H50: - | I50: - | J50: =O15 -> 44748.18 | K50: =TRUNC((F50*J50),4) -> 134244.54 | L50: =VLOOKUP(B50,'Custos unitarios Alex'!$A$3:$K$92,8,0) -> 0.73 | M50: =TRUNC(L50*(1+$O$6),4) -> 0.9605 | N50: =TRUNC((K50*L50),4) -> 97998.514 | O50: =TRUNC((K50*M50),4) -> 128941.88
A52: 1.10 | B52: Revolvimento Mecânico do solo
B53: C2235 | C53: =VLOOKUP(B53,'Custos unitarios Alex'!$A$3:$K$92,2,0) -> SEINFRA | D53: =VLOOKUP(B53,'Custos unitarios Alex'!$A$3:$K$92,4,0) -> REVOLVIMENTO MECANICO DE TERRA PROFUNDIDADE 20-30cm | E53: =VLOOKUP(B53,'Custos unitarios Alex'!$A$3:$K$92,5,0) -> m2 | F53: 3 | G53: - | H53: - | I53: - | J53: =O15 -> 44748.18 | K53: =TRUNC((F53*J53),4) -> 134244.54 | L53: =VLOOKUP(B53,'Custos unitarios Alex'!$A$3:$K$92,8,0) -> 0.52 | M53: =TRUNC(L53*(1+$O$6),4) -> 0.6842 | N53: =TRUNC((K53*L53),4) -> 69807.161 | O53: =TRUNC((K53*M53),2) -> 91850.11
A55: 1.11 | B55: Nivelamento
B56: PJ 19.05.0600M (/) | C56: =VLOOKUP(B56,'Custos unitarios Alex'!$A$3:$K$92,2,0) -> SCO | D56: =VLOOKUP(B56,'Custos unitarios Alex'!$A$3:$K$92,4,0) -> Nivelamento e compactação de áreas ensaibradas (exclusive: compactação)(desonerado) | E56: =VLOOKUP(B56,'Custos unitarios Alex'!$A$3:$K$92,5,0) -> m2 | F56: 3 | G56: - | H56: - | I56: - | J56: =O15 -> 44748.18 | K56: =TRUNC((F56*J56),4) -> 134244.54 | L56: =VLOOKUP(B56,'Custos unitarios Alex'!$A$3:$K$92,8,0) -> 0.13 | M56: =TRUNC(L56*(1+$O$6),4) -> 0.171 | N56: =TRUNC((K56*L56),4) -> 17451.79 | O56: =TRUNC((K56*M56),2) -> 22955.81
A58: 1.12 | B58: Transporte mudas (caminhão baú)
B59: 100947 | C59: =VLOOKUP(B59,'Custos unitarios Alex'!$A$3:$K$92,2,0) -> SINAPI | D59: =VLOOKUP(B59,'Custos unitarios Alex'!$A$3:$K$92,4,0) -> TRANSPORTE COM CAMINHÃO CARROCERIA 9T, EM VIA URBANA PAVIMENTADA, DMT ATÉ 30KM (UNIDADE: TXKM). AF_07/2020 | E59: =VLOOKUP(B59,'Custos unitarios Alex'!$A$3:$K$92,5,0) -> tkm | F59: 3 | G59: - | H59: =M14 -> 12.9 | I59: - | J59: =$X$12 -> 0.9019 | K59: =TRUNC((F59*H59*J59),4) -> 34.9035 | L59: =VLOOKUP(B59,'Custos unitarios Alex'!$A$3:$K$92,8,0) -> 2.18 | M59: =TRUNC(L59*(1+$O$6),4) -> 2.8684 | N59: =TRUNC((K59*L59),4) -> 76.0896 | O59: =TRUNC((K59*M59),2) -> 100.11
A60: 5 | B60: O valor 0,9019 se referiu a multiplicação do valor de 51,54 kg/m2 (média do peso/m2 (kg) do recipiente caixa plástica com 48 mudas em sacos 8x8 - SEI 139302256), em toneladas, pela área da carroceria do caminhão toco, PBT 16.000kg do serviço SINAPI 100497 (dimensões 2,5 x 7,00 x 0,5m), isto é : 0,05154 (t/m2) x 2,5 (m) x 7 (m) = 0,9019 t
A62: 1.13 | B62: Plantio de flores, ervas e arbustos
B63: 98505M | C63: =VLOOKUP(B63,'Custos unitarios Alex'!$A$3:$K$92,2,0) -> SINAPI | D63: =VLOOKUP(B63,'Custos unitarios Alex'!$A$3:$K$92,4,0) -> Plantio de forração. AF_07/2024 | E63: =VLOOKUP(B63,'Custos unitarios Alex'!$A$3:$K$92,5,0) -> m2 | F63: 3 | G63: - | H63: - | I63: - | J63: =O15 -> 44748.18 | K63: =TRUNC((F63*J63),4) -> 134244.54 | L63: =VLOOKUP(B63,'Custos unitarios Alex'!$A$3:$K$92,8,0) -> 6.68 | M63: =TRUNC(L63*(1+$O$6),4) -> 8.7895 | N63: =TRUNC((K63*L63),4) -> 896753.53 | O63: =TRUNC((K63*M63),2) -> 1179942.4
M65: Total Geral | N65: =TRUNC((SUM(N20:N64)),2) -> 1773118.9 | O65: =TRUNC((SUM(O20:O64)),2) -> 2333003.8
A66: LOTE 02 | K66: ='MANUTENÇÃO TOTAL COM'!K46 -> DMT Viveiro I (155619689) | M66: ='MANUTENÇÃO TOTAL COM'!M46 -> 17.9 | N66: ='MANUTENÇÃO TOTAL COM'!N46 -> DMT Viveiro II (155619689) | O66: ='MANUTENÇÃO TOTAL COM'!O46 -> 6.2
A67: Locais: | B67: Plano Piloto (PP)2 e Setor de indústria e Abastecimento (SIA)1. Compreende a Asa Norte, Noroeste, incluindo os setores SAAN, SOFN, SMU e Água Mineral, assim como a faixa de domínio da DF 003/EPIA Norte do Viaduto da Rodoferroviária até o Viaduto do Torto, toda área Norte a partir da Via N1. | K67: ='MANUTENÇÃO TOTAL COM'!K47 -> DMT URE (155619689) | M67: ='MANUTENÇÃO TOTAL COM'!M47 -> 19.1 | N67: Área canteiros | O67: ='MANUTENÇÃO TOTAL COM'!O47 -> 20577.12
A68: =A16 -> 1.00 | B68: =B16 -> SUBSTITUIÇÃO CANTEIROS ORNAMENTAIS
A69: Item | B69: Código | C69: Origem | D69: Descrição | E69: Unid. | F69: Frequência anual | G69: Espessura (m) | H69: DMT | I69: Referência / Coeficiente | J69: Quant. | K69: Quant. Total | L69: Custo unit. s/ BDI | M69: Custo unit. c/ BDI | N69: Custo Total s/ BDI | O69: Custo Total c/ BDI
A71: =A19 -> 1.01 | B71: =B19 -> Remoção de flores, ervas e arbustos
B72: =B20 -> 4915744 | C72: =C20 -> SICRO | D72: =D20 -> Capina manual | E72: =E20 -> m2 | F72: =F20 -> 3 | G72: =G20 -> - | H72: =H20 -> - | I72: =I20 -> - | J72: =O67 -> 20577.12 | K72: =TRUNC((F72*J72),4) -> 61731.36 | L72: =L20 -> 0.64 | M72: =TRUNC(L72*(1+$O$6),4) -> 0.8421 | N72: =TRUNC((K72*L72),4) -> 39508.07 | O72: =TRUNC((K72*M72),4) -> 51983.978
B74: =B22 -> 5915476 | C74: =C22 -> SICRO | D74: =D22 -> Carga, manobra e descarga de agregados ou solos em caminhão basculante de 6 m³ - carga manual e descarga livre | E74: =E22 -> t | F74: =F22 -> - | G74: =G22 -> 0.4 | H74: =H22 -> - | I74: =I22 -> 0.1 | J74: =K72 -> 61731.36 | K74: =TRUNC((G74*I74*J74),4) -> 2469.2544 | L74: =L22 -> 25.88 | M74: =M22 -> 34.0529 | N74: =TRUNC((K74*L74),4) -> 63904.304 | O74: =TRUNC((K74*M74),2) -> 84085.27
A75: =A23 -> 1 | B75: =B23 -> O valor 0,4 se refereriu a espessura média da camada vegetal a ser retirada (40cm) de acordo com quesito 5 do Despacho NOVACAP/PRES/DU/DPJ/DIAVE (SEI nº 142598875)
A76: =A24 -> 2 | B76: =B24 -> O valor 0,1 se referiu a massa específica do material vegetal a ser retirado (100kg/m3) conforme quesito 5 do Despacho NOVACAP/PRES/DU/DPJ/DIAVE (SEI nº 142598875)
A78: =A26 -> 1.02 | B78: =B26 -> Transporte do material removido
B79: =B27 -> 5914344 | C79: =C27 -> SICRO | D79: =D27 -> Transporte com caminhão basculante de 6 m³ - rodovia pavimentada | E79: =E27 -> tkm | F79: =F27 -> 3 | G79: =G27 -> - | H79: =O66 -> 6.2 | I79: =I27 -> - | J79: =K74 -> 2469.2544 | K79: =TRUNC((F79*H79*J79),4) -> 45928.132 | L79: =L27 -> 0.76 | M79: =M27 -> 1 | N79: =TRUNC((K79*L79),4) -> 34905.38 | O79: =TRUNC((K79*M79),2) -> 45928.13
A81: =A29 -> 1.03 | B81: =B29 -> Transporte do composto
B82: =B30 -> 5914344 | C82: =C30 -> SICRO | D82: =D30 -> Transporte com caminhão basculante de 6 m³ - rodovia pavimentada | E82: =E30 -> tkm | F82: =F30 -> 3 | G82: =G30 -> 0.05 | H82: =H79 -> 6.2 | I82: =I30 -> 1.5 | J82: =O67 -> 20577.12 | K82: =TRUNC((F82*G82*H82*J82*I82),4) -> 28705.082 | L82: =L30 -> 0.76 | M82: =M30 -> 1 | N82: =TRUNC((K82*L82),4) -> 21815.863 | O82: =TRUNC((K82*M82),2) -> 28705.08
A83: =A31 -> 3 | B83: =B31 -> O valor 0,05 corresponde e espessura estimada da camada do composto (5cm) conforme quesito 8 do Despacho NOVACAP/PRES/DU/DPJ/DIAVE (SEI nº 142598875)
A84: =A32 -> 4 | B84: =B32 -> O valor de 1,5 corresponde a massa específica de 1,5 t/m3 atribuida ao material do composto de acordo com quesito 5 do Despacho NOVACAP/PRES/DU/DPJ/DIAVE (SEI nº 142598875)
A86: =A34 -> 1.04 | B86: =B34 -> Aplicação NPK 5-25-15
B87: =B35 -> 4413022M1 | C87: =C35 -> SICRO | D87: =D35 -> Adubação manual de cobertura em areas de semeadura via seca ou de hidrossemeadura (somente adubação com NPK) | E87: =E35 -> m2 | F87: =F35 -> 3 | G87: =G35 -> - | H87: =H35 -> - | I87: =I35 -> - | J87: =O67 -> 20577.12 | K87: =TRUNC((F87*J87),4) -> 61731.36 | L87: =L35 -> 0.55 | M87: =M35 -> 0.7236 | N87: =TRUNC((K87*L87),4) -> 33952.248 | O87: =TRUNC((K87*M87),4) -> 44668.812
A89: =A37 -> 1.05 | B89: =B37 -> Aplicação NPK 20-00-20 (adubação química de cobertura)
B90: =B38 -> 4413022M2 | C90: =C38 -> SICRO | D90: =D38 -> Adubação manual de cobertura em areas de semeadura via seca ou de hidrossemeadura (somente adubação com NPK) | E90: =E38 -> m2 | F90: =F38 -> 3 | G90: =G38 -> - | H90: =H38 -> - | I90: =I38 -> - | J90: =O67 -> 20577.12 | K90: =TRUNC((F90*J90),4) -> 61731.36 | L90: =L38 -> 0.27 | M90: =M38 -> 0.3552 | N90: =TRUNC((K90*L90),4) -> 16667.467 | O90: =TRUNC((K90*M90),4) -> 21926.979
A92: =A40 -> 1.06 | B92: =B40 -> Aplicação pó calcáreo dolomítico
B93: =B41 -> 4413022M6 | C93: =C41 -> SICRO | D93: =D41 -> Adubação manual de cobertura em areas de semeadura via seca ou de hidrossemeadura (somente adubação com Pó Calcáreo Dolomítico) | E93: =E41 -> m2 | F93: =F41 -> 3 | G93: =G41 -> - | H93: =H41 -> - | I93: =I41 -> - | J93: =O67 -> 20577.12 | K93: =TRUNC((F93*J93),4) -> 61731.36 | L93: =L41 -> 0.25 | M93: =M41 -> 0.3289 | N93: =TRUNC((K93*L93),4) -> 15432.84 | O93: =TRUNC((K93*M93),4) -> 20303.444
A95: =A43 -> 1.07 | B95: =B43 -> Aplicação adubo orgânico composto
B96: =B44 -> 4413022M3 | C96: =C44 -> SICRO | D96: =D44 -> Adubação manual de cobertura em areas de semeadura via seca ou de hidrossemeadura (somente adubação com adubo orgânico) | E96: =E44 -> m2 | F96: =F44 -> 3 | G96: =G44 -> - | H96: =H44 -> - | I96: =I44 -> - | J96: =O67 -> 20577.12 | K96: =TRUNC((F96*J96),4) -> 61731.36 | L96: =L44 -> 0.27 | M96: =M44 -> 0.3552 | N96: =TRUNC((K96*L96),4) -> 16667.467 | O96: =TRUNC((K96*M96),4) -> 21926.979
A98: =A46 -> 1.08 | B98: =B46 -> Aplicação gesso agrícola
B99: =B47 -> 4413022M4 | C99: =C47 -> SICRO | D99: =D47 -> Adubação manual de cobertura em areas de semeadura via seca ou de hidrossemeadura (somente adubação com gesso agrícola) | E99: =E47 -> m2 | F99: =F47 -> 3 | G99: =G47 -> - | H99: =H47 -> - | I99: =I47 -> - | J99: =O67 -> 20577.12 | K99: =TRUNC((F99*J99),4) -> 61731.36 | L99: =L47 -> 0.68 | M99: =M47 -> 0.8947 | N99: =TRUNC((K99*L99),4) -> 41977.325 | O99: =TRUNC((K99*M99),4) -> 55231.048
A101: =A49 -> 1.09 | B101: =B49 -> Aplicação fósforo + nutrientes (yoorin ou similar)
B102: =B50 -> 4413022M5 | C102: =C50 -> SICRO | D102: =D50 -> Adubação manual de cobertura em areas de semeadura via seca ou de hidrossemeadura (somente adubação com fósforo + nutrientes - yoorin ou similar) | E102: =E50 -> m2 | F102: =F50 -> 3 | G102: =G50 -> - | H102: =H50 -> - | I102: =I50 -> - | J102: =O67 -> 20577.12 | K102: =TRUNC((F102*J102),4) -> 61731.36 | L102: =L50 -> 0.73 | M102: =M50 -> 0.9605 | N102: =TRUNC((K102*L102),4) -> 45063.893 | O102: =TRUNC((K102*M102),4) -> 59292.971
A104: =A52 -> 1.10 | B104: =B52 -> Revolvimento Mecânico do solo
B105: =B53 -> C2235 | C105: =C53 -> SEINFRA | D105: =D53 -> REVOLVIMENTO MECANICO DE TERRA PROFUNDIDADE 20-30cm | E105: =E53 -> m2 | F105: =F53 -> 3 | G105: =G53 -> - | H105: =H53 -> - | I105: =I53 -> - | J105: =O67 -> 20577.12 | K105: =TRUNC((F105*J105),4) -> 61731.36 | L105: =L53 -> 0.52 | M105: =TRUNC(L105*(1+$O$6),4) -> 0.6842 | N105: =TRUNC((K105*L105),4) -> 32100.307 | O105: =TRUNC((K105*M105),2) -> 42236.59
A107: =A55 -> 1.11 | B107: =B55 -> Nivelamento
B108: =B56 -> PJ 19.05.0600M (/) | C108: =C56 -> SCO | D108: =D56 -> Nivelamento e compactação de áreas ensaibradas (exclusive: compactação)(desonerado) | E108: =E56 -> m2 | F108: =F56 -> 3 | G108: =G56 -> - | H108: =H56 -> - | I108: =I56 -> - | J108: =O67 -> 20577.12 | K108: =TRUNC((F108*J108),4) -> 61731.36 | L108: =L56 -> 0.13 | M108: =TRUNC(L108*(1+$O$6),4) -> 0.171 | N108: =TRUNC((K108*L108),4) -> 8025.0768 | O108: =TRUNC((K108*M108),2) -> 10556.06
A110: =A58 -> 1.12 | B110: =B58 -> Transporte mudas (caminhão baú)
B111: =B59 -> 100947 | C111: =C59 -> SINAPI | D111: =D59 -> TRANSPORTE COM CAMINHÃO CARROCERIA 9T, EM VIA URBANA PAVIMENTADA, DMT ATÉ 30KM (UNIDADE: TXKM). AF_07/2020 | E111: =E59 -> tkm | F111: =F59 -> 3 | G111: =G59 -> - | H111: =M66 -> 17.9 | I111: =I59 -> - | J111: =$X$12 -> 0.9019 | K111: =TRUNC((F111*H111*J111),4) -> 48.432 | L111: =L59 -> 2.18 | M111: =TRUNC(L111*(1+$O$6),4) -> 2.8684 | N111: =TRUNC((K111*L111),4) -> 105.5817 | O111: =TRUNC((K111*M111),2) -> 138.92
A112: =A60 -> 5 | B112: =B60 -> O valor 0,9019 se referiu a multiplicação do valor de 51,54 kg/m2 (média do peso/m2 (kg) do recipiente caixa plástica com 48 mudas em sacos 8x8 - SEI 139302256), em toneladas, pela área da carroceria do caminhão toco, PBT 16.000kg do serviço SINAPI 100497 (dimensões 2,5 x 7,00 x 0,5m), isto é : 0,05154 (t/m2) x 2,5 (m) x 7 (m) = 0,9019 t
A114: =A62 -> 1.13 | B114: =B62 -> Plantio de flores, ervas e arbustos
B115: =B63 -> 98505M | C115: =C63 -> SINAPI | D115: =D63 -> Plantio de forração. AF_07/2024 | E115: =E63 -> m2 | F115: =F63 -> 3 | G115: =G63 -> - | H115: =H63 -> - | I115: =I63 -> - | J115: =O67 -> 20577.12 | K115: =TRUNC((F115*J115),4) -> 61731.36 | L115: =L63 -> 6.68 | M115: =TRUNC(L115*(1+$O$6),4) -> 8.7895 | N115: =TRUNC((K115*L115),4) -> 412365.48 | O115: =TRUNC((K115*M115),2) -> 542587.78
M117: =M65 -> Total Geral | N117: =TRUNC((SUM(N72:N116)),2) -> 782491.3 | O117: =TRUNC((SUM(O72:O116)),2) -> 1029572
A118: LOTE 03 | K118: ='MANUTENÇÃO TOTAL COM'!K78 -> DMT Viveiro I (155619844) | M118: ='MANUTENÇÃO TOTAL COM'!M78 -> 24.3 | N118: ='MANUTENÇÃO TOTAL COM'!N78 -> DMT Viveiro II (155619844) | O118: ='MANUTENÇÃO TOTAL COM'!O78 -> 26.4
A119: Locais: | B119: São Sebastiao (SAO), Lago Sul (LS) e Jardim Botânico (JB). Compreende todo o complexo Penitenciário, incluindo a faixa de domínio da DF 001/ BR-025 da EPDB até o viaduto da linha férrea, próximo ao Córrego da Onça, DF 463, DF 473, DF 465, DF 140. | K119: ='MANUTENÇÃO TOTAL COM'!K79 -> DMT URE (155619844) | M119: ='MANUTENÇÃO TOTAL COM'!M79 -> 34.7 | N119: Área canteiros | O119: ='MANUTENÇÃO TOTAL COM'!O79 -> 20552.1
A120: =A68 -> 1.00 | B120: =B68 -> SUBSTITUIÇÃO CANTEIROS ORNAMENTAIS
A121: Item | B121: Código | C121: Origem | D121: Descrição | E121: Unid. | F121: Frequência anual | G121: Espessura (m) | H121: DMT | I121: Referência / Coeficiente | J121: Quant. | K121: Quant. Total | L121: Custo unit. s/ BDI | M121: Custo unit. c/ BDI | N121: Custo Total s/ BDI | O121: Custo Total c/ BDI
A123: =A71 -> 1.01 | B123: =B71 -> Remoção de flores, ervas e arbustos
B124: =B72 -> 4915744 | C124: =C72 -> SICRO | D124: =D72 -> Capina manual | E124: =E72 -> m2 | F124: =F72 -> 3 | G124: =G72 -> - | H124: =H72 -> - | I124: =I72 -> - | J124: =O119 -> 20552.1 | K124: =TRUNC((F124*J124),4) -> 61656.3 | L124: =L72 -> 0.64 | M124: =TRUNC(L124*(1+$O$6),4) -> 0.8421 | N124: =TRUNC((K124*L124),4) -> 39460.032 | O124: =TRUNC((K124*M124),4) -> 51920.77
B126: =B74 -> 5915476 | C126: =C74 -> SICRO | D126: =D74 -> Carga, manobra e descarga de agregados ou solos em caminhão basculante de 6 m³ - carga manual e descarga livre | E126: =E74 -> t | F126: - | G126: =G74 -> 0.4 | H126: =H74 -> - | I126: =I74 -> 0.1 | J126: =K124 -> 61656.3 | K126: =TRUNC((G126*I126*J126),4) -> 2466.252 | L126: =L74 -> 25.88 | M126: =M74 -> 34.0529 | N126: =TRUNC((K126*L126),4) -> 63826.602 | O126: =TRUNC((K126*M126),2) -> 83983.03
A127: =A75 -> 1 | B127: =B75 -> O valor 0,4 se refereriu a espessura média da camada vegetal a ser retirada (40cm) de acordo com quesito 5 do Despacho NOVACAP/PRES/DU/DPJ/DIAVE (SEI nº 142598875)
A128: =A76 -> 2 | B128: =B76 -> O valor 0,1 se referiu a massa específica do material vegetal a ser retirado (100kg/m3) conforme quesito 5 do Despacho NOVACAP/PRES/DU/DPJ/DIAVE (SEI nº 142598875)
A130: =A78 -> 1.02 | B130: =B78 -> Transporte do material removido
B131: =B79 -> 5914344 | C131: =C79 -> SICRO | D131: =D79 -> Transporte com caminhão basculante de 6 m³ - rodovia pavimentada | E131: =E79 -> tkm | F131: =F79 -> 3 | G131: =G79 -> - | H131: =O118 -> 26.4 | I131: =I79 -> - | J131: =K126 -> 2466.252 | K131: =TRUNC((F131*H131*J131),4) -> 195327.16 | L131: =L79 -> 0.76 | M131: =M79 -> 1 | N131: =TRUNC((K131*L131),4) -> 148448.64 | O131: =TRUNC((K131*M131),2) -> 195327.15
A133: =A81 -> 1.03 | B133: =B81 -> Transporte do composto
B134: =B82 -> 5914344 | C134: =C82 -> SICRO | D134: =D82 -> Transporte com caminhão basculante de 6 m³ - rodovia pavimentada | E134: =E82 -> tkm | F134: =F82 -> 3 | G134: =G82 -> 0.05 | H134: =H131 -> 26.4 | I134: =I82 -> 1.5 | J134: =O119 -> 20552.1 | K134: =TRUNC((F134*G134*H134*J134*I134),4) -> 122079.47 | L134: =L82 -> 0.76 | M134: =M82 -> 1 | N134: =TRUNC((K134*L134),4) -> 92780.4 | O134: =TRUNC((K134*M134),2) -> 122079.47
A135: =A83 -> 3 | B135: =B83 -> O valor 0,05 corresponde e espessura estimada da camada do composto (5cm) conforme quesito 8 do Despacho NOVACAP/PRES/DU/DPJ/DIAVE (SEI nº 142598875)
A136: =A84 -> 4 | B136: =B84 -> O valor de 1,5 corresponde a massa específica de 1,5 t/m3 atribuida ao material do composto de acordo com quesito 5 do Despacho NOVACAP/PRES/DU/DPJ/DIAVE (SEI nº 142598875)
A138: =A86 -> 1.04 | B138: =B86 -> Aplicação NPK 5-25-15
B139: =B87 -> 4413022M1 | C139: =C87 -> SICRO | D139: =D87 -> Adubação manual de cobertura em areas de semeadura via seca ou de hidrossemeadura (somente adubação com NPK) | E139: =E87 -> m2 | F139: =F87 -> 3 | G139: =G87 -> - | H139: =H87 -> - | I139: =I87 -> - | J139: =O119 -> 20552.1 | K139: =TRUNC((F139*J139),4) -> 61656.3 | L139: =L87 -> 0.55 | M139: =M87 -> 0.7236 | N139: =TRUNC((K139*L139),4) -> 33910.965 | O139: =TRUNC((K139*M139),4) -> 44614.499
...

Sheet IRRIGAÇÃO-TOTAL COM CRONOGR
A5: Nº da estimativa: | D5: ='CAPA COM ALEX'!C9 -> DPJ 008/2024 | P5: Data: | Q5: ='CAPA COM ALEX'!C13 -> 45607
A6: Interessado: | D6: ='CAPA COM ALEX'!C7 -> Departamento de Parques e Jardins - DPJ/DU/NOVACAP | P6: Encargos: | Q6: ='CAPA COM ALEX'!C21 -> 0.3158
A7: Processo: | D7: ='CAPA COM ALEX'!C12 -> 00112-000264772024-61 | P7: Encargos: | Q7: ='CAPA COM ALEX'!C20 -> COM DESONERAÇÃO | S7: 0.3158 | T7: 0.251
A8: Objeto: | D8: Contratação de empresa especializada para implantação e posterior manutenção de 35.000,00 m² (trinta e cinco mil metros quadrados) de novos canteiros e manutenção e substituição, quando necessário, de 97.310,18 m² de canteiros públicos urbanos já existentes no âmbito do Distrito Federal, incluindo os serviços de análise de solo, capina, adubação, aplicação de composto, calagem, escarificação, destorroamento, incorporação, nivelamento, plantio, transporte de mudas e composto, capina, controle fitossanitário, replantio, correção de borda de canteiro, replantio e irrigação. | P8: Data Base: | Q8: ='CAPA COM ALEX'!C15 -> SINAPI-09/2024
Q9: ='CAPA COM ALEX'!C16 -> SICRO-07/2024
Q10: ='CAPA COM ALEX'!C17 -> SCO-09/2024
Q11: ='CAPA COM ALEX'!C18 -> SEINFRA-028/028.1
Q12: ='CAPA COM ALEX'!C19 -> ADASA: Taxa SLU 2024
A13: Locais: | D13: ='CAPA COM ALEX'!C10 -> Distrito Federal
A15: LOTE 01
A16: Locais: | B16: Plano Piloto (PP)1, Cruzeiro (CRUZ) e Sudoeste/Octogonal (SUDO). Compreende a Asa Sul, toda área Sul, a partir da Via N1. | Q16: ='IRRIGAÇÃO-TOTAL COM'!Q14 -> 44748.18
A17: 1.00 | B17: IRRIGAÇÃO
B19: Meses | D19: Jan | E19: Fev | F19: Mar | G19: Abr | H19: Mai | I19: Jun | J19: Jul | K19: Ago | L19: Set | M19: Out | N19: Nov | O19: Dez
B20: Dias (SEI nº 140876387) | D20: 31 | E20: 29 | F20: 31 | G20: 30 | H20: 31 | I20: 30 | J20: 31 | K20: 31 | L20: 30 | M20: 31 | N20: 30 | O20: 31
B21: % Dias sem chuva (%) (SEI nº 140876387) | D21: 0.387097 | E21: 0.172415 | F21: 0.35484 | G21: 0.333334 | H21: 0.774194 | I21: 0.866667 | J21: 0.87097 | K21: 0.87097 | L21: 0.766667 | M21: 0.451615 | N21: 0.2 | O21: 0.19355
B22: Dias se chuva no mês | D22: =TRUNC((D20*D21),4) -> 12 | E22: =TRUNC((E20*E21),4) -> 5 | F22: =TRUNC((F20*F21),4) -> 11 | G22: =TRUNC((G20*G21),4) -> 10 | H22: =TRUNC((H20*H21),4) -> 24 | I22: =TRUNC((I20*I21),4) -> 26 | J22: =TRUNC((J20*J21),4) -> 27 | K22: =TRUNC((K20*K21),4) -> 27 | ... O22: =TRUNC((O20*O21),4) -> 6
B23: Quantidade litros/m2 (SEI nº 140876387) | D23: 3 | E23: =D23 -> 3 | F23: =E23 -> 3 | G23: =F23 -> 3 | H23: =G23 -> 3 | I23: =H23 -> 3 | J23: =I23 -> 3 | K23: =J23 -> 3 | L23: =K23 -> 3 | ... O23: =N23 -> 3
C24: Dias x % Dias sem chuva (%) x Quant. litros | D24: =TRUNC((D21*D20*D23),0) -> 36 | E24: =TRUNC((E21*E20*E23),0) -> 15 | F24: =TRUNC((F21*F20*F23),0) -> 33 | G24: =TRUNC((G21*G20*G23),0) -> 30 | H24: =TRUNC((H21*H20*H23),0) -> 72 | I24: =TRUNC((I21*I20*I23),0) -> 78 | J24: =TRUNC((J21*J20*J23),0) -> 81 | K24: =TRUNC((K21*K20*K23),0) -> 81 | ... O24: =TRUNC((O21*O20*O23),0) -> 18
B25: Área Lote (m2) | D25: =TRUNC(($Q$16),4) -> 44748.18
B26: Irrigação mensal estimada necessária (l/m2) | D26: =TRUNC((D24*$Q$16),4) -> 1610934.5 | E26: =TRUNC((E24*$Q$16),4) -> 671222.7 | F26: =TRUNC((F24*$Q$16),4) -> 1476689.9 | G26: =TRUNC((G24*$Q$16),4) -> 1342445.4 | H26: =TRUNC((H24*$Q$16),4) -> 3221869 | I26: =TRUNC((I24*$Q$16),4) -> 3490358 | J26: =TRUNC((J24*$Q$16),4) -> 3624602.6 | K26: =TRUNC((K24*$Q$16),4) -> 3624602.6 | ... O26: =TRUNC((O24*$Q$16),4) -> 805467.24
B27: Irrigação anual necessária (l/m2) | D27: =TRUNC(SUM(D26:O26),4) -> 25640707
A29: Item | B29: Código | C29: Origem | D29: Descrição | G29: Frequência anual | H29: Referência / Coeficiente | I29: Unid. | J29: Quant. | K29: Quant. Total | L29: Custo unit. s/ BDI | M29: Custo unit. c/ BDI | P29: Custo Total s/ BDI | Q29: Custo Total c/ BDI
A31: 1.01 | B31: Irrigação | C31: =D19 -> Jan
B32: 4413987 | C32: =VLOOKUP(B32,'[11]Custos unitarios Alex'!$A$3:$K$95,2,0) -> SICRO | D32: =VLOOKUP(B32,'Custos unitarios Alex'!A4:K91,4,0) -> Irrigação de área plantada para proteção vegetal do corpo estradal (Caminão toco 10.000 l) | G32: 1 | H32: =P1003 -> 0.5185 | I32: =VLOOKUP(B32,'[11]Custos unitarios Alex'!$A$3:$K$95,5,0) -> m2 | J32: =D26 -> 1610934.5 | K32: =G32*H32*J32 -> 835269.53 | L32: =VLOOKUP(B32,'Custos unitarios Alex'!A4:K91,8,0) -> 0.03 | M32: =TRUNC(L32*(1+$Q$6),4) -> 0.0394 | P32: =TRUNC((K32*L32),4) -> 25058.086 | Q32: =TRUNC((K32*M32),4) -> 32909.619
B33: 4413987M | C33: =VLOOKUP(B33,'[11]Custos unitarios Alex'!$A$3:$K$95,2,0) -> SICRO | D33: =VLOOKUP(B33,'Custos unitarios Alex'!A4:K91,4,0) -> Irrigação de área plantada para proteção vegetal do corpo estradal (Caminão truck 13.000 l) | G33: 1 | H33: =Q1003 -> 0.4814 | I33: =VLOOKUP(B33,'[11]Custos unitarios Alex'!$A$3:$K$95,5,0) -> m2 | J33: =J32 -> 1610934.5 | K33: =G33*H33*J33 -> 775503.86 | L33: =VLOOKUP(B33,'Custos unitarios Alex'!A4:K91,8,0) -> 0.02 | M33: =TRUNC(L33*(1+$Q$6),4) -> 0.0263 | P33: =TRUNC((K33*L33),4) -> 15510.077 | Q33: =TRUNC((K33*M33),4) -> 20395.751
O35: Total | P35: =SUM(P32:P33) -> 40568.163 | Q35: =SUM(Q32:Q33) -> 53305.371
A37: 1.02 | B37: Irrigação | C37: =E19 -> Fev
B38: =B32 -> 4413987 | C38: =C32 -> SICRO | D38: =D32 -> Irrigação de área plantada para proteção vegetal do corpo estradal (Caminão toco 10.000 l) | G38: =G32 -> 1 | H38: =H32 -> 0.5185 | I38: =I32 -> m2 | J38: =E26 -> 671222.7 | K38: =G38*H38*J38 -> 348028.97 | L38: =L32 -> 0.03 | M38: =M32 -> 0.0394 | P38: =TRUNC((K38*L38),4) -> 10440.869 | Q38: =TRUNC((K38*M38),4) -> 13712.341
B39: =B33 -> 4413987M | C39: =C33 -> SICRO | D39: =D33 -> Irrigação de área plantada para proteção vegetal do corpo estradal (Caminão truck 13.000 l) | G39: =G33 -> 1 | H39: =H33 -> 0.4814 | I39: =I33 -> m2 | J39: =J38 -> 671222.7 | K39: =G39*H39*J39 -> 323126.61 | L39: =L33 -> 0.02 | M39: =M33 -> 0.0263 | P39: =TRUNC((K39*L39),4) -> 6462.5321 | Q39: =TRUNC((K39*M39),4) -> 8498.2297
O41: Total | P41: =SUM(P38:P39) -> 16903.401 | Q41: =SUM(Q38:Q39) -> 22210.571
A43: 1.03 | B43: Irrigação | C43: =F19 -> Mar
B44: =B38 -> 4413987 | C44: =C38 -> SICRO | D44: =D38 -> Irrigação de área plantada para proteção vegetal do corpo estradal (Caminão toco 10.000 l) | G44: =G38 -> 1 | H44: =H38 -> 0.5185 | I44: =I38 -> m2 | J44: =F26 -> 1476689.9 | K44: =G44*H44*J44 -> 765663.73 | L44: =L38 -> 0.03 | M44: =M38 -> 0.0394 | P44: =TRUNC((K44*L44),4) -> 22969.912 | Q44: =TRUNC((K44*M44),4) -> 30167.151
B45: =B39 -> 4413987M | C45: =C39 -> SICRO | D45: =D39 -> Irrigação de área plantada para proteção vegetal do corpo estradal (Caminão truck 13.000 l) | G45: =G39 -> 1 | H45: =H39 -> 0.4814 | I45: =I39 -> m2 | J45: =J44 -> 1476689.9 | K45: =G45*H45*J45 -> 710878.54 | L45: =L39 -> 0.02 | M45: =M39 -> 0.0263 | P45: =TRUNC((K45*L45),4) -> 14217.571 | Q45: =TRUNC((K45*M45),4) -> 18696.106
O47: Total | P47: =SUM(P44:P45) -> 37187.483 | Q47: =SUM(Q44:Q45) -> 48863.257
A49: 1.04 | B49: Irrigação | C49: =G19 -> Abr
B50: =B44 -> 4413987 | C50: =C44 -> SICRO | D50: =D44 -> Irrigação de área plantada para proteção vegetal do corpo estradal (Caminão toco 10.000 l) | G50: =G44 -> 1 | H50: =H44 -> 0.5185 | I50: =I44 -> m2 | J50: =G26 -> 1342445.4 | K50: =G50*H50*J50 -> 696057.94 | L50: =L44 -> 0.03 | M50: =M44 -> 0.0394 | P50: =TRUNC((K50*L50),4) -> 20881.738 | Q50: =TRUNC((K50*M50),4) -> 27424.683
B51: =B45 -> 4413987M | C51: =C45 -> SICRO | D51: =D45 -> Irrigação de área plantada para proteção vegetal do corpo estradal (Caminão truck 13.000 l) | G51: =G45 -> 1 | H51: =H45 -> 0.4814 | I51: =I45 -> m2 | J51: =J50 -> 1342445.4 | K51: =G51*H51*J51 -> 646253.22 | L51: =L45 -> 0.02 | M51: =M45 -> 0.0263 | P51: =TRUNC((K51*L51),4) -> 12925.064 | Q51: =TRUNC((K51*M51),4) -> 16996.46
O53: Total | P53: =SUM(P50:P51) -> 33806.802 | Q53: =SUM(Q50:Q51) -> 44421.142
A55: 1.05 | B55: Irrigação | C55: =H19 -> Mai
B56: =B50 -> 4413987 | C56: =C50 -> SICRO | D56: =D50 -> Irrigação de área plantada para proteção vegetal do corpo estradal (Caminão toco 10.000 l) | G56: =G50 -> 1 | H56: =H50 -> 0.5185 | I56: =I50 -> m2 | J56: =H26 -> 3221869 | K56: =G56*H56*J56 -> 1670539.1 | L56: =L50 -> 0.03 | M56: =M50 -> 0.0394 | P56: =TRUNC((K56*L56),4) -> 50116.172 | Q56: =TRUNC((K56*M56),4) -> 65819.239
B57: =B51 -> 4413987M | C57: =C51 -> SICRO | D57: =D51 -> Irrigação de área plantada para proteção vegetal do corpo estradal (Caminão truck 13.000 l) | G57: =G51 -> 1 | H57: =H51 -> 0.4814 | I57: =I51 -> m2 | J57: =J56 -> 3221869 | K57: =G57*H57*J57 -> 1551007.7 | L57: =L51 -> 0.02 | M57: =M51 -> 0.0263 | P57: =TRUNC((K57*L57),4) -> 31020.154 | Q57: =TRUNC((K57*M57),4) -> 40791.503
O59: Total | P59: =SUM(P56:P57) -> 81136.326 | Q59: =SUM(Q56:Q57) -> 106610.74
A61: 1.06 | B61: Irrigação | C61: =I19 -> Jun
B62: =B56 -> 4413987 | C62: =C56 -> SICRO | D62: =D56 -> Irrigação de área plantada para proteção vegetal do corpo estradal (Caminão toco 10.000 l) | G62: =G56 -> 1 | H62: =H56 -> 0.5185 | I62: =I56 -> m2 | J62: =I26 -> 3490358 | K62: =G62*H62*J62 -> 1809750.6 | L62: =L56 -> 0.03 | M62: =M56 -> 0.0394 | P62: =TRUNC((K62*L62),4) -> 54292.519 | Q62: =TRUNC((K62*M62),4) -> 71304.175
B63: =B57 -> 4413987M | C63: =C57 -> SICRO | D63: =D57 -> Irrigação de área plantada para proteção vegetal do corpo estradal (Caminão truck 13.000 l) | G63: =G57 -> 1 | H63: =H57 -> 0.4814 | I63: =I57 -> m2 | J63: =J62 -> 3490358 | K63: =G63*H63*J63 -> 1680258.4 | L63: =L57 -> 0.02 | M63: =M57 -> 0.0263 | P63: =TRUNC((K63*L63),4) -> 33605.167 | Q63: =TRUNC((K63*M63),4) -> 44190.795
O65: Total | P65: =SUM(P62:P63) -> 87897.687 | Q65: =SUM(Q62:Q63) -> 115494.97
A67: 1.07 | B67: Irrigação | C67: =J19 -> Jul
B68: =B62 -> 4413987 | C68: =C62 -> SICRO | D68: =D62 -> Irrigação de área plantada para proteção vegetal do corpo estradal (Caminão toco 10.000 l) | G68: =G62 -> 1 | H68: =H62 -> 0.5185 | I68: =I62 -> m2 | J68: =J26 -> 3624602.6 | K68: =G68*H68*J68 -> 1879356.4 | L68: =L62 -> 0.03 | M68: =M62 -> 0.0394 | P68: =TRUNC((K68*L68),4) -> 56380.693 | Q68: =TRUNC((K68*M68),4) -> 74046.644
B69: =B63 -> 4413987M | C69: =C63 -> SICRO | D69: =D63 -> Irrigação de área plantada para proteção vegetal do corpo estradal (Caminão truck 13.000 l) | G69: =G63 -> 1 | H69: =H63 -> 0.4814 | I69: =I63 -> m2 | J69: =J68 -> 3624602.6 | K69: =G69*H69*J69 -> 1744883.7 | L69: =L63 -> 0.02 | M69: =M63 -> 0.0263 | P69: =TRUNC((K69*L69),4) -> 34897.674 | Q69: =TRUNC((K69*M69),4) -> 45890.441
O71: Total | P71: =SUM(P68:P69) -> 91278.367 | Q71: =SUM(Q68:Q69) -> 119937.08
A73: 1.08 | B73: Irrigação | C73: =K19 -> Ago
B74: =B68 -> 4413987 | C74: =C68 -> SICRO | D74: =D68 -> Irrigação de área plantada para proteção vegetal do corpo estradal (Caminão toco 10.000 l) | G74: =G68 -> 1 | H74: =H68 -> 0.5185 | I74: =I68 -> m2 | J74: =K26 -> 3624602.6 | K74: =G74*H74*J74 -> 1879356.4 | L74: =L68 -> 0.03 | M74: =M68 -> 0.0394 | P74: =TRUNC((K74*L74),4) -> 56380.693 | Q74: =TRUNC((K74*M74),4) -> 74046.644
B75: =B69 -> 4413987M | C75: =C69 -> SICRO | D75: =D69 -> Irrigação de área plantada para proteção vegetal do corpo estradal (Caminão truck 13.000 l) | G75: =G69 -> 1 | H75: =H69 -> 0.4814 | I75: =I69 -> m2 | J75: =J74 -> 3624602.6 | K75: =G75*H75*J75 -> 1744883.7 | L75: =L69 -> 0.02 | M75: =M69 -> 0.0263 | P75: =TRUNC((K75*L75),4) -> 34897.674 | Q75: =TRUNC((K75*M75),4) -> 45890.441
O77: Total | P77: =SUM(P74:P75) -> 91278.367 | Q77: =SUM(Q74:Q75) -> 119937.08
A79: 1.09 | B79: Irrigação | C79: =L19 -> Set
B80: =B74 -> 4413987 | C80: =C74 -> SICRO | D80: =D74 -> Irrigação de área plantada para proteção vegetal do corpo estradal (Caminão toco 10.000 l) | G80: =G74 -> 1 | H80: =H74 -> 0.5185 | I80: =I74 -> m2 | J80: =L26 -> 3087624.4 | K80: =G80*H80*J80 -> 1600933.3 | L80: =L74 -> 0.03 | M80: =M74 -> 0.0394 | P80: =TRUNC((K80*L80),4) -> 48027.998 | Q80: =TRUNC((K80*M80),4) -> 63076.77
B81: =B75 -> 4413987M | C81: =C75 -> SICRO | D81: =D75 -> Irrigação de área plantada para proteção vegetal do corpo estradal (Caminão truck 13.000 l) | G81: =G75 -> 1 | H81: =H75 -> 0.4814 | I81: =I75 -> m2 | J81: =J80 -> 3087624.4 | K81: =G81*H81*J81 -> 1486382.4 | L81: =L75 -> 0.02 | M81: =M75 -> 0.0263 | P81: =TRUNC((K81*L81),4) -> 29727.648 | Q81: =TRUNC((K81*M81),4) -> 39091.857
O83: Total | P83: =SUM(P80:P81) -> 77755.646 | Q83: =SUM(Q80:Q81) -> 102168.63
A84: 1.10 | B84: Irrigação | C84: =M19 -> Out
B85: =B80 -> 4413987 | C85: =C80 -> SICRO | D85: =D80 -> Irrigação de área plantada para proteção vegetal do corpo estradal (Caminão toco 10.000 l) | G85: =G80 -> 1 | H85: =H80 -> 0.5185 | I85: =I80 -> m2 | J85: =M26 -> 1879423.6 | K85: =G85*H85*J85 -> 974481.12 | L85: =L80 -> 0.03 | M85: =M80 -> 0.0394 | P85: =TRUNC((K85*L85),4) -> 29234.433 | Q85: =TRUNC((K85*M85),4) -> 38394.556
B86: =B81 -> 4413987M | C86: =C81 -> SICRO | D86: =D81 -> Irrigação de área plantada para proteção vegetal do corpo estradal (Caminão truck 13.000 l) | G86: =G81 -> 1 | H86: =H81 -> 0.4814 | I86: =I81 -> m2 | J86: =J85 -> 1879423.6 | K86: =G86*H86*J86 -> 904754.5 | L86: =L81 -> 0.02 | M86: =M81 -> 0.0263 | P86: =TRUNC((K86*L86),4) -> 18095.09 | Q86: =TRUNC((K86*M86),4) -> 23795.043
O88: Total | P88: =SUM(P85:P86) -> 47329.523 | Q88: =SUM(Q85:Q86) -> 62189.599
A90: 1.11 | B90: Irrigação | C90: =N19 -> Nov
B91: =B85 -> 4413987 | C91: =C85 -> SICRO | D91: =D85 -> Irrigação de área plantada para proteção vegetal do corpo estradal (Caminão toco 10.000 l) | G91: =G85 -> 1 | H91: =H85 -> 0.5185 | I91: =I85 -> m2 | J91: =N26 -> 805467.24 | K91: =G91*H91*J91 -> 417634.76 | L91: =L85 -> 0.03 | M91: =M85 -> 0.0394 | P91: =TRUNC((K91*L91),4) -> 12529.043 | Q91: =TRUNC((K91*M91),4) -> 16454.81
B92: =B86 -> 4413987M | C92: =C86 -> SICRO | D92: =D86 -> Irrigação de área plantada para proteção vegetal do corpo estradal (Caminão truck 13.000 l) | G92: =G86 -> 1 | H92: =H86 -> 0.4814 | I92: =I86 -> m2 | J92: =J91 -> 805467.24 | K92: =G92*H92*J92 -> 387751.93 | L92: =L86 -> 0.02 | M92: =M86 -> 0.0263 | P92: =TRUNC((K92*L92),4) -> 7755.0385 | Q92: =TRUNC((K92*M92),4) -> 10197.876
O94: Total | P94: =SUM(P91:P92) -> 20284.081 | Q94: =SUM(Q91:Q92) -> 26652.685
A96: 1.12 | B96: Irrigação | C96: =O19 -> Dez
B97: =B91 -> 4413987 | C97: =C91 -> SICRO | D97: =D91 -> Irrigação de área plantada para proteção vegetal do corpo estradal (Caminão toco 10.000 l) | G97: =G91 -> 1 | H97: =H91 -> 0.5185 | I97: =I91 -> m2 | J97: =O26 -> 805467.24 | K97: =G97*H97*J97 -> 417634.76 | L97: =L91 -> 0.03 | M97: =M91 -> 0.0394 | P97: =TRUNC((K97*L97),4) -> 12529.043 | Q97: =TRUNC((K97*M97),4) -> 16454.81
B98: =B92 -> 4413987M | C98: =C92 -> SICRO | D98: =D92 -> Irrigação de área plantada para proteção vegetal do corpo estradal (Caminão truck 13.000 l) | G98: =G92 -> 1 | H98: =H92 -> 0.4814 | I98: =I92 -> m2 | J98: =J97 -> 805467.24 | K98: =G98*H98*J98 -> 387751.93 | L98: =L92 -> 0.02 | M98: =M92 -> 0.0263 | P98: =TRUNC((K98*L98),4) -> 7755.0385 | Q98: =TRUNC((K98*M98),4) -> 10197.876
O100: Total | P100: =SUM(P97:P98) -> 20284.081 | Q100: =SUM(Q97:Q98) -> 26652.685
P102: Total Geral | Q102: =(Q35+Q41+Q47+Q53+Q59+Q65+Q71+Q77+Q83+Q88+Q94+Q100) -> 848443.82
A103: LOTE 02
A104: Locais: | B104: Plano Piloto (PP)2 e Setor de indústria e Abastecimento (SIA)1. Compreende a Asa Norte, Noroeste, incluindo os setores SAAN, SOFN, SMU e Água Mineral, assim como a faixa de domínio da DF 003/EPIA Norte do Viaduto da Rodoferroviária até o Viaduto do Torto, toda área Norte a partir da Via N1. | Q104: ='IRRIGAÇÃO-TOTAL COM'!Q36 -> 20577.12
A105: =A17 -> 1.00 | B105: =B17 -> IRRIGAÇÃO
B107: Meses | D107: Jan | E107: Fev | F107: Mar | G107: Abr | H107: Mai | I107: Jun | J107: Jul | K107: Ago | L107: Set | M107: Out | N107: Nov | O107: Dez
B108: =B20 -> Dias (SEI nº 140876387) | D108: =D20 -> 31 | E108: =E20 -> 29 | F108: =F20 -> 31 | G108: =G20 -> 30 | H108: =H20 -> 31 | I108: =I20 -> 30 | J108: =J20 -> 31 | K108: =K20 -> 31 | ... O108: =O20 -> 31
B109: =B21 -> % Dias sem chuva (%) (SEI nº 140876387) | D109: =D21 -> 0.387097 | E109: =E21 -> 0.172415 | F109: =F21 -> 0.35484 | G109: =G21 -> 0.333334 | H109: =H21 -> 0.774194 | I109: =I21 -> 0.866667 | J109: =J21 -> 0.87097 | K109: =K21 -> 0.87097 | ... O109: =O21 -> 0.19355
B110: =B22 -> Dias se chuva no mês | D110: =D22 -> 12 | E110: =E22 -> 5 | F110: =F22 -> 11 | G110: =G22 -> 10 | H110: =H22 -> 24 | I110: =I22 -> 26 | J110: =J22 -> 27 | K110: =K22 -> 27 | ... O110: =O22 -> 6
B111: =B23 -> Quantidade litros/m2 (SEI nº 140876387) | D111: =D23 -> 3 | E111: =E23 -> 3 | F111: =F23 -> 3 | G111: =G23 -> 3 | H111: =H23 -> 3 | I111: =I23 -> 3 | J111: =J23 -> 3 | K111: =K23 -> 3 | ... O111: =O23 -> 3
B112: =C24 -> Dias x % Dias sem chuva (%) x Quant. litros | D112: =D24 -> 36 | E112: =E24 -> 15 | F112: =F24 -> 33 | G112: =G24 -> 30 | H112: =H24 -> 72 | I112: =I24 -> 78 | J112: =J24 -> 81 | K112: =K24 -> 81 | ... O112: =O24 -> 18
B113: =B25 -> Área Lote (m2) | D113: =Q104 -> 20577.12
B114: =B26 -> Irrigação mensal estimada necessária (l/m2) | D114: =TRUNC((D112*$Q$104),4) -> 740776.32 | E114: =TRUNC((E112*$Q$104),4) -> 308656.8 | F114: =TRUNC((F112*$Q$104),4) -> 679044.96 | G114: =TRUNC((G112*$Q$104),4) -> 617313.6 | H114: =TRUNC((H112*$Q$104),4) -> 1481552.6 | I114: =TRUNC((I112*$Q$104),4) -> 1605015.4 | J114: =TRUNC((J112*$Q$104),4) -> 1666746.7 | K114: =TRUNC((K112*$Q$104),4) -> 1666746.7 | ... O114: =TRUNC((O112*$Q$104),4) -> 370388.16
B115: =B27 -> Irrigação anual necessária (l/m2) | D115: =SUM(D114:O114) -> 11790690
A117: Item | B117: Código | C117: Origem | D117: Descrição | G117: Frequência anual | H117: Referência / Coeficiente | I117: Unid. | J117: Quant. | K117: Quant. Total | L117: Custo unit. s/ BDI | M117: Custo unit. c/ BDI | P117: Custo Total s/ BDI | Q117: Custo Total c/ BDI
A119: 1.01 | B119: Irrigação | C119: =D107 -> Jan
B120: 4413987 | C120: =VLOOKUP(B120,'[11]Custos unitarios Alex'!$A$3:$K$95,2,0) -> SICRO | D120: =D32 -> Irrigação de área plantada para proteção vegetal do corpo estradal (Caminão toco 10.000 l) | G120: 1 | H120: =P1004 -> 0.7936 | I120: =VLOOKUP(B120,'[11]Custos unitarios Alex'!$A$3:$K$95,5,0) -> m2 | J120: =D114 -> 740776.32 | K120: =G120*H120*J120 -> 587880.09 | L120: =L32 -> 0.03 | M120: =TRUNC(L120*(1+$Q$6),4) -> 0.0394 | P120: =TRUNC((K120*L120),4) -> 17636.403 | Q120: =TRUNC((K120*M120),4) -> 23162.475
B121: 4413987M | C121: =VLOOKUP(B121,'[11]Custos unitarios Alex'!$A$3:$K$95,2,0) -> SICRO | D121: =D33 -> Irrigação de área plantada para proteção vegetal do corpo estradal (Caminão truck 13.000 l) | G121: 1 | H121: =Q1004 -> 0.2063 | I121: =VLOOKUP(B121,'[11]Custos unitarios Alex'!$A$3:$K$95,5,0) -> m2 | J121: =J120 -> 740776.32 | K121: =G121*H121*J121 -> 152822.15 | L121: =L33 -> 0.02 | M121: =TRUNC(L121*(1+$Q$6),4) -> 0.0263 | P121: =TRUNC((K121*L121),4) -> 3056.443 | Q121: =TRUNC((K121*M121),4) -> 4019.2226
O123: Total | P123: =SUM(P120:P121) -> 20692.846 | Q123: =SUM(Q120:Q121) -> 27181.698
A125: 1.02 | B125: Irrigação | C125: =E107 -> Fev
B126: =B120 -> 4413987 | C126: =C120 -> SICRO | D126: =D120 -> Irrigação de área plantada para proteção vegetal do corpo estradal (Caminão toco 10.000 l) | G126: =G120 -> 1 | H126: =H120 -> 0.7936 | I126: =I120 -> m2 | J126: =E114 -> 308656.8 | K126: =G126*H126*J126 -> 244950.04 | L126: =L120 -> 0.03 | M126: =M120 -> 0.0394 | P126: =TRUNC((K126*L126),4) -> 7348.501 | Q126: =TRUNC((K126*M126),4) -> 9651.0314
B127: =B121 -> 4413987M | C127: =C121 -> SICRO | D127: =D121 -> Irrigação de área plantada para proteção vegetal do corpo estradal (Caminão truck 13.000 l) | G127: =G121 -> 1 | H127: =H121 -> 0.2063 | I127: =I121 -> m2 | J127: =J126 -> 308656.8 | K127: =G127*H127*J127 -> 63675.898 | L127: =L121 -> 0.02 | M127: =M121 -> 0.0263 | P127: =TRUNC((K127*L127),4) -> 1273.5179 | Q127: =TRUNC((K127*M127),4) -> 1674.6761
O129: Total | P129: =SUM(P126:P127) -> 8622.0189 | Q129: =SUM(Q126:Q127) -> 11325.708
A131: 1.03 | B131: Irrigação | C131: =F107 -> Mar
B132: =B126 -> 4413987 | C132: =C126 -> SICRO | D132: =D126 -> Irrigação de área plantada para proteção vegetal do corpo estradal (Caminão toco 10.000 l) | G132: =G126 -> 1 | H132: =H126 -> 0.7936 | I132: =I126 -> m2 | J132: =F114 -> 679044.96 | K132: =G132*H132*J132 -> 538890.08 | L132: =L126 -> 0.03 | M132: =M126 -> 0.0394 | P132: =TRUNC((K132*L132),4) -> 16166.702 | Q132: =TRUNC((K132*M132),4) -> 21232.269
B133: =B127 -> 4413987M | C133: =C127 -> SICRO | D133: =D127 -> Irrigação de área plantada para proteção vegetal do corpo estradal (Caminão truck 13.000 l) | G133: =G127 -> 1 | H133: =H127 -> 0.2063 | I133: =I127 -> m2 | J133: =J132 -> 679044.96 | K133: =G133*H133*J133 -> 140086.98 | L133: =L127 -> 0.02 | M133: =M127 -> 0.0263 | P133: =TRUNC((K133*L133),4) -> 2801.7395 | Q133: =TRUNC((K133*M133),4) -> 3684.2874
O135: Total | P135: =SUM(P132:P133) -> 18968.442 | Q135: =SUM(Q132:Q133) -> 24916.557
A137: 1.04 | B137: Irrigação | C137: =G107 -> Abr
B138: =B132 -> 4413987 | C138: =C132 -> SICRO | D138: =D132 -> Irrigação de área plantada para proteção vegetal do corpo estradal (Caminão toco 10.000 l) | G138: =G132 -> 1 | H138: =H132 -> 0.7936 | I138: =I132 -> m2 | J138: =G114 -> 617313.6 | K138: =G138*H138*J138 -> 489900.07 | L138: =L132 -> 0.03 | M138: =M132 -> 0.0394 | P138: =TRUNC((K138*L138),4) -> 14697.002 | Q138: =TRUNC((K138*M138),4) -> 19302.063
B139: =B133 -> 4413987M | C139: =C133 -> SICRO | D139: =D133 -> Irrigação de área plantada para proteção vegetal do corpo estradal (Caminão truck 13.000 l) | G139: =G133 -> 1 | H139: =H133 -> 0.2063 | I139: =I133 -> m2 | J139: =J138 -> 617313.6 | K139: =G139*H139*J139 -> 127351.8 | L139: =L133 -> 0.02 | M139: =M133 -> 0.0263 | P139: =TRUNC((K139*L139),4) -> 2547.0359 | Q139: =TRUNC((K139*M139),4) -> 3349.3522
O141: Total | P141: =SUM(P138:P139) -> 17244.038 | Q141: =SUM(Q138:Q139) -> 22651.415
...

Sheet IRRIGAÇÃO-TOTAL COM
A4: Nº da estimativa: | D4: ='CAPA COM ALEX'!C9 -> DPJ 008/2024 | P4: Data: | Q4: ='CAPA COM ALEX'!C13 -> 45607
A5: Interessado: | D5: ='CAPA COM ALEX'!C7 -> Departamento de Parques e Jardins - DPJ/DU/NOVACAP | P5: B.D.I.: | Q5: ='CAPA COM ALEX'!C21 -> 0.3158
A6: Processo: | D6: ='CAPA COM ALEX'!C12 -> 00112-000264772024-61 | P6: Encargos: | Q6: ='CAPA COM ALEX'!C20 -> COM DESONERAÇÃO | S6: 0.3158 | T6: 0.251
A7: Objeto: | D7: Contratação de empresa especializada para implantação e posterior manutenção de 35.000,00 m² (trinta e cinco mil metros quadrados) de novos canteiros e manutenção e substituição, quando necessário, de 97.310,18 m² de canteiros públicos urbanos já existentes no âmbito do Distrito Federal, incluindo os serviços de análise de solo, capina, adubação, aplicação de composto, calagem, escarificação, destorroamento, incorporação, nivelamento, plantio, transporte de mudas e composto, capina, controle fitossanitário, replantio, correção de borda de canteiro, replantio e irrigação. | P7: Data Base: | Q7: ='CAPA COM ALEX'!C15 -> SINAPI-09/2024
Q8: ='CAPA COM ALEX'!C16 -> SICRO-07/2024
Q9: ='CAPA COM ALEX'!C17 -> SCO-09/2024
Q10: ='CAPA COM ALEX'!C18 -> SEINFRA-028/028.1
Q11: ='CAPA COM ALEX'!C19 -> ADASA: Taxa SLU 2024
A12: Locais: | D12: ='CAPA COM ALEX'!C10 -> Distrito Federal
A13: LOTE 01 | Q13: Área canteiros
A14: Locais: | B14: Plano Piloto (PP)1, Cruzeiro (CRUZ) e Sudoeste/Octogonal (SUDO). Compreende a Asa Sul, toda área Sul, a partir da Via N1. | Q14: ='SUBSTITUICAO TOTAL COM'!O15 -> 44748.18
A15: 1.00 | B15: IRRIGAÇÃO
B17: Meses | D17: Jan | E17: Fev | F17: Mar | G17: Abr | H17: Mai | I17: Jun | J17: Jul | K17: Ago | L17: Set | M17: Out | N17: Nov | O17: Dez
B18: Dias (SEI nº 140876387) | D18: 31 | E18: 29 | F18: 31 | G18: 30 | H18: 31 | I18: 30 | J18: 31 | K18: 31 | L18: 30 | M18: 31 | N18: 30 | O18: 31
B19: % Dias sem chuva (%) (SEI nº 140876387) | D19: 0.387097 | E19: 0.172415 | F19: 0.35484 | G19: 0.333334 | H19: 0.774194 | I19: 0.866667 | J19: 0.87097 | K19: 0.87097 | L19: 0.766667 | M19: 0.451615 | N19: 0.2 | O19: 0.19355
B20: Dias se chuva no mês | D20: =TRUNC((D18*D19),4) -> 12 | E20: =TRUNC((E18*E19),4) -> 5 | F20: =TRUNC((F18*F19),4) -> 11 | G20: =TRUNC((G18*G19),4) -> 10 | H20: =TRUNC((H18*H19),4) -> 24 | I20: =TRUNC((I18*I19),4) -> 26 | J20: =TRUNC((J18*J19),4) -> 27 | K20: =TRUNC((K18*K19),4) -> 27 | ... O20: =TRUNC((O18*O19),4) -> 6
B21: Quantidade litros/m2 (SEI nº 140876387) | D21: 3 | E21: =D21 -> 3 | F21: =E21 -> 3 | G21: =F21 -> 3 | H21: =G21 -> 3 | I21: =H21 -> 3 | J21: =I21 -> 3 | K21: =J21 -> 3 | L21: =K21 -> 3 | ... O21: =N21 -> 3
C22: Dias x % Dias sem chuva (%) x Quant. litros | D22: =TRUNC((D19*D18*D21),0) -> 36 | E22: =TRUNC((E19*E18*E21),0) -> 15 | F22: =TRUNC((F19*F18*F21),0) -> 33 | G22: =TRUNC((G19*G18*G21),0) -> 30 | H22: =TRUNC((H19*H18*H21),0) -> 72 | I22: =TRUNC((I19*I18*I21),0) -> 78 | J22: =TRUNC((J19*J18*J21),0) -> 81 | K22: =TRUNC((K19*K18*K21),0) -> 81 | ... O22: =TRUNC((O19*O18*O21),0) -> 18
B23: Área Lote 1 (m2) | D23: =TRUNC(($Q$14),4) -> 44748.18
B24: Irrigação mensal estimada necessária (l/m2) | D24: =TRUNC((D22*$Q$14),4) -> 1610934.5 | E24: =TRUNC((E22*$Q$14),4) -> 671222.7 | F24: =TRUNC((F22*$Q$14),4) -> 1476689.9 | G24: =TRUNC((G22*$Q$14),4) -> 1342445.4 | H24: =TRUNC((H22*$Q$14),4) -> 3221869 | I24: =TRUNC((I22*$Q$14),4) -> 3490358 | J24: =TRUNC((J22*$Q$14),4) -> 3624602.6 | K24: =TRUNC((K22*$Q$14),4) -> 3624602.6 | ... O24: =TRUNC((O22*$Q$14),4) -> 805467.24
B25: Irrigação anual necessária (l/m2) | D25: =TRUNC(SUM(D24:O24),4) -> 25640707
A27: Item | B27: Código | C27: Origem | D27: Descrição | G27: Frequência anual | H27: Coeficiente | I27: Unid. | J27: Quant. | K27: Quant. Total | L27: Custo unit. s/ BDI | M27: Custo unit. c/ BDI | P27: Custo Total s/ BDI | Q27: Custo Total c/ BDI
A29: 1.01 | B29: Irrigação
B30: 4413987 | C30: =VLOOKUP(B30,'Custos unitarios Alex'!$A$3:$K$92,2,0) -> SICRO | D30: =VLOOKUP(B30,'Custos unitarios Alex'!$A$3:$K$92,4,0) -> Irrigação de área plantada para proteção vegetal do corpo estradal (Caminão toco 10.000 l) | G30: 1 | H30: =P273 -> 0.5185 | I30: =VLOOKUP(B30,'Custos unitarios Alex'!$A$3:$K$92,5,0) -> m2 | J30: =D25 -> 25640707 | K30: =G30*H30*J30 -> 13294707 | L30: =VLOOKUP(B30,'Custos unitarios Alex'!$A$3:$K$92,8,0) -> 0.03 | M30: =TRUNC(L30*(1+$Q$5),4) -> 0.0394 | P30: =TRUNC((K30*L30),4) -> 398841.2 | Q30: =TRUNC((K30*M30),4) -> 523811.44
B31: 4413987M | C31: =VLOOKUP(B31,'Custos unitarios Alex'!$A$3:$K$92,2,0) -> SICRO | D31: =VLOOKUP(B31,'Custos unitarios Alex'!$A$3:$K$92,4,0) -> Irrigação de área plantada para proteção vegetal do corpo estradal (Caminão truck 13.000 l) | G31: 1 | H31: =Q273 -> 0.4814 | I31: =VLOOKUP(B31,'Custos unitarios Alex'!$A$3:$K$92,5,0) -> m2 | J31: =D25 -> 25640707 | K31: =G31*H31*J31 -> 12343436 | L31: =VLOOKUP(B31,'Custos unitarios Alex'!$A$3:$K$92,8,0) -> 0.02 | M31: =TRUNC(L31*(1+$Q$5),4) -> 0.0263 | P31: =TRUNC((K31*L31),4) -> 246868.73 | Q31: =TRUNC((K31*M31),4) -> 324632.38
O33: Total Geral | P33: =SUM(P30:P31) -> 645709.93 | Q33: =TRUNC((SUM(Q30:Q31)),3) -> 848443.82
A35: LOTE 02 | Q35: =Q13 -> Área canteiros
A36: Locais: | B36: Plano Piloto (PP)2 e Setor de indústria e Abastecimento (SIA)1. Compreende a Asa Norte, Noroeste, incluindo os setores SAAN, SOFN, SMU e Água Mineral, assim como a faixa de domínio da DF 003/EPIA Norte do Viaduto da Rodoferroviária até o Viaduto do Torto, toda área Norte a partir da Via N1. | Q36: ='SUBSTITUICAO TOTAL COM'!O67 -> 20577.12
A37: =A15 -> 1.00 | B37: =B15 -> IRRIGAÇÃO
B39: Meses | D39: Jan | E39: Fev | F39: Mar | G39: Abr | H39: Mai | I39: Jun | J39: Jul | K39: Ago | L39: Set | M39: Out | N39: Nov | O39: Dez
B40: =B18 -> Dias (SEI nº 140876387) | D40: =D18 -> 31 | E40: =E18 -> 29 | F40: =F18 -> 31 | G40: =G18 -> 30 | H40: =H18 -> 31 | I40: =I18 -> 30 | J40: =J18 -> 31 | K40: =K18 -> 31 | ... O40: =O18 -> 31
B41: =B19 -> % Dias sem chuva (%) (SEI nº 140876387) | D41: =D19 -> 0.387097 | E41: =E19 -> 0.172415 | F41: =F19 -> 0.35484 | G41: =G19 -> 0.333334 | H41: =H19 -> 0.774194 | I41: =I19 -> 0.866667 | J41: =J19 -> 0.87097 | K41: =K19 -> 0.87097 | ... O41: =O19 -> 0.19355
B42: =B20 -> Dias se chuva no mês | D42: =D20 -> 12 | E42: =E20 -> 5 | F42: =F20 -> 11 | G42: =G20 -> 10 | H42: =H20 -> 24 | I42: =I20 -> 26 | J42: =J20 -> 27 | K42: =K20 -> 27 | ... O42: =O20 -> 6
B43: =B21 -> Quantidade litros/m2 (SEI nº 140876387) | D43: =D21 -> 3 | E43: =E21 -> 3 | F43: =F21 -> 3 | G43: =G21 -> 3 | H43: =H21 -> 3 | I43: =I21 -> 3 | J43: =J21 -> 3 | K43: =K21 -> 3 | ... O43: =O21 -> 3
B44: =C22 -> Dias x % Dias sem chuva (%) x Quant. litros | D44: =D22 -> 36 | E44: =E22 -> 15 | F44: =F22 -> 33 | G44: =G22 -> 30 | H44: =H22 -> 72 | I44: =I22 -> 78 | J44: =J22 -> 81 | K44: =K22 -> 81 | ... O44: =O22 -> 18
B45: =B23 -> Área Lote 1 (m2) | D45: =Q36 -> 20577.12
B46: =B24 -> Irrigação mensal estimada necessária (l/m2) | D46: =TRUNC((D44*$Q$36),4) -> 740776.32 | E46: =TRUNC((E44*$Q$36),4) -> 308656.8 | F46: =TRUNC((F44*$Q$36),4) -> 679044.96 | G46: =TRUNC((G44*$Q$36),4) -> 617313.6 | H46: =TRUNC((H44*$Q$36),4) -> 1481552.6 | I46: =TRUNC((I44*$Q$36),4) -> 1605015.4 | J46: =TRUNC((J44*$Q$36),4) -> 1666746.7 | K46: =TRUNC((K44*$Q$36),4) -> 1666746.7 | ... O46: =TRUNC((O44*$Q$36),4) -> 370388.16
B47: =B25 -> Irrigação anual necessária (l/m2) | D47: =SUM(D46:O46) -> 11790690
A49: =A27 -> Item | B49: =B27 -> Código | C49: =C27 -> Origem | D49: =D27 -> Descrição | G49: =G27 -> Frequência anual | H49: =H27 -> Coeficiente | I49: =I27 -> Unid. | J49: =J27 -> Quant. | K49: =K27 -> Quant. Total | L49: =L27 -> Custo unit. s/ BDI | M49: =M27 -> Custo unit. c/ BDI | P49: =P27 -> Custo Total s/ BDI | Q49: =Q27 -> Custo Total c/ BDI
A51: =A29 -> 1.01 | B51: =B29 -> Irrigação
B52: =B30 -> 4413987 | C52: =C30 -> SICRO | D52: =D30 -> Irrigação de área plantada para proteção vegetal do corpo estradal (Caminão toco 10.000 l) | G52: =G30 -> 1 | H52: =P274 -> 0.7936 | I52: =I30 -> m2 | J52: =D47 -> 11790690 | K52: =G52*H52*J52 -> 9357091.4 | L52: =L30 -> 0.03 | M52: =M30 -> 0.0394 | P52: =TRUNC((K52*L52),4) -> 280712.74 | Q52: =TRUNC((K52*M52),4) -> 368669.4
B53: 4413987M | C53: =VLOOKUP(B53,'Custos unitarios Alex'!$A$3:$K$92,2,0) -> SICRO | D53: =VLOOKUP(B53,'Custos unitarios Alex'!$A$3:$K$92,4,0) -> Irrigação de área plantada para proteção vegetal do corpo estradal (Caminão truck 13.000 l) | G53: 1 | H53: =Q274 -> 0.2063 | I53: =I31 -> m2 | J53: =D47 -> 11790690 | K53: =G53*H53*J53 -> 2432419.3 | L53: =L31 -> 0.02 | M53: =M31 -> 0.0263 | P53: =TRUNC((K53*L53),4) -> 48648.386 | Q53: =TRUNC((K53*M53),4) -> 63972.628
O55: =O33 -> Total Geral | P55: =SUM(P52:P53) -> 329361.13 | Q55: =SUM(Q52:Q53) -> 432642.03
A57: LOTE 03 | Q57: =Q35 -> Área canteiros
A58: Locais: | B58: São Sebastiao (SAO), Lago Sul (LS) e Jardim Botânico (JB). Compreende todo o complexo Penitenciário, incluindo a faixa de domínio da DF 001/ BR-025 da EPDB até o viaduto da linha férrea, próximo ao Córrego da Onça, DF 463, DF 473, DF 465, DF 140. | Q58: ='SUBSTITUICAO TOTAL COM'!O119 -> 20552.1
A59: =A37 -> 1.00 | B59: =B37 -> IRRIGAÇÃO
B61: =B39 -> Meses | D61: =D39 -> Jan | E61: =E39 -> Fev | F61: =F39 -> Mar | G61: =G39 -> Abr | H61: =H39 -> Mai | I61: =I39 -> Jun | J61: =J39 -> Jul | K61: =K39 -> Ago | ... O61: =O39 -> Dez
B62: =B40 -> Dias (SEI nº 140876387) | D62: =D40 -> 31 | E62: =E40 -> 29 | F62: =F40 -> 31 | G62: =G40 -> 30 | H62: =H40 -> 31 | I62: =I40 -> 30 | J62: =J40 -> 31 | K62: =K40 -> 31 | ... O62: =O40 -> 31
B63: =B41 -> % Dias sem chuva (%) (SEI nº 140876387) | D63: =D41 -> 0.387097 | E63: =E41 -> 0.172415 | F63: =F41 -> 0.35484 | G63: =G41 -> 0.333334 | H63: =H41 -> 0.774194 | I63: =I41 -> 0.866667 | J63: =J41 -> 0.87097 | K63: =K41 -> 0.87097 | ... O63: =O41 -> 0.19355
B64: =B42 -> Dias se chuva no mês | D64: =D42 -> 12 | E64: =E42 -> 5 | F64: =F42 -> 11 | G64: =G42 -> 10 | H64: =H42 -> 24 | I64: =I42 -> 26 | J64: =J42 -> 27 | K64: =K42 -> 27 | ... O64: =O42 -> 6
B65: =B43 -> Quantidade litros/m2 (SEI nº 140876387) | D65: =D43 -> 3 | E65: =E43 -> 3 | F65: =F43 -> 3 | G65: =G43 -> 3 | H65: =H43 -> 3 | I65: =I43 -> 3 | J65: =J43 -> 3 | K65: =K43 -> 3 | ... O65: =O43 -> 3
B66: =B44 -> Dias x % Dias sem chuva (%) x Quant. litros | D66: =D44 -> 36 | E66: =E44 -> 15 | F66: =F44 -> 33 | G66: =G44 -> 30 | H66: =H44 -> 72 | I66: =I44 -> 78 | J66: =J44 -> 81 | K66: =K44 -> 81 | ... O66: =O44 -> 18
B67: =B45 -> Área Lote 1 (m2) | D67: =Q58 -> 20552.1
B68: =B46 -> Irrigação mensal estimada necessária (l/m2) | D68: =TRUNC((D66*$Q$58),4) -> 739875.6 | E68: =TRUNC((E66*$Q$58),4) -> 308281.5 | F68: =TRUNC((F66*$Q$58),4) -> 678219.3 | G68: =TRUNC((G66*$Q$58),4) -> 616563 | H68: =TRUNC((H66*$Q$58),4) -> 1479751.2 | I68: =TRUNC((I66*$Q$58),4) -> 1603063.8 | J68: =TRUNC((J66*$Q$58),4) -> 1664720.1 | K68: =TRUNC((K66*$Q$58),4) -> 1664720.1 | ... O68: =TRUNC((O66*$Q$58),4) -> 369937.8
B69: =B47 -> Irrigação anual necessária (l/m2) | D69: =SUM(D68:O68) -> 11776353
A71: =A49 -> Item | B71: =B49 -> Código | C71: =C49 -> Origem | D71: =D49 -> Descrição | G71: =G49 -> Frequência anual | H71: =H49 -> Coeficiente | I71: =I49 -> Unid. | J71: =J49 -> Quant. | K71: =K49 -> Quant. Total | L71: =L49 -> Custo unit. s/ BDI | M71: =M49 -> Custo unit. c/ BDI | P71: =P49 -> Custo Total s/ BDI | Q71: =Q49 -> Custo Total c/ BDI
A73: =A51 -> 1.01 | B73: =B51 -> Irrigação
B74: =B52 -> 4413987 | C74: =C52 -> SICRO | D74: =D52 -> Irrigação de área plantada para proteção vegetal do corpo estradal (Caminão toco 10.000 l) | G74: =G52 -> 1 | H74: =P275 -> 0.7936 | I74: =I52 -> m2 | J74: =D69 -> 11776353 | K74: =G74*H74*J74 -> 9345714 | L74: =L52 -> 0.03 | M74: =M52 -> 0.0394 | P74: =TRUNC((K74*L74),4) -> 280371.42 | Q74: =TRUNC((K74*M74),4) -> 368221.13
B75: 4413987M | C75: =VLOOKUP(B75,'Custos unitarios Alex'!$A$3:$K$92,2,0) -> SICRO | D75: =VLOOKUP(B75,'Custos unitarios Alex'!$A$3:$K$92,4,0) -> Irrigação de área plantada para proteção vegetal do corpo estradal (Caminão truck 13.000 l) | G75: 1 | H75: =Q275 -> 0.2063 | I75: =I53 -> m2 | J75: =D69 -> 11776353 | K75: =G75*H75*J75 -> 2429461.7 | L75: =L53 -> 0.02 | M75: =M53 -> 0.0263 | P75: =TRUNC((K75*L75),4) -> 48589.234 | Q75: =TRUNC((K75*M75),4) -> 63894.842
O77: =O55 -> Total Geral | P77: =SUM(P74:P75) -> 328960.65 | Q77: =SUM(Q74:Q75) -> 432115.97
A78: LOTE 04 | Q78: =Q57 -> Área canteiros
A79: Locais: | B79: Paranoá (PAR), Lago Norte (LN), Varjão (VARJ) e ltapoã (ITAP). incluindo a Granja do Torto, assim como a faixa de domínio da DF 009 da EPIA até o Clube do Congresso, DF 003, do Viaduto do Torto até o Viaduto do Colorado (incluindo os mesmos), DF 001, do Viaduto do Colorado até a Barragem do Paranoá, DF 005, até a Barragem do Paranoá, DF 015, DF 479, até a DF 130. | Q79: ='SUBSTITUICAO TOTAL COM'!O171 -> 13969.91
A80: =A59 -> 1.00 | B80: =B59 -> IRRIGAÇÃO
B82: =B61 -> Meses | D82: =D61 -> Jan | E82: =E61 -> Fev | F82: =F61 -> Mar | G82: =G61 -> Abr | H82: =H61 -> Mai | I82: =I61 -> Jun | J82: =J61 -> Jul | K82: =K61 -> Ago | ... O82: =O61 -> Dez
B83: =B62 -> Dias (SEI nº 140876387) | D83: =D62 -> 31 | E83: =E62 -> 29 | F83: =F62 -> 31 | G83: =G62 -> 30 | H83: =H62 -> 31 | I83: =I62 -> 30 | J83: =J62 -> 31 | K83: =K62 -> 31 | ... O83: =O62 -> 31
B84: =B63 -> % Dias sem chuva (%) (SEI nº 140876387) | D84: =D63 -> 0.387097 | E84: =E63 -> 0.172415 | F84: =F63 -> 0.35484 | G84: =G63 -> 0.333334 | H84: =H63 -> 0.774194 | I84: =I63 -> 0.866667 | J84: =J63 -> 0.87097 | K84: =K63 -> 0.87097 | ... O84: =O63 -> 0.19355
B85: =B64 -> Dias se chuva no mês | D85: =D64 -> 12 | E85: =E64 -> 5 | F85: =F64 -> 11 | G85: =G64 -> 10 | H85: =H64 -> 24 | I85: =I64 -> 26 | J85: =J64 -> 27 | K85: =K64 -> 27 | ... O85: =O64 -> 6
B86: =B65 -> Quantidade litros/m2 (SEI nº 140876387) | D86: =D65 -> 3 | E86: =E65 -> 3 | F86: =F65 -> 3 | G86: =G65 -> 3 | H86: =H65 -> 3 | I86: =I65 -> 3 | J86: =J65 -> 3 | K86: =K65 -> 3 | ... O86: =O65 -> 3
B87: =B66 -> Dias x % Dias sem chuva (%) x Quant. litros | D87: =D66 -> 36 | E87: =E66 -> 15 | F87: =F66 -> 33 | G87: =G66 -> 30 | H87: =H66 -> 72 | I87: =I66 -> 78 | J87: =J66 -> 81 | K87: =K66 -> 81 | ... O87: =O66 -> 18
B88: =B67 -> Área Lote 1 (m2) | D88: =Q79 -> 13969.91
B89: =B68 -> Irrigação mensal estimada necessária (l/m2) | D89: =TRUNC((D87*$Q$79),4) -> 502916.76 | E89: =TRUNC((E87*$Q$79),4) -> 209548.65 | F89: =TRUNC((F87*$Q$79),4) -> 461007.03 | G89: =TRUNC((G87*$Q$79),4) -> 419097.3 | H89: =TRUNC((H87*$Q$79),4) -> 1005833.5 | I89: =TRUNC((I87*$Q$79),4) -> 1089653 | J89: =TRUNC((J87*$Q$79),4) -> 1131562.7 | K89: =TRUNC((K87*$Q$79),4) -> 1131562.7 | ... O89: =TRUNC((O87*$Q$79),4) -> 251458.38
B90: =B69 -> Irrigação anual necessária (l/m2) | D90: =SUM(D89:O89) -> 8004758.4
A92: =A71 -> Item | B92: =B71 -> Código | C92: =C71 -> Origem | D92: =D71 -> Descrição | G92: =G71 -> Frequência anual | H92: =H71 -> Coeficiente | I92: =I71 -> Unid. | J92: =J71 -> Quant. | K92: =K71 -> Quant. Total | L92: =L71 -> Custo unit. s/ BDI | M92: =M71 -> Custo unit. c/ BDI | P92: =P71 -> Custo Total s/ BDI | Q92: =Q71 -> Custo Total c/ BDI
A94: =A73 -> 1.01 | B94: =B73 -> Irrigação
B95: =B74 -> 4413987 | C95: =C74 -> SICRO | D95: =D74 -> Irrigação de área plantada para proteção vegetal do corpo estradal (Caminão toco 10.000 l) | G95: =G74 -> 1 | H95: =P276 -> 0.6976 | I95: =I74 -> m2 | J95: =D90 -> 8004758.4 | K95: =G95*H95*J95 -> 5584119.5 | L95: =L74 -> 0.03 | M95: =M74 -> 0.0394 | P95: =TRUNC((K95*L95),4) -> 167523.58 | Q95: =TRUNC((K95*M95),4) -> 220014.31
B96: 4413987M | C96: =VLOOKUP(B96,'Custos unitarios Alex'!$A$3:$K$92,2,0) -> SICRO | D96: =VLOOKUP(B96,'Custos unitarios Alex'!$A$3:$K$92,4,0) -> Irrigação de área plantada para proteção vegetal do corpo estradal (Caminão truck 13.000 l) | G96: 1 | H96: =Q276 -> 0.3023 | I96: =I74 -> m2 | J96: =D90 -> 8004758.4 | K96: =G96*H96*J96 -> 2419838.5 | L96: =L75 -> 0.02 | M96: =M75 -> 0.0263 | P96: =TRUNC((K96*L96),4) -> 48396.769 | Q96: =TRUNC((K96*M96),4) -> 63641.752
O98: =O77 -> Total Geral | P98: =SUM(P95:P96) -> 215920.35 | Q98: =SUM(Q95:Q96) -> 283656.06
A100: LOTE 05 | Q100: =Q78 -> Área canteiros
A101: Locais: | B101: Sobradinho (SOBR), Planaltlna (PLAN), Sobradinho II (SOBRII) e Fercal (FERC). incluindo o Lago Oeste, assim como a faixa de domínio da BR-020, do Viaduto do Colorado ao Viaduto de Planaltina, DF 150, a faixa de domínio da DF-180 (do cruzamento da BR 070 até o cruzamento com a BR-251), a faixa de domínio da BR-070 (a partir da DF 095 - EPCL até o limite do DF). | Q101: ='SUBSTITUICAO TOTAL COM'!O223 -> 5000
A102: =A80 -> 1.00 | B102: =B80 -> IRRIGAÇÃO
B104: =B82 -> Meses | D104: =D82 -> Jan | E104: =E82 -> Fev | F104: =F82 -> Mar | G104: =G82 -> Abr | H104: =H82 -> Mai | I104: =I82 -> Jun | J104: =J82 -> Jul | K104: =K82 -> Ago | ... O104: =O82 -> Dez
B105: =B83 -> Dias (SEI nº 140876387) | D105: =D83 -> 31 | E105: =E83 -> 29 | F105: =F83 -> 31 | G105: =G83 -> 30 | H105: =H83 -> 31 | I105: =I83 -> 30 | J105: =J83 -> 31 | K105: =K83 -> 31 | ... O105: =O83 -> 31
B106: =B84 -> % Dias sem chuva (%) (SEI nº 140876387) | D106: =D84 -> 0.387097 | E106: =E84 -> 0.172415 | F106: =F84 -> 0.35484 | G106: =G84 -> 0.333334 | H106: =H84 -> 0.774194 | I106: =I84 -> 0.866667 | J106: =J84 -> 0.87097 | K106: =K84 -> 0.87097 | ... O106: =O84 -> 0.19355
B107: =B85 -> Dias se chuva no mês | D107: =D85 -> 12 | E107: =E85 -> 5 | F107: =F85 -> 11 | G107: =G85 -> 10 | H107: =H85 -> 24 | I107: =I85 -> 26 | J107: =J85 -> 27 | K107: =K85 -> 27 | ... O107: =O85 -> 6
B108: =B86 -> Quantidade litros/m2 (SEI nº 140876387) | D108: =D86 -> 3 | E108: =E86 -> 3 | F108: =F86 -> 3 | G108: =G86 -> 3 | H108: =H86 -> 3 | I108: =I86 -> 3 | J108: =J86 -> 3 | K108: =K86 -> 3 | ... O108: =O86 -> 3
B109: =B87 -> Dias x % Dias sem chuva (%) x Quant. litros | D109: =D87 -> 36 | E109: =E87 -> 15 | F109: =F87 -> 33 | G109: =G87 -> 30 | H109: =H87 -> 72 | I109: =I87 -> 78 | J109: =J87 -> 81 | K109: =K87 -> 81 | ... O109: =O87 -> 18
B110: =B88 -> Área Lote 1 (m2) | D110: =Q101 -> 5000
B111: =B89 -> Irrigação mensal estimada necessária (l/m2) | D111: =TRUNC((D109*$Q$101),4) -> 180000 | E111: =TRUNC((E109*$Q$101),4) -> 75000 | F111: =TRUNC((F109*$Q$101),4) -> 165000 | G111: =TRUNC((G109*$Q$101),4) -> 150000 | H111: =TRUNC((H109*$Q$101),4) -> 360000 | I111: =TRUNC((I109*$Q$101),4) -> 390000 | J111: =TRUNC((J109*$Q$101),4) -> 405000 | K111: =TRUNC((K109*$Q$101),4) -> 405000 | ... O111: =TRUNC((O109*$Q$101),4) -> 90000
B112: =B90 -> Irrigação anual necessária (l/m2) | D112: =SUM(D111:O111) -> 2865000
A114: =A92 -> Item | B114: =B92 -> Código | C114: =C92 -> Origem | D114: =D92 -> Descrição | G114: =G92 -> Frequência anual | H114: =H92 -> Coeficiente | I114: =I92 -> Unid. | J114: =J92 -> Quant. | K114: =K92 -> Quant. Total | L114: =L92 -> Custo unit. s/ BDI | M114: =M92 -> Custo unit. c/ BDI | P114: =P92 -> Custo Total s/ BDI | Q114: =Q92 -> Custo Total c/ BDI
A116: =A94 -> 1.01 | B116: =B94 -> Irrigação
B117: =B95 -> 4413987 | C117: =C95 -> SICRO | D117: =D95 -> Irrigação de área plantada para proteção vegetal do corpo estradal (Caminão toco 10.000 l) | G117: =G95 -> 1 | H117: =P277 -> 0 | I117: =I95 -> m2 | J117: =D112 -> 2865000 | K117: =G117*H117*J117 -> 0 | L117: =L95 -> 0.03 | M117: =M95 -> 0.0394 | P117: =TRUNC((K117*L117),4) -> 0 | Q117: =TRUNC((K117*M117),4) -> 0
B118: 4413987M | C118: =VLOOKUP(B118,'Custos unitarios Alex'!$A$3:$K$92,2,0) -> SICRO | D118: =VLOOKUP(B118,'Custos unitarios Alex'!$A$3:$K$92,4,0) -> Irrigação de área plantada para proteção vegetal do corpo estradal (Caminão truck 13.000 l) | G118: 1 | H118: =Q277 -> 1 | I118: =I95 -> m2 | J118: =D112 -> 2865000 | K118: =G118*H118*J118 -> 2865000 | L118: =L96 -> 0.02 | M118: =M96 -> 0.0263 | P118: =TRUNC((K118*L118),4) -> 57300 | Q118: =TRUNC((K118*M118),4) -> 75349.5
O120: =O98 -> Total Geral | P120: =SUM(P117:P118) -> 57300 | Q120: =SUM(Q117:Q118) -> 75349.5
A122: LOTE 06 | Q122: =Q100 -> Área canteiros
A123: Locais: | B123: Setor Complementar de indústria e Abastecimento/Estrutural (SCIA), Vicente Pires (VP) e parte do Guara (GUAR)1 e do Setor de indústria e Abastecimento (SIA)2. incluindo a VIA Estrutural, DF 095 (do Viaduto Airton Senna até Viaduto da DF), DF 085 (Viaduto do SIA até o Viaduto de Taguatinga, DF 001). | Q123: ='SUBSTITUICAO TOTAL COM'!O275 -> 7611.32
A124: 1.00 | B124: =B102 -> IRRIGAÇÃO
B126: =B104 -> Meses | D126: =D104 -> Jan | E126: =E104 -> Fev | F126: =F104 -> Mar | G126: =G104 -> Abr | H126: =H104 -> Mai | I126: =I104 -> Jun | J126: =J104 -> Jul | K126: =K104 -> Ago | ... O126: =O104 -> Dez
B127: =B105 -> Dias (SEI nº 140876387) | D127: =D105 -> 31 | E127: =E105 -> 29 | F127: =F105 -> 31 | G127: =G105 -> 30 | H127: =H105 -> 31 | I127: =I105 -> 30 | J127: =J105 -> 31 | K127: =K105 -> 31 | ... O127: =O105 -> 31
B128: =B106 -> % Dias sem chuva (%) (SEI nº 140876387) | D128: =D106 -> 0.387097 | E128: =E106 -> 0.172415 | F128: =F106 -> 0.35484 | G128: =G106 -> 0.333334 | H128: =H106 -> 0.774194 | I128: =I106 -> 0.866667 | J128: =J106 -> 0.87097 | K128: =K106 -> 0.87097 | ... O128: =O106 -> 0.19355
...

Sheet ADMINISTRAÇÃO TOTAL COM
A5: Nº da estimativa: | D5: ='CAPA COM ALEX'!C9 -> DPJ 008/2024 | N5: Data: | O5: ='CAPA COM ALEX'!C13 -> 45607
A6: Interessado: | D6: ='CAPA COM ALEX'!C7 -> Departamento de Parques e Jardins - DPJ/DU/NOVACAP | N6: B.D.I.: | O6: ='CAPA COM ALEX'!C21 -> 0.3158 | Q6: 0.3158 | R6: 0.251
A7: Processo: | D7: ='CAPA COM ALEX'!C12 -> 00112-000264772024-61 | N7: Encargos: | O7: ='CAPA COM ALEX'!C20 -> COM DESONERAÇÃO
A8: Objeto: | D8: Contratação de empresa especializada para implantação e posterior manutenção de 35.000,00 m² (trinta e cinco mil metros quadrados) de novos canteiros e manutenção e substituição, quando necessário, de 97.310,18 m² de canteiros públicos urbanos já existentes no âmbito do Distrito Federal, incluindo os serviços de análise de solo, capina, adubação, aplicação de composto, calagem, escarificação, destorroamento, incorporação, nivelamento, plantio, transporte de mudas e composto, capina, controle fitossanitário, replantio, correção de borda de canteiro, replantio e irrigação. | N8: Data Base: | O8: ='CAPA COM ALEX'!C15 -> SINAPI-09/2024
O9: ='CAPA COM ALEX'!C16 -> SICRO-07/2024 | Q9: IMPLANTAÇÃO
O10: ='CAPA COM ALEX'!C17 -> SCO-09/2024 | Q10: LOTE 1
O11: ='CAPA COM ALEX'!C18 -> SEINFRA-028/028.1 | Q11: AMPLA | R11: RESERVA
O12: ='CAPA COM ALEX'!C19 -> ADASA: Taxa SLU 2024 | Q12: =#REF! -> #REF! | R12: =#REF! -> #REF!
A13: Locais: | D13: ='CAPA COM ALEX'!C10 -> Distrito Federal | T13: metragem média canteiro | U13: 183.2
A14: LOTE 01 | K14: ='SUBSTITUICAO TOTAL COM'!K14 -> DMT Viveiro I (155619066) | M14: ='SUBSTITUICAO TOTAL COM'!M14 -> 12.9 | N14: ='SUBSTITUICAO TOTAL COM'!N14 -> DMT Viveiro II (155619066) | O14: ='SUBSTITUICAO TOTAL COM'!O14 -> 9.8 | Q14: CONSERVAÇÃO
A15: Locais: | B15: Plano Piloto (PP)1, Cruzeiro (CRUZ) e Sudoeste/Octogonal (SUDO). Compreende a Asa Sul, toda área Sul, a partir da Via N1. | K15: ='SUBSTITUICAO TOTAL COM'!K15 -> DMT URE (155619066) | M15: ='SUBSTITUICAO TOTAL COM'!M15 -> 15.3 | N15: Área canteiros | O15: ='SUBSTITUICAO TOTAL COM'!O15 -> 44748.18 | Q15: LOTE 1
A16: 1.00 | B16: ADMINISTRAÇÃO LOCAL CANTEIROS ORNAMENTAIS | Q16: AMPLA | R16: RESERVA | T16: kg/m2 | U16: t/m2 | V16: m2 caminhão toco (5824) | X16: t
A17: Item | B17: Código | C17: Origem | D17: Descrição | E17: Unid. | F17: Frequência anual | G17: Espessura (m) | H17: DMT | I17: Coeficiente | J17: Quant. | K17: Quant. Total | L17: Custo unit. s/ BDI | M17: Custo unit. c/ BDI | N17: Custo Total s/ BDI | O17: Custo Total c/ BDI | Q17: =#REF! -> #REF! | R17: =#REF! -> #REF! | T17: 51.54 | U17: =T17/U19 -> 0.05154 | V17: 2,5 x 7 = | W17: =2.5*7 -> 17.5 | X17: =TRUNC((U17*W17),4) -> 0.9019
A19: 1.01 | B19: Administração local | T19: toneladas | U19: 1000
B20: 7119788M | C20: =VLOOKUP(B20,'Custos unitarios Alex'!$A$3:$K$92,2,0) -> SICRO | D20: =VLOOKUP(B20,'Custos unitarios Alex'!$A$3:$K$92,4,0) -> Administração local | E20: =VLOOKUP(B20,'Custos unitarios Alex'!$A$3:$K$92,5,0) -> mês | F20: - | G20: - | H20: - | I20: - | J20: 12 | K20: =TRUNC((J20),4) -> 12 | L20: =TRUNC((VLOOKUP(B20,'Custos unitarios Alex'!$A$3:$K$92,8,0)),4) -> 34806.77 | M20: =TRUNC(L20*(1+$O$6),4) -> 45798.748 | N20: =TRUNC((K20*L20),4) -> 417681.24 | O20: =TRUNC((K20*M20),4) -> 549584.97
M22: Total Geral | N22: =TRUNC((SUM(N20:N20)),2) -> 417681.24 | O22: =TRUNC((SUM(O20:O20)),2) -> 549584.97
A24: LOTE 02 | K24: ='SUBSTITUICAO TOTAL COM'!K66 -> DMT Viveiro I (155619689) | M24: ='SUBSTITUICAO TOTAL COM'!M66 -> 17.9 | N24: ='SUBSTITUICAO TOTAL COM'!N66 -> DMT Viveiro II (155619689) | O24: ='SUBSTITUICAO TOTAL COM'!O66 -> 6.2
A25: Locais: | B25: Plano Piloto (PP)2 e Setor de indústria e Abastecimento (SIA)1. Compreende a Asa Norte, Noroeste, incluindo os setores SAAN, SOFN, SMU e Água Mineral, assim como a faixa de domínio da DF 003/EPIA Norte do Viaduto da Rodoferroviária até o Viaduto do Torto, toda área Norte a partir da Via N1. | K25: ='SUBSTITUICAO TOTAL COM'!K67 -> DMT URE (155619689) | M25: ='SUBSTITUICAO TOTAL COM'!M67 -> 19.1 | N25: =N15 -> Área canteiros | O25: ='SUBSTITUICAO TOTAL COM'!O67 -> 20577.12
A26: 1.00 | B26: =B16 -> ADMINISTRAÇÃO LOCAL CANTEIROS ORNAMENTAIS
A27: Item | B27: Código | C27: Origem | D27: Descrição | E27: =E17 -> Unid. | F27: Frequência anual | G27: Espessura (m) | H27: DMT | I27: Coeficiente | J27: Quant. | K27: Quant. Total | L27: Custo unit. s/ BDI | M27: Custo unit. c/ BDI | N27: Custo Total s/ BDI | O27: Custo Total c/ BDI
A29: =A19 -> 1.01 | B29: =B19 -> Administração local
B30: =B20 -> 7119788M | C30: =C20 -> SICRO | D30: =D20 -> Administração local | E30: =E20 -> mês | F30: =F20 -> - | G30: =G20 -> - | H30: =H20 -> - | I30: =I20 -> - | J30: 12 | K30: =TRUNC((J30),4) -> 12 | L30: =L20 -> 34806.77 | M30: =TRUNC(L30*(1+$O$6),4) -> 45798.748 | N30: =TRUNC((K30*L30),4) -> 417681.24 | O30: =TRUNC((K30*M30),4) -> 549584.97
M32: =M22 -> Total Geral | N32: =TRUNC((SUM(N30:N30)),2) -> 417681.24 | O32: =TRUNC((SUM(O30:O30)),2) -> 549584.97
A34: LOTE 03 | K34: ='SUBSTITUICAO TOTAL COM'!K118 -> DMT Viveiro I (155619844) | M34: ='SUBSTITUICAO TOTAL COM'!M118 -> 24.3 | N34: ='SUBSTITUICAO TOTAL COM'!N118 -> DMT Viveiro II (155619844) | O34: ='SUBSTITUICAO TOTAL COM'!O118 -> 26.4
A35: Locais: | B35: São Sebastiao (SAO), Lago Sul (LS) e Jardim Botânico (JB). Compreende todo o complexo Penitenciário, incluindo a faixa de domínio da DF 001/ BR-025 da EPDB até o viaduto da linha férrea, próximo ao Córrego da Onça, DF 463, DF 473, DF 465, DF 140. | K35: ='SUBSTITUICAO TOTAL COM'!K119 -> DMT URE (155619844) | M35: ='SUBSTITUICAO TOTAL COM'!M119 -> 34.7 | N35: Área canteiros | O35: ='SUBSTITUICAO TOTAL COM'!O119 -> 20552.1
A36: 1.00 | B36: =B26 -> ADMINISTRAÇÃO LOCAL CANTEIROS ORNAMENTAIS
A37: Item | B37: Código | C37: Origem | D37: Descrição | F37: Frequência anual | G37: Espessura (m) | H37: DMT | I37: Coeficiente | J37: Quant. | K37: Quant. Total | L37: Custo unit. s/ BDI | M37: Custo unit. c/ BDI | N37: Custo Total s/ BDI | O37: Custo Total c/ BDI
A39: =A29 -> 1.01 | B39: =B29 -> Administração local
B40: =B30 -> 7119788M | C40: =C30 -> SICRO | D40: =D30 -> Administração local | E40: =E30 -> mês | F40: =F30 -> - | G40: =G30 -> - | H40: =H30 -> - | I40: =I30 -> - | J40: 12 | K40: =TRUNC((J40),4) -> 12 | L40: =L30 -> 34806.77 | M40: =TRUNC(L40*(1+$O$6),4) -> 45798.748 | N40: =TRUNC((K40*L40),4) -> 417681.24 | O40: =TRUNC((K40*M40),4) -> 549584.97
M42: =M32 -> Total Geral | N42: =TRUNC((SUM(N40:N40)),2) -> 417681.24 | O42: =TRUNC((SUM(O40:O40)),2) -> 549584.97
A44: LOTE 04 | K44: ='SUBSTITUICAO TOTAL COM'!K170 -> DMT Viveiro I (155620119) | M44: ='SUBSTITUICAO TOTAL COM'!M170 -> 30 | N44: ='SUBSTITUICAO TOTAL COM'!N170 -> DMT Viveiro II (155620119) | O44: ='SUBSTITUICAO TOTAL COM'!O170 -> 15.9
A45: Locais: | B45: =B35 -> São Sebastiao (SAO), Lago Sul (LS) e Jardim Botânico (JB). Compreende todo o complexo Penitenciário, incluindo a faixa de domínio da DF 001/ BR-025 da EPDB até o viaduto da linha férrea, próximo ao Córrego da Onça, DF 463, DF 473, DF 465, DF 140. | K45: ='SUBSTITUICAO TOTAL COM'!K171 -> DMT URE (155620119) | M45: ='SUBSTITUICAO TOTAL COM'!M171 -> 29.8 | N45: Área canteiros | O45: ='SUBSTITUICAO TOTAL COM'!O171 -> 13969.91
A46: 1.00 | B46: =B36 -> ADMINISTRAÇÃO LOCAL CANTEIROS ORNAMENTAIS
A47: Item | B47: Código | C47: Origem | D47: Descrição | F47: Frequência anual | G47: Espessura (m) | H47: DMT | I47: Coeficiente | J47: Quant. | K47: Quant. Total | L47: Custo unit. s/ BDI | M47: Custo unit. c/ BDI | N47: Custo Total s/ BDI | O47: Custo Total c/ BDI
A49: =A39 -> 1.01 | B49: =B39 -> Administração local
